Workbook
Name AnB: Balanța!$C$5
Name CifraAf: 'Cont de profit și pierdere'!$D$6
Name Entitate: Balanța!$C$4
Name MapC: Corespondențe!$E$5:$E$245
Name MapCont: Corespondențe!$B$5:$B$245
Name MapD: Corespondențe!$D$5:$D$245
Name ProfitNet: 'Cont de profit și pierdere'!$D$30
Name ProfitNet0: 'Cont de profit și pierdere'!$C$30
Name RandCheie: Corespondențe!$G$5:$G$52
Name RandTip: Corespondențe!$I$5:$I$52

Sheet Bilanț
B1: Bilanț
B2: Format conform pct. 132 din OMFP nr. 1.802/2014, calculat din balanța de verificare (sume în lei).
B3: ="Entitatea: "&Entitate&" – la 31 decembrie "&AnB -> Entitatea: Exemplu Distribuție SRL – la 31 decembrie 2026
B5: Element de bilanț | C5: ="Sold la 31.12."&(AnB-1) -> Sold la 31.12.2025 | D5: ="Sold la 31.12."&AnB -> Sold la 31.12.2026
B6: I. Imobilizări necorporale | C6: =SUMIFS(Balanța!$K$9:$K$308,Balanța!$J$9:$J$308,"A.I") -> 6000 | D6: =SUMIFS(Balanța!$I$9:$I$308,Balanța!$H$9:$H$308,"A.I") -> 3000
B7: II. Imobilizări corporale | C7: =SUMIFS(Balanța!$K$9:$K$308,Balanța!$J$9:$J$308,"A.II") -> 126500 | D7: =SUMIFS(Balanța!$I$9:$I$308,Balanța!$H$9:$H$308,"A.II") -> 103000
B8: III. Imobilizări financiare | C8: =SUMIFS(Balanța!$K$9:$K$308,Balanța!$J$9:$J$308,"A.III") -> 0 | D8: =SUMIFS(Balanța!$I$9:$I$308,Balanța!$H$9:$H$308,"A.III") -> 0
B9: A. ACTIVE IMOBILIZATE – TOTAL | C9: =SUM(C6:C8) -> 132500 | D9: =SUM(D6:D8) -> 106000
B10: I. Stocuri | C10: =SUM(C11:C14) -> 43800 | D10: =SUM(D11:D14) -> 53500
B11: 1. Materii prime și materiale consumabile | C11: =SUMIFS(Balanța!$K$9:$K$308,Balanța!$J$9:$J$308,"B.I.1") -> 2800 | D11: =SUMIFS(Balanța!$I$9:$I$308,Balanța!$H$9:$H$308,"B.I.1") -> 3500
B12: 2. Producția în curs de execuție | C12: =SUMIFS(Balanța!$K$9:$K$308,Balanța!$J$9:$J$308,"B.I.2") -> 0 | D12: =SUMIFS(Balanța!$I$9:$I$308,Balanța!$H$9:$H$308,"B.I.2") -> 0
B13: 3. Produse finite și mărfuri | C13: =SUMIFS(Balanța!$K$9:$K$308,Balanța!$J$9:$J$308,"B.I.3") -> 41000 | D13: =SUMIFS(Balanța!$I$9:$I$308,Balanța!$H$9:$H$308,"B.I.3") -> 48000
B14: 4. Avansuri | C14: =SUMIFS(Balanța!$K$9:$K$308,Balanța!$J$9:$J$308,"B.I.4") -> 0 | D14: =SUMIFS(Balanța!$I$9:$I$308,Balanța!$H$9:$H$308,"B.I.4") -> 2000
B15: II. Creanțe | C15: =SUM(C16:C20) -> 81900 | D15: =SUM(D16:D20) -> 101200
B16: 1. Creanțe comerciale | C16: =SUMIFS(Balanța!$K$9:$K$308,Balanța!$J$9:$J$308,"B.II.1") -> 81000 | D16: =SUMIFS(Balanța!$I$9:$I$308,Balanța!$H$9:$H$308,"B.II.1") -> 100000
B17: 2. Sume de încasat de la entitățile afiliate | C17: =SUMIFS(Balanța!$K$9:$K$308,Balanța!$J$9:$J$308,"B.II.2") -> 0 | D17: =SUMIFS(Balanța!$I$9:$I$308,Balanța!$H$9:$H$308,"B.II.2") -> 0
B18: 3. Sume de încasat de la entitățile asociate | C18: =SUMIFS(Balanța!$K$9:$K$308,Balanța!$J$9:$J$308,"B.II.3") -> 0 | D18: =SUMIFS(Balanța!$I$9:$I$308,Balanța!$H$9:$H$308,"B.II.3") -> 0
B19: 4. Alte creanțe | C19: =SUMIFS(Balanța!$K$9:$K$308,Balanța!$J$9:$J$308,"B.II.4") -> 900 | D19: =SUMIFS(Balanța!$I$9:$I$308,Balanța!$H$9:$H$308,"B.II.4") -> 1200
B20: 5. Capital subscris și nevărsat | C20: =SUMIFS(Balanța!$K$9:$K$308,Balanța!$J$9:$J$308,"B.II.5") -> 0 | D20: =SUMIFS(Balanța!$I$9:$I$308,Balanța!$H$9:$H$308,"B.II.5") -> 0
B21: III. Investiții pe termen scurt | C21: =SUMIFS(Balanța!$K$9:$K$308,Balanța!$J$9:$J$308,"B.III") -> 0 | D21: =SUMIFS(Balanța!$I$9:$I$308,Balanța!$H$9:$H$308,"B.III") -> 0
B22: IV. Casa și conturi la bănci | C22: =SUMIFS(Balanța!$K$9:$K$308,Balanța!$J$9:$J$308,"B.IV") -> 10300 | D22: =SUMIFS(Balanța!$I$9:$I$308,Balanța!$H$9:$H$308,"B.IV") -> 42800
B23: B. ACTIVE CIRCULANTE – TOTAL | C23: =C10+C15+C21+C22 -> 136000 | D23: =D10+D15+D21+D22 -> 197500
B24: C. CHELTUIELI ÎN AVANS | C24: =SUMIFS(Balanța!$K$9:$K$308,Balanța!$J$9:$J$308,"C") -> 3200 | D24: =SUMIFS(Balanța!$I$9:$I$308,Balanța!$H$9:$H$308,"C") -> 3600
B25: 2. Sume datorate instituțiilor de credit | C25: =SUMIFS(Balanța!$K$9:$K$308,Balanța!$J$9:$J$308,"D.2") -> 0 | D25: =SUMIFS(Balanța!$I$9:$I$308,Balanța!$H$9:$H$308,"D.2") -> 15000
B26: 3. Avansuri încasate în contul comenzilor | C26: =SUMIFS(Balanța!$K$9:$K$308,Balanța!$J$9:$J$308,"D.3") -> 3000 | D26: =SUMIFS(Balanța!$I$9:$I$308,Balanța!$H$9:$H$308,"D.3") -> 5000
B27: 4. Datorii comerciale – furnizori | C27: =SUMIFS(Balanța!$K$9:$K$308,Balanța!$J$9:$J$308,"D.4") -> 52500 | D27: =SUMIFS(Balanța!$I$9:$I$308,Balanța!$H$9:$H$308,"D.4") -> 60400
B28: 5. Efecte de comerț de plătit | C28: =SUMIFS(Balanța!$K$9:$K$308,Balanța!$J$9:$J$308,"D.5") -> 0 | D28: =SUMIFS(Balanța!$I$9:$I$308,Balanța!$H$9:$H$308,"D.5") -> 0
B29: 6. Sume datorate entităților afiliate | C29: =SUMIFS(Balanța!$K$9:$K$308,Balanța!$J$9:$J$308,"D.6") -> 0 | D29: =SUMIFS(Balanța!$I$9:$I$308,Balanța!$H$9:$H$308,"D.6") -> 0
B30: 7. Sume datorate entităților asociate | C30: =SUMIFS(Balanța!$K$9:$K$308,Balanța!$J$9:$J$308,"D.7") -> 0 | D30: =SUMIFS(Balanța!$I$9:$I$308,Balanța!$H$9:$H$308,"D.7") -> 0
B31: 8. Alte datorii, inclusiv datoriile fiscale și datoriile privind asigurările sociale | C31: =SUMIFS(Balanța!$K$9:$K$308,Balanța!$J$9:$J$308,"D.8") -> 63600 | D31: =SUMIFS(Balanța!$I$9:$I$308,Balanța!$H$9:$H$308,"D.8") -> 70100
B32: D. DATORII CARE TREBUIE PLĂTITE ÎNTR-O PERIOADĂ DE PÂNĂ LA UN AN – TOTAL | C32: =SUM(C25:C31) -> 119100 | D32: =SUM(D25:D31) -> 150500
B33: I. VENITURI ÎN AVANS | C33: =SUMIFS(Balanța!$K$9:$K$308,Balanța!$J$9:$J$308,"I") -> 0 | D33: =SUMIFS(Balanța!$I$9:$I$308,Balanța!$H$9:$H$308,"I") -> 0
B34: E. ACTIVE CIRCULANTE NETE / DATORII CURENTE NETE (B + C − D − I) | C34: =C23+C24-C32-C33 -> 20100 | D34: =D23+D24-D32-D33 -> 50600
B35: F. TOTAL ACTIVE MINUS DATORII CURENTE (A + E) | C35: =C9+C34 -> 152600 | D35: =D9+D34 -> 156600
B36: G. DATORII CARE TREBUIE PLĂTITE ÎNTR-O PERIOADĂ MAI MARE DE UN AN | C36: =SUMIFS(Balanța!$K$9:$K$308,Balanța!$J$9:$J$308,"G") -> 85000 | D36: =SUMIFS(Balanța!$I$9:$I$308,Balanța!$H$9:$H$308,"G") -> 40000
B37: H. PROVIZIOANE | C37: =SUMIFS(Balanța!$K$9:$K$308,Balanța!$J$9:$J$308,"H") -> 0 | D37: =SUMIFS(Balanța!$I$9:$I$308,Balanța!$H$9:$H$308,"H") -> 0
B38: I. Capital subscris | C38: =SUMIFS(Balanța!$K$9:$K$308,Balanța!$J$9:$J$308,"J.I") -> 10000 | D38: =SUMIFS(Balanța!$I$9:$I$308,Balanța!$H$9:$H$308,"J.I") -> 10000
B39: II. Prime de capital | C39: =SUMIFS(Balanța!$K$9:$K$308,Balanța!$J$9:$J$308,"J.II") -> 0 | D39: =SUMIFS(Balanța!$I$9:$I$308,Balanța!$H$9:$H$308,"J.II") -> 0
B40: III. Rezerve din reevaluare | C40: =SUMIFS(Balanța!$K$9:$K$308,Balanța!$J$9:$J$308,"J.III") -> 0 | D40: =SUMIFS(Balanța!$I$9:$I$308,Balanța!$H$9:$H$308,"J.III") -> 0
B41: IV. Rezerve | C41: =SUMIFS(Balanța!$K$9:$K$308,Balanța!$J$9:$J$308,"J.IV") -> 2000 | D41: =SUMIFS(Balanța!$I$9:$I$308,Balanța!$H$9:$H$308,"J.IV") -> 2000
B42: V. Profitul sau pierderea reportat(ă) | C42: =SUMIFS(Balanța!$K$9:$K$308,Balanța!$J$9:$J$308,"J.V") -> 21000 | D42: =SUMIFS(Balanța!$I$9:$I$308,Balanța!$H$9:$H$308,"J.V") -> 55600
B43: VI. Profitul sau pierderea exercițiului financiar | C43: =SUMIFS(Balanța!$K$9:$K$308,Balanța!$J$9:$J$308,"J.VI")+ProfitNet0 -> 34600 | D43: =SUMIFS(Balanța!$I$9:$I$308,Balanța!$H$9:$H$308,"J.VI")+ProfitNet -> 49000
B44: Repartizarea profitului | C44: =SUMIFS(Balanța!$K$9:$K$308,Balanța!$J$9:$J$308,"J.VII") -> 0 | D44: =SUMIFS(Balanța!$I$9:$I$308,Balanța!$H$9:$H$308,"J.VII") -> 0
B45: J. CAPITALURI PROPRII – TOTAL | C45: =SUM(C38:C44) -> 67600 | D45: =SUM(D38:D44) -> 116600
B47: Control: F − G − H = J (capitaluri proprii) | C47: =IF(ABS(C35-C36-C37-C45)<0.5,"✔ Corect","⚠ Diferență "&FIXED(C35-C36-C37-C45,2)) -> ✔ Corect | D47: =IF(ABS(D35-D36-D37-D45)<0.5,"✔ Corect","⚠ Diferență "&FIXED(D35-D36-D37-D45,2)) -> ✔ Corect
B49: Format simplificat după pct. 132 din OMFP nr. 1.802/2014 (veniturile în avans sunt considerate în întregime pe termen scurt). Pentru depunere, folosește formularul F10 al anului, cu numerotarea rândurilor din programul ANAF, și verifică încadrarea cu contabilul.

Sheet Cont de profit și pierdere
B1: Contul de profit și pierdere
B2: Format conform pct. 428 din OMFP nr. 1.802/2014, calculat din balanță (sume în lei).
B3: =Entitate&" – exercițiul financiar "&AnB -> Exemplu Distribuție SRL – exercițiul financiar 2026
B5: Denumirea indicatorului | C5: ="Exercițiul "&(AnB-1) -> Exercițiul 2025 | D5: ="Exercițiul "&AnB -> Exercițiul 2026 | E5: Variație
B6: 1. Cifra de afaceri netă | C6: =SUMIFS(Balanța!$K$9:$K$308,Balanța!$J$9:$J$308,"P1") -> 818500 | D6: =SUMIFS(Balanța!$I$9:$I$308,Balanța!$H$9:$H$308,"P1") -> 910000 | E6: =IF(N(C6)=0,"–",D6/C6-1) -> 0.11178986
B7: 2. Variația stocurilor de produse finite și a producției în curs de execuție | C7: =SUMIFS(Balanța!$K$9:$K$308,Balanța!$J$9:$J$308,"P2") -> 0 | D7: =SUMIFS(Balanța!$I$9:$I$308,Balanța!$H$9:$H$308,"P2") -> 0 | E7: =IF(N(C7)=0,"–",D7/C7-1) -> –
B8: 3. Producția realizată de entitate pentru scopurile sale proprii și capitalizată | C8: =SUMIFS(Balanța!$K$9:$K$308,Balanța!$J$9:$J$308,"P3") -> 0 | D8: =SUMIFS(Balanța!$I$9:$I$308,Balanța!$H$9:$H$308,"P3") -> 0 | E8: =IF(N(C8)=0,"–",D8/C8-1) -> –
B9: 4. Alte venituri din exploatare | C9: =SUMIFS(Balanța!$K$9:$K$308,Balanța!$J$9:$J$308,"P4") -> 900 | D9: =SUMIFS(Balanța!$I$9:$I$308,Balanța!$H$9:$H$308,"P4") -> 1500 | E9: =IF(N(C9)=0,"–",D9/C9-1) -> 0.66666667
B10: VENITURI DIN EXPLOATARE – TOTAL | C10: =SUM(C6:C9) -> 819400 | D10: =SUM(D6:D9) -> 911500 | E10: =IF(N(C10)=0,"–",D10/C10-1) -> 0.11239932
B11: 5. a) Cheltuieli cu materiile prime, materialele consumabile și mărfurile | C11: =SUMIFS(Balanța!$K$9:$K$308,Balanța!$J$9:$J$308,"P5a") -> 523000 | D11: =SUMIFS(Balanța!$I$9:$I$308,Balanța!$H$9:$H$308,"P5a") -> 572400 | E11: =IF(N(C11)=0,"–",D11/C11-1) -> 0.094455067
B12: 5. b) Alte cheltuieli externe (energie, apă, servicii) | C12: =SUMIFS(Balanța!$K$9:$K$308,Balanța!$J$9:$J$308,"P5b") -> 90500 | D12: =SUMIFS(Balanța!$I$9:$I$308,Balanța!$H$9:$H$308,"P5b") -> 97000 | E12: =IF(N(C12)=0,"–",D12/C12-1) -> 0.071823204
B13: 6. Cheltuieli cu personalul | C13: =SUMIFS(Balanța!$K$9:$K$308,Balanța!$J$9:$J$308,"P6") -> 130900 | D13: =SUMIFS(Balanța!$I$9:$I$308,Balanța!$H$9:$H$308,"P6") -> 145200 | E13: =IF(N(C13)=0,"–",D13/C13-1) -> 0.1092437
B14: 7. a) Ajustări de valoare privind imobilizările corporale și necorporale | C14: =SUMIFS(Balanța!$K$9:$K$308,Balanța!$J$9:$J$308,"P7a") -> 23500 | D14: =SUMIFS(Balanța!$I$9:$I$308,Balanța!$H$9:$H$308,"P7a") -> 26500 | E14: =IF(N(C14)=0,"–",D14/C14-1) -> 0.12765957
B15: 8. Alte cheltuieli de exploatare | C15: =SUMIFS(Balanța!$K$9:$K$308,Balanța!$J$9:$J$308,"P8") -> 3600 | D15: =SUMIFS(Balanța!$I$9:$I$308,Balanța!$H$9:$H$308,"P8") -> 8000 | E15: =IF(N(C15)=0,"–",D15/C15-1) -> 1.2222222
B16: CHELTUIELI DE EXPLOATARE – TOTAL | C16: =SUM(C11:C15) -> 771500 | D16: =SUM(D11:D15) -> 849100 | E16: =IF(N(C16)=0,"–",D16/C16-1) -> 0.10058328
B17: REZULTATUL DIN EXPLOATARE (profit / pierdere) | C17: =C10-C16 -> 47900 | D17: =D10-D16 -> 62400 | E17: =IF(N(C17)=0,"–",D17/C17-1) -> 0.30271399
B18: 9. Venituri din interese de participare | C18: =SUMIFS(Balanța!$K$9:$K$308,Balanța!$J$9:$J$308,"P9") -> 0 | D18: =SUMIFS(Balanța!$I$9:$I$308,Balanța!$H$9:$H$308,"P9") -> 0 | E18: =IF(N(C18)=0,"–",D18/C18-1) -> –
B19: 10. Venituri din alte investiții și împrumuturi imobilizate | C19: =SUMIFS(Balanța!$K$9:$K$308,Balanța!$J$9:$J$308,"P10") -> 0 | D19: =SUMIFS(Balanța!$I$9:$I$308,Balanța!$H$9:$H$308,"P10") -> 0 | E19: =IF(N(C19)=0,"–",D19/C19-1) -> –
B20: 11. Alte dobânzi de încasat și venituri similare | C20: =SUMIFS(Balanța!$K$9:$K$308,Balanța!$J$9:$J$308,"P11") -> 200 | D20: =SUMIFS(Balanța!$I$9:$I$308,Balanța!$H$9:$H$308,"P11") -> 300 | E20: =IF(N(C20)=0,"–",D20/C20-1) -> 0.5
B21: VENITURI FINANCIARE – TOTAL | C21: =SUM(C18:C20) -> 200 | D21: =SUM(D18:D20) -> 300 | E21: =IF(N(C21)=0,"–",D21/C21-1) -> 0.5
B22: 12. Ajustări de valoare privind imobilizările financiare și investițiile pe termen scurt | C22: =SUMIFS(Balanța!$K$9:$K$308,Balanța!$J$9:$J$308,"P12") -> 0 | D22: =SUMIFS(Balanța!$I$9:$I$308,Balanța!$H$9:$H$308,"P12") -> 0 | E22: =IF(N(C22)=0,"–",D22/C22-1) -> –
B23: 13. Dobânzi de plătit și cheltuieli similare | C23: =SUMIFS(Balanța!$K$9:$K$308,Balanța!$J$9:$J$308,"P13") -> 5300 | D23: =SUMIFS(Balanța!$I$9:$I$308,Balanța!$H$9:$H$308,"P13") -> 4100 | E23: =IF(N(C23)=0,"–",D23/C23-1) -> -0.22641509
B24: CHELTUIELI FINANCIARE – TOTAL | C24: =SUM(C22:C23) -> 5300 | D24: =SUM(D22:D23) -> 4100 | E24: =IF(N(C24)=0,"–",D24/C24-1) -> -0.22641509
B25: REZULTATUL FINANCIAR (profit / pierdere) | C25: =C21-C24 -> -5100 | D25: =D21-D24 -> -3800 | E25: =IF(N(C25)=0,"–",D25/C25-1) -> -0.25490196
B26: REZULTATUL BRUT (profit / pierdere) | C26: =C17+C25 -> 42800 | D26: =D17+D25 -> 58600 | E26: =IF(N(C26)=0,"–",D26/C26-1) -> 0.36915888
B27: 14. Impozitul pe profit | C27: =SUMIFS(Balanța!$K$9:$K$308,Balanța!$J$9:$J$308,"P14") -> 8200 | D27: =SUMIFS(Balanța!$I$9:$I$308,Balanța!$H$9:$H$308,"P14") -> 9600 | E27: =IF(N(C27)=0,"–",D27/C27-1) -> 0.17073171
B28: 15. Profitul sau pierderea după impozitare | C28: =C26-C27 -> 34600 | D28: =D26-D27 -> 49000 | E28: =IF(N(C28)=0,"–",D28/C28-1) -> 0.41618497
B29: 16. Alte impozite (inclusiv impozitul pe veniturile microîntreprinderilor) | C29: =SUMIFS(Balanța!$K$9:$K$308,Balanța!$J$9:$J$308,"P16") -> 0 | D29: =SUMIFS(Balanța!$I$9:$I$308,Balanța!$H$9:$H$308,"P16") -> 0 | E29: =IF(N(C29)=0,"–",D29/C29-1) -> –
B30: 17. PROFITUL SAU PIERDEREA EXERCIȚIULUI FINANCIAR | C30: =C28-C29 -> 34600 | D30: =D28-D29 -> 49000 | E30: =IF(N(C30)=0,"–",D30/C30-1) -> 0.41618497
B32: Format simplificat: rândurile urmează pct. 428 din OMFP nr. 1.802/2014. Pentru depunere, folosește formularul F20 al anului (programul ANAF), cu numerotarea și detalierea lui.

Sheet Indicatori
B1: Indicatori din bilanț
B2: Calculați automat, pentru anul curent și anul precedent. Valorile orientative sunt repere generale: compară-le mai ales cu anii anteriori și cu firmele din același domeniu.
B4: Indicator | C4: Formula | D4: Anul precedent | E4: Anul curent | F4: Reper orientativ | G4: Ce înseamnă
B5: Lichiditate curentă | C5: Active circulante / Datorii curente | D5: =IFERROR(Bilanț!$C$23/Bilanț!$C$32,"–") -> 1.1418976 | E5: =IFERROR(Bilanț!$D$23/Bilanț!$D$32,"–") -> 1.3122924 | F5: peste 1,5–2 | G5: Câți lei din activele circulante acoperă fiecare leu datorat pe termen scurt.
B6: Lichiditate imediată (test acid) | C6: (Active circulante − Stocuri) / Datorii curente | D6: =IFERROR((Bilanț!$C$23-Bilanț!$C$10)/Bilanț!$C$32,"–") -> 0.77413938 | E6: =IFERROR((Bilanț!$D$23-Bilanț!$D$10)/Bilanț!$D$32,"–") -> 0.95681063 | F6: în jur de 1 | G6: Dacă poți plăti datoriile curente fără să vinzi stocurile.
B7: Grad de îndatorare | C7: (Datorii curente + Datorii pe termen lung) / Capitaluri proprii | D7: =IFERROR((Bilanț!$C$32+Bilanț!$C$36)/Bilanț!$C$45,"–") -> 3.0192308 | E7: =IFERROR((Bilanț!$D$32+Bilanț!$D$36)/Bilanț!$D$45,"–") -> 1.6337907 | F7: sub 1–2 | G7: Cât de mult se sprijină firma pe bani împrumutați față de banii proprii.
B8: Rentabilitate netă | C8: Profit net / Cifra de afaceri | D8: =IFERROR('Cont de profit și pierdere'!$C$30/'Cont de profit și pierdere'!$C$6,"–") -> 0.04227245 | E8: =IFERROR('Cont de profit și pierdere'!$D$30/'Cont de profit și pierdere'!$D$6,"–") -> 0.053846154 | F8: pozitivă, cât mai mare | G8: Cât profit rămâne din fiecare 100 de lei vânduți.
B9: Rentabilitatea capitalurilor proprii | C9: Profit net / Capitaluri proprii | D9: =IFERROR('Cont de profit și pierdere'!$C$30/Bilanț!$C$45,"–") -> 0.51183432 | E9: =IFERROR('Cont de profit și pierdere'!$D$30/Bilanț!$D$45,"–") -> 0.42024014 | F9: pozitivă | G9: Randamentul banilor lăsați de asociați în firmă.
B10: Durata de încasare a clienților (zile) | C10: Creanțe comerciale / Cifra de afaceri × 365 | D10: =IFERROR(ROUND(Bilanț!$C$16/'Cont de profit și pierdere'!$C$6*365,0),"–") -> 36 | E10: =IFERROR(ROUND(Bilanț!$D$16/'Cont de profit și pierdere'!$D$6*365,0),"–") -> 40 | F10: cât mai mică | G10: În câte zile încasezi, în medie, facturile (soldul clienților include TVA, deci valoarea e ușor mai mare).
B11: Durata de plată a furnizorilor (zile) | C11: Datorii comerciale / Cheltuieli cu mărfuri, materiale și servicii × 365 | D11: =IFERROR(ROUND(Bilanț!$C$27/('Cont de profit și pierdere'!$C$11+'Cont de profit și pierdere'!$C$12)*365,0),"–") -> 31 | E11: =IFERROR(ROUND(Bilanț!$D$27/('Cont de profit și pierdere'!$D$11+'Cont de profit și pierdere'!$D$12)*365,0),"–") -> 33 | F11: comparabilă cu încasarea | G11: În câte zile plătești furnizorii. Dacă e mult mai mică decât durata de încasare, finanțezi clienții din banii tăi.
B12: Durata de rotație a stocurilor (zile) | C12: Stocuri / Cheltuieli cu mărfuri și materiale × 365 | D12: =IFERROR(ROUND(Bilanț!$C$10/'Cont de profit și pierdere'!$C$11*365,0),"–") -> 31 | E12: =IFERROR(ROUND(Bilanț!$D$10/'Cont de profit și pierdere'!$D$11*365,0),"–") -> 34 | F12: cât mai mică | G12: Câte zile stă marfa în depozit până se vinde.
B13: Capital de lucru (lei) | C13: Active circulante nete (rândul E) | D13: =Bilanț!$C$34 -> 20100 | E13: =Bilanț!$D$34 -> 50600 | F13: pozitiv | G13: Rezerva de bani pe termen scurt după plata datoriilor curente.

Sheet Verificări
B1: Verificări înainte de bilanț
B2: Controalele automate se calculează din balanță. Pentru celelalte, trece suma din documentul de control (extras, inventar, confirmare de sold) și starea verificării.
B4: CONTROALE AUTOMATE
B5: Control | C5: Rezultat
B6: Balanța este echilibrată | C6: =Balanța!H6 -> ✔ Balanța e echilibrată
B7: Bilanțul se închide (F − G − H = J) | C7: =Bilanț!D47 -> ✔ Corect
B8: Conturi fără corespondență în bilanț | C8: =IF(SUMPRODUCT((Balanța!H9:H308="?")+(Balanța!J9:J308="?"))=0,"✔ Toate conturile au rând","⚠ Conturi fără rând: "&SUMPRODUCT((Balanța!H9:H308="?")+(Balanța!J9:J308="?"))&" (vezi Balanța)") -> ✔ Toate conturile au rând
B9: Alerte în balanță (casa, stocuri, 542, 473, clienți incerți) | C9: =IF(COUNTIF(Balanța!L9:L308,"?*")=0,"✔ Fără alerte","⚠ Conturi de verificat: "&COUNTIF(Balanța!L9:L308,"?*")&" (coloana Alertă din Balanța)") -> ⚠ Conturi de verificat: 1 (coloana Alertă din Balanța)
B10: Capitaluri proprii | C10: =IF(Bilanț!D45>0,"✔ Pozitive: "&FIXED(Bilanț!D45,0)&" lei","⚠ Negative: "&FIXED(Bilanț!D45,0)&" lei – discută cu contabilul măsurile necesare") -> ✔ Pozitive: 116.600 lei
B11: Profitul exercițiului | C11: =IF(ProfitNet>=0,"Profit net: "&FIXED(ProfitNet,0)&" lei","Pierdere: "&FIXED(ProfitNet,0)&" lei")&" (anul precedent: "&FIXED(ProfitNet0,0)&")" -> Profit net: 49.000 lei (anul precedent: 34.600)
B13: CONCILIERI ȘI VERIFICĂRI DE ÎNCHIDERE
B14: Verificare | C14: Sold în balanță | D14: Sumă din documentul de control | E14: Diferență | F14: Stare | G14: Observații
B15: Bancă (5121) – extrasul de cont la 31 decembrie | C15: =(SUMIFS(Balanța!$D$9:$D$308,Balanța!$B$9:$B$308,"512*")-SUMIFS(Balanța!$E$9:$E$308,Balanța!$B$9:$B$308,"512*")) -> 40050 | D15: 40050 | E15: =IF(OR(C15="",D15=""),"",ROUND(D15-C15,2)) -> 0 | F15: Făcut | G15: Extras din 31.12, fără sume în tranzit.
B16: Casa (5311) – numerarul numărat la 31 decembrie | C16: =(SUMIFS(Balanța!$D$9:$D$308,Balanța!$B$9:$B$308,"531*")-SUMIFS(Balanța!$E$9:$E$308,Balanța!$B$9:$B$308,"531*")) -> 2150 | D16: 2150 | E16: =IF(OR(C16="",D16=""),"",ROUND(D16-C16,2)) -> 0 | F16: Făcut | G16: Proces-verbal de inventariere a casei.
B17: Mărfuri (371) – inventarul faptic | C17: =(SUMIFS(Balanța!$D$9:$D$308,Balanța!$B$9:$B$308,"371*")-SUMIFS(Balanța!$E$9:$E$308,Balanța!$B$9:$B$308,"371*")) -> 48000 | D17: 47600 | E17: =IF(OR(C17="",D17=""),"",ROUND(D17-C17,2)) -> -400 | F17: De făcut | G17: Lipsă la inventar: 400 lei. Se înregistrează înainte de bilanț.
B18: Clienți (411) – confirmări de sold | C18: =(SUMIFS(Balanța!$D$9:$D$308,Balanța!$B$9:$B$308,"411*")-SUMIFS(Balanța!$E$9:$E$308,Balanța!$B$9:$B$308,"411*")) -> 104000 | D18: 104000 | E18: =IF(OR(C18="",D18=""),"",ROUND(D18-C18,2)) -> 0 | F18: Făcut | G18: Confirmări de la principalii clienți.
B19: Furnizori (401) – confirmări de sold | C19: =-(SUMIFS(Balanța!$D$9:$D$308,Balanța!$B$9:$B$308,"401*")-SUMIFS(Balanța!$E$9:$E$308,Balanța!$B$9:$B$308,"401*")) -> 58000 | D19: 57400 | E19: =IF(OR(C19="",D19=""),"",ROUND(D19-C19,2)) -> -600 | F19: De făcut | G19: Diferență de 600 lei la un furnizor: factură neînregistrată?
B20: Credite bancare (162 + 519) – scrisoarea băncii | C20: =-(SUMIFS(Balanța!$D$9:$D$308,Balanța!$B$9:$B$308,"162*")-SUMIFS(Balanța!$E$9:$E$308,Balanța!$B$9:$B$308,"162*")+SUMIFS(Balanța!$D$9:$D$308,Balanța!$B$9:$B$308,"519*")-SUMIFS(Balanța!$E$9:$E$308,Balanța!$B$9:$B$308,"519*")) -> 55000 | D20: 55000 | E20: =IF(OR(C20="",D20=""),"",ROUND(D20-C20,2)) -> 0 | F20: Făcut | G20: Partea din creditul pe termen lung scadentă în 12 luni se poate reclasifica la datorii curente.
B21: TVA (4423 / 4424) – decontul de TVA din decembrie | C21: =-(SUMIFS(Balanța!$D$9:$D$308,Balanța!$B$9:$B$308,"4423*")-SUMIFS(Balanța!$E$9:$E$308,Balanța!$B$9:$B$308,"4423*")) -> 11500 | D21: 11500 | E21: =IF(OR(C21="",D21=""),"",ROUND(D21-C21,2)) -> 0 | F21: Făcut
B22: Contribuții și impozit salarii (431, 436, 444) – D112 din decembrie | C22: =-(SUMIFS(Balanța!$D$9:$D$308,Balanța!$B$9:$B$308,"431*")-SUMIFS(Balanța!$E$9:$E$308,Balanța!$B$9:$B$308,"431*")+SUMIFS(Balanța!$D$9:$D$308,Balanța!$B$9:$B$308,"436*")-SUMIFS(Balanța!$E$9:$E$308,Balanța!$B$9:$B$308,"436*")+SUMIFS(Balanța!$D$9:$D$308,Balanța!$B$9:$B$308,"444*")-SUMIFS(Balanța!$E$9:$E$308,Balanța!$B$9:$B$308,"444*")) -> 13900 | D22: 13900 | E22: =IF(OR(C22="",D22=""),"",ROUND(D22-C22,2)) -> 0 | F22: Făcut
B23: Mijloace fixe – inventarul și amortizarea pe an | E23: =IF(OR(C23="",D23=""),"",ROUND(D23-C23,2)) | F23: Făcut | G23: Amortizarea calculată pentru toate lunile.
B24: Solduri vechi de peste 12 luni (clienți, furnizori, debitori) | E24: =IF(OR(C24="",D24=""),"",ROUND(D24-C24,2)) | F24: De făcut | G24: Clienți incerți de 8.000 lei: ajustare constituită, de analizat recuperarea.
B25: Facturi nesosite (408) și facturi de întocmit (418) | E25: =IF(OR(C25="",D25=""),"",ROUND(D25-C25,2)) | F25: Făcut
B26: Cheltuieli și venituri în avans (471 / 472) | E26: =IF(OR(C26="",D26=""),"",ROUND(D26-C26,2)) | F26: Făcut | G26: Asigurare plătită pe 12 luni, repartizată lunar.
B27: Avansuri de trezorerie (542) decontate | E27: =IF(OR(C27="",D27=""),"",ROUND(D27-C27,2)) | F27: De făcut | G27: Avans de 600 lei nedecontat: deconturile se depun înainte de închiderea anului.
B28: Provizioane (litigii, garanții, concedii neefectuate) | E28: =IF(OR(C28="",D28=""),"",ROUND(D28-C28,2)) | F28: Nu se aplică
B29: Impozitul pe profit / pe venit calculat pe anul întreg | E29: =IF(OR(C29="",D29=""),"",ROUND(D29-C29,2)) | F29: Făcut
B31: ="Progres: "&COUNTIF(F15:F29,"Făcut")&" din "&(COUNTA(B15:B29)-COUNTIF(F15:F29,"Nu se aplică"))&" verificări făcute · "&SUMPRODUCT(--(ISNUMBER(E15:E29)),--(E15:E29<>0))&" diferențe de clarificat" -> Progres: 10 din 14 verificări făcute · 2 diferențe de clarificat

Sheet Balanța
B1: Balanța de verificare la 31 decembrie
B2: Trece soldurile finale din balanța de verificare înainte de închiderea conturilor de venituri și cheltuieli (clasele 6 și 7 cu soldurile cumulate pe an). Pentru anul precedent, soldurile din balanța de anul trecut.
B4: Entitatea: | C4: Exemplu Distribuție SRL
B5: Exercițiul financiar: | C5: 2026
C6: Total: | D6: =SUM(D9:D308) -> 1239900 | E6: =SUM(E9:E308) -> 1239900 | F6: =SUM(F9:F308) -> 1094700 | G6: =SUM(G9:G308) -> 1094700 | H6: =IF(AND(ROUND(D6-E6,2)=0,ROUND(F6-G6,2)=0),"✔ Balanța e echilibrată","⚠ Balanța nu e echilibrată: debit − credit = "&FIXED(D6-E6,2)&" / "&FIXED(F6-G6,2)) -> ✔ Balanța e echilibrată
D7: ="Anul "&AnB -> Anul 2026 | F7: ="Anul "&(AnB-1) -> Anul 2025 | H7: ="Anul "&AnB -> Anul 2026 | J7: ="Anul "&(AnB-1) -> Anul 2025
B8: Cont | C8: Denumirea contului | D8: Sold final debitor | E8: Sold final creditor | F8: Sold final debitor | G8: Sold final creditor | H8: Rând | I8: Valoare pe rând | J8: Rând | K8: Valoare pe rând | L8: Alertă
B9: 1012 | C9: Capital subscris vărsat | E9: 10000 | G9: 10000 | H9: =IF($B9="","",IF(N(D9)+N(E9)=0,"–",IFERROR(IF(N(D9)-N(E9)>=0,INDEX(MapD,MATCH(LEFT($B9,4),MapCont,0)),INDEX(MapC,MATCH(LEFT($B9,4),MapCont,0))),IFERROR(IF(N(D9)-N(E9)>=0,INDEX(MapD,MATCH(LEFT($B9,3),MapCont,0)),INDEX(MapC,MATCH(LEFT($B9,3),MapCont,0))),"?")))) -> J.I | I9: =IF(OR(H9="",H9="–",H9="?"),0,IF(OR(INDEX(RandTip,MATCH(H9,RandCheie,0))="A",INDEX(RandTip,MATCH(H9,RandCheie,0))="C"),1,-1)*(N(D9)-N(E9))) -> 10000 | J9: =IF($B9="","",IF(N(F9)+N(G9)=0,"–",IFERROR(IF(N(F9)-N(G9)>=0,INDEX(MapD,MATCH(LEFT($B9,4),MapCont,0)),INDEX(MapC,MATCH(LEFT($B9,4),MapCont,0))),IFERROR(IF(N(F9)-N(G9)>=0,INDEX(MapD,MATCH(LEFT($B9,3),MapCont,0)),INDEX(MapC,MATCH(LEFT($B9,3),MapCont,0))),"?")))) -> J.I | K9: =IF(OR(J9="",J9="–",J9="?"),0,IF(OR(INDEX(RandTip,MATCH(J9,RandCheie,0))="A",INDEX(RandTip,MATCH(J9,RandCheie,0))="C"),1,-1)*(N(F9)-N(G9))) -> 10000 | L9: =IF($B9="","",TRIM(IF(OR(H9="?",J9="?"),"Cont fără corespondență: adaugă-l în foaia Corespondențe. ","")&IF(COUNTIF($B$9:$B$308,$B9)>1,"Cont trecut de două ori. ","")&IF(AND(N(D9)>0,N(E9)>0),"Sold și debitor, și creditor: trece doar soldul net. ","")&IF(AND(LEFT($B9,3)="531",N(E9)>0),"Casa nu poate avea sold creditor. ","")&IF(AND(LEFT($B9,1)="3",LEFT($B9,2)<>"39",LEFT($B9,3)<>"378",LEFT($B9,3)<>"348",N(E9)>0),"Stoc cu sold creditor: verifică ieșirile. ","")&IF(AND(OR(LEFT($B9,3)="542",LEFT($B9,3)="473",LEFT($B9,3)="581"),N(D9)+N(E9)<>0),"La închiderea anului ar trebui să aibă sold zero. ","")&IF(AND(LEFT($B9,4)="4118",N(D9)>0,SUMPRODUCT((LEFT($B$9:$B$308,3)="491")*1)=0),"Clienți incerți fără ajustare pentru depreciere (491). ","")))
B10: 1061 | C10: Rezerve legale | E10: 2000 | G10: 2000 | H10: =IF($B10="","",IF(N(D10)+N(E10)=0,"–",IFERROR(IF(N(D10)-N(E10)>=0,INDEX(MapD,MATCH(LEFT($B10,4),MapCont,0)),INDEX(MapC,MATCH(LEFT($B10,4),MapCont,0))),IFERROR(IF(N(D10)-N(E10)>=0,INDEX(MapD,MATCH(LEFT($B10,3),MapCont,0)),INDEX(MapC,MATCH(LEFT($B10,3),MapCont,0))),"?")))) -> J.IV | I10: =IF(OR(H10="",H10="–",H10="?"),0,IF(OR(INDEX(RandTip,MATCH(H10,RandCheie,0))="A",INDEX(RandTip,MATCH(H10,RandCheie,0))="C"),1,-1)*(N(D10)-N(E10))) -> 2000 | J10: =IF($B10="","",IF(N(F10)+N(G10)=0,"–",IFERROR(IF(N(F10)-N(G10)>=0,INDEX(MapD,MATCH(LEFT($B10,4),MapCont,0)),INDEX(MapC,MATCH(LEFT($B10,4),MapCont,0))),IFERROR(IF(N(F10)-N(G10)>=0,INDEX(MapD,MATCH(LEFT($B10,3),MapCont,0)),INDEX(MapC,MATCH(LEFT($B10,3),MapCont,0))),"?")))) -> J.IV | K10: =IF(OR(J10="",J10="–",J10="?"),0,IF(OR(INDEX(RandTip,MATCH(J10,RandCheie,0))="A",INDEX(RandTip,MATCH(J10,RandCheie,0))="C"),1,-1)*(N(F10)-N(G10))) -> 2000 | L10: =IF($B10="","",TRIM(IF(OR(H10="?",J10="?"),"Cont fără corespondență: adaugă-l în foaia Corespondențe. ","")&IF(COUNTIF($B$9:$B$308,$B10)>1,"Cont trecut de două ori. ","")&IF(AND(N(D10)>0,N(E10)>0),"Sold și debitor, și creditor: trece doar soldul net. ","")&IF(AND(LEFT($B10,3)="531",N(E10)>0),"Casa nu poate avea sold creditor. ","")&IF(AND(LEFT($B10,1)="3",LEFT($B10,2)<>"39",LEFT($B10,3)<>"378",LEFT($B10,3)<>"348",N(E10)>0),"Stoc cu sold creditor: verifică ieșirile. ","")&IF(AND(OR(LEFT($B10,3)="542",LEFT($B10,3)="473",LEFT($B10,3)="581"),N(D10)+N(E10)<>0),"La închiderea anului ar trebui să aibă sold zero. ","")&IF(AND(LEFT($B10,4)="4118",N(D10)>0,SUMPRODUCT((LEFT($B$9:$B$308,3)="491")*1)=0),"Clienți incerți fără ajustare pentru depreciere (491). ","")))
B11: 117 | C11: Rezultatul reportat | E11: 55600 | G11: 21000 | H11: =IF($B11="","",IF(N(D11)+N(E11)=0,"–",IFERROR(IF(N(D11)-N(E11)>=0,INDEX(MapD,MATCH(LEFT($B11,4),MapCont,0)),INDEX(MapC,MATCH(LEFT($B11,4),MapCont,0))),IFERROR(IF(N(D11)-N(E11)>=0,INDEX(MapD,MATCH(LEFT($B11,3),MapCont,0)),INDEX(MapC,MATCH(LEFT($B11,3),MapCont,0))),"?")))) -> J.V | I11: =IF(OR(H11="",H11="–",H11="?"),0,IF(OR(INDEX(RandTip,MATCH(H11,RandCheie,0))="A",INDEX(RandTip,MATCH(H11,RandCheie,0))="C"),1,-1)*(N(D11)-N(E11))) -> 55600 | J11: =IF($B11="","",IF(N(F11)+N(G11)=0,"–",IFERROR(IF(N(F11)-N(G11)>=0,INDEX(MapD,MATCH(LEFT($B11,4),MapCont,0)),INDEX(MapC,MATCH(LEFT($B11,4),MapCont,0))),IFERROR(IF(N(F11)-N(G11)>=0,INDEX(MapD,MATCH(LEFT($B11,3),MapCont,0)),INDEX(MapC,MATCH(LEFT($B11,3),MapCont,0))),"?")))) -> J.V | K11: =IF(OR(J11="",J11="–",J11="?"),0,IF(OR(INDEX(RandTip,MATCH(J11,RandCheie,0))="A",INDEX(RandTip,MATCH(J11,RandCheie,0))="C"),1,-1)*(N(F11)-N(G11))) -> 21000 | L11: =IF($B11="","",TRIM(IF(OR(H11="?",J11="?"),"Cont fără corespondență: adaugă-l în foaia Corespondențe. ","")&IF(COUNTIF($B$9:$B$308,$B11)>1,"Cont trecut de două ori. ","")&IF(AND(N(D11)>0,N(E11)>0),"Sold și debitor, și creditor: trece doar soldul net. ","")&IF(AND(LEFT($B11,3)="531",N(E11)>0),"Casa nu poate avea sold creditor. ","")&IF(AND(LEFT($B11,1)="3",LEFT($B11,2)<>"39",LEFT($B11,3)<>"378",LEFT($B11,3)<>"348",N(E11)>0),"Stoc cu sold creditor: verifică ieșirile. ","")&IF(AND(OR(LEFT($B11,3)="542",LEFT($B11,3)="473",LEFT($B11,3)="581"),N(D11)+N(E11)<>0),"La închiderea anului ar trebui să aibă sold zero. ","")&IF(AND(LEFT($B11,4)="4118",N(D11)>0,SUMPRODUCT((LEFT($B$9:$B$308,3)="491")*1)=0),"Clienți incerți fără ajustare pentru depreciere (491). ","")))
B12: 1621 | C12: Credite bancare pe termen lung | E12: 40000 | G12: 85000 | H12: =IF($B12="","",IF(N(D12)+N(E12)=0,"–",IFERROR(IF(N(D12)-N(E12)>=0,INDEX(MapD,MATCH(LEFT($B12,4),MapCont,0)),INDEX(MapC,MATCH(LEFT($B12,4),MapCont,0))),IFERROR(IF(N(D12)-N(E12)>=0,INDEX(MapD,MATCH(LEFT($B12,3),MapCont,0)),INDEX(MapC,MATCH(LEFT($B12,3),MapCont,0))),"?")))) -> G | I12: =IF(OR(H12="",H12="–",H12="?"),0,IF(OR(INDEX(RandTip,MATCH(H12,RandCheie,0))="A",INDEX(RandTip,MATCH(H12,RandCheie,0))="C"),1,-1)*(N(D12)-N(E12))) -> 40000 | J12: =IF($B12="","",IF(N(F12)+N(G12)=0,"–",IFERROR(IF(N(F12)-N(G12)>=0,INDEX(MapD,MATCH(LEFT($B12,4),MapCont,0)),INDEX(MapC,MATCH(LEFT($B12,4),MapCont,0))),IFERROR(IF(N(F12)-N(G12)>=0,INDEX(MapD,MATCH(LEFT($B12,3),MapCont,0)),INDEX(MapC,MATCH(LEFT($B12,3),MapCont,0))),"?")))) -> G | K12: =IF(OR(J12="",J12="–",J12="?"),0,IF(OR(INDEX(RandTip,MATCH(J12,RandCheie,0))="A",INDEX(RandTip,MATCH(J12,RandCheie,0))="C"),1,-1)*(N(F12)-N(G12))) -> 85000 | L12: =IF($B12="","",TRIM(IF(OR(H12="?",J12="?"),"Cont fără corespondență: adaugă-l în foaia Corespondențe. ","")&IF(COUNTIF($B$9:$B$308,$B12)>1,"Cont trecut de două ori. ","")&IF(AND(N(D12)>0,N(E12)>0),"Sold și debitor, și creditor: trece doar soldul net. ","")&IF(AND(LEFT($B12,3)="531",N(E12)>0),"Casa nu poate avea sold creditor. ","")&IF(AND(LEFT($B12,1)="3",LEFT($B12,2)<>"39",LEFT($B12,3)<>"378",LEFT($B12,3)<>"348",N(E12)>0),"Stoc cu sold creditor: verifică ieșirile. ","")&IF(AND(OR(LEFT($B12,3)="542",LEFT($B12,3)="473",LEFT($B12,3)="581"),N(D12)+N(E12)<>0),"La închiderea anului ar trebui să aibă sold zero. ","")&IF(AND(LEFT($B12,4)="4118",N(D12)>0,SUMPRODUCT((LEFT($B$9:$B$308,3)="491")*1)=0),"Clienți incerți fără ajustare pentru depreciere (491). ","")))
B13: 208 | C13: Alte imobilizări necorporale (licențe software) | D13: 9000 | F13: 9000 | H13: =IF($B13="","",IF(N(D13)+N(E13)=0,"–",IFERROR(IF(N(D13)-N(E13)>=0,INDEX(MapD,MATCH(LEFT($B13,4),MapCont,0)),INDEX(MapC,MATCH(LEFT($B13,4),MapCont,0))),IFERROR(IF(N(D13)-N(E13)>=0,INDEX(MapD,MATCH(LEFT($B13,3),MapCont,0)),INDEX(MapC,MATCH(LEFT($B13,3),MapCont,0))),"?")))) -> A.I | I13: =IF(OR(H13="",H13="–",H13="?"),0,IF(OR(INDEX(RandTip,MATCH(H13,RandCheie,0))="A",INDEX(RandTip,MATCH(H13,RandCheie,0))="C"),1,-1)*(N(D13)-N(E13))) -> 9000 | J13: =IF($B13="","",IF(N(F13)+N(G13)=0,"–",IFERROR(IF(N(F13)-N(G13)>=0,INDEX(MapD,MATCH(LEFT($B13,4),MapCont,0)),INDEX(MapC,MATCH(LEFT($B13,4),MapCont,0))),IFERROR(IF(N(F13)-N(G13)>=0,INDEX(MapD,MATCH(LEFT($B13,3),MapCont,0)),INDEX(MapC,MATCH(LEFT($B13,3),MapCont,0))),"?")))) -> A.I | K13: =IF(OR(J13="",J13="–",J13="?"),0,IF(OR(INDEX(RandTip,MATCH(J13,RandCheie,0))="A",INDEX(RandTip,MATCH(J13,RandCheie,0))="C"),1,-1)*(N(F13)-N(G13))) -> 9000 | L13: =IF($B13="","",TRIM(IF(OR(H13="?",J13="?"),"Cont fără corespondență: adaugă-l în foaia Corespondențe. ","")&IF(COUNTIF($B$9:$B$308,$B13)>1,"Cont trecut de două ori. ","")&IF(AND(N(D13)>0,N(E13)>0),"Sold și debitor, și creditor: trece doar soldul net. ","")&IF(AND(LEFT($B13,3)="531",N(E13)>0),"Casa nu poate avea sold creditor. ","")&IF(AND(LEFT($B13,1)="3",LEFT($B13,2)<>"39",LEFT($B13,3)<>"378",LEFT($B13,3)<>"348",N(E13)>0),"Stoc cu sold creditor: verifică ieșirile. ","")&IF(AND(OR(LEFT($B13,3)="542",LEFT($B13,3)="473",LEFT($B13,3)="581"),N(D13)+N(E13)<>0),"La închiderea anului ar trebui să aibă sold zero. ","")&IF(AND(LEFT($B13,4)="4118",N(D13)>0,SUMPRODUCT((LEFT($B$9:$B$308,3)="491")*1)=0),"Clienți incerți fără ajustare pentru depreciere (491). ","")))
B14: 2131 | C14: Echipamente tehnologice | D14: 60000 | F14: 60000 | H14: =IF($B14="","",IF(N(D14)+N(E14)=0,"–",IFERROR(IF(N(D14)-N(E14)>=0,INDEX(MapD,MATCH(LEFT($B14,4),MapCont,0)),INDEX(MapC,MATCH(LEFT($B14,4),MapCont,0))),IFERROR(IF(N(D14)-N(E14)>=0,INDEX(MapD,MATCH(LEFT($B14,3),MapCont,0)),INDEX(MapC,MATCH(LEFT($B14,3),MapCont,0))),"?")))) -> A.II | I14: =IF(OR(H14="",H14="–",H14="?"),0,IF(OR(INDEX(RandTip,MATCH(H14,RandCheie,0))="A",INDEX(RandTip,MATCH(H14,RandCheie,0))="C"),1,-1)*(N(D14)-N(E14))) -> 60000 | J14: =IF($B14="","",IF(N(F14)+N(G14)=0,"–",IFERROR(IF(N(F14)-N(G14)>=0,INDEX(MapD,MATCH(LEFT($B14,4),MapCont,0)),INDEX(MapC,MATCH(LEFT($B14,4),MapCont,0))),IFERROR(IF(N(F14)-N(G14)>=0,INDEX(MapD,MATCH(LEFT($B14,3),MapCont,0)),INDEX(MapC,MATCH(LEFT($B14,3),MapCont,0))),"?")))) -> A.II | K14: =IF(OR(J14="",J14="–",J14="?"),0,IF(OR(INDEX(RandTip,MATCH(J14,RandCheie,0))="A",INDEX(RandTip,MATCH(J14,RandCheie,0))="C"),1,-1)*(N(F14)-N(G14))) -> 60000 | L14: =IF($B14="","",TRIM(IF(OR(H14="?",J14="?"),"Cont fără corespondență: adaugă-l în foaia Corespondențe. ","")&IF(COUNTIF($B$9:$B$308,$B14)>1,"Cont trecut de două ori. ","")&IF(AND(N(D14)>0,N(E14)>0),"Sold și debitor, și creditor: trece doar soldul net. ","")&IF(AND(LEFT($B14,3)="531",N(E14)>0),"Casa nu poate avea sold creditor. ","")&IF(AND(LEFT($B14,1)="3",LEFT($B14,2)<>"39",LEFT($B14,3)<>"378",LEFT($B14,3)<>"348",N(E14)>0),"Stoc cu sold creditor: verifică ieșirile. ","")&IF(AND(OR(LEFT($B14,3)="542",LEFT($B14,3)="473",LEFT($B14,3)="581"),N(D14)+N(E14)<>0),"La închiderea anului ar trebui să aibă sold zero. ","")&IF(AND(LEFT($B14,4)="4118",N(D14)>0,SUMPRODUCT((LEFT($B$9:$B$308,3)="491")*1)=0),"Clienți incerți fără ajustare pentru depreciere (491). ","")))
B15: 2133 | C15: Mijloace de transport | D15: 85000 | F15: 85000 | H15: =IF($B15="","",IF(N(D15)+N(E15)=0,"–",IFERROR(IF(N(D15)-N(E15)>=0,INDEX(MapD,MATCH(LEFT($B15,4),MapCont,0)),INDEX(MapC,MATCH(LEFT($B15,4),MapCont,0))),IFERROR(IF(N(D15)-N(E15)>=0,INDEX(MapD,MATCH(LEFT($B15,3),MapCont,0)),INDEX(MapC,MATCH(LEFT($B15,3),MapCont,0))),"?")))) -> A.II | I15: =IF(OR(H15="",H15="–",H15="?"),0,IF(OR(INDEX(RandTip,MATCH(H15,RandCheie,0))="A",INDEX(RandTip,MATCH(H15,RandCheie,0))="C"),1,-1)*(N(D15)-N(E15))) -> 85000 | J15: =IF($B15="","",IF(N(F15)+N(G15)=0,"–",IFERROR(IF(N(F15)-N(G15)>=0,INDEX(MapD,MATCH(LEFT($B15,4),MapCont,0)),INDEX(MapC,MATCH(LEFT($B15,4),MapCont,0))),IFERROR(IF(N(F15)-N(G15)>=0,INDEX(MapD,MATCH(LEFT($B15,3),MapCont,0)),INDEX(MapC,MATCH(LEFT($B15,3),MapCont,0))),"?")))) -> A.II | K15: =IF(OR(J15="",J15="–",J15="?"),0,IF(OR(INDEX(RandTip,MATCH(J15,RandCheie,0))="A",INDEX(RandTip,MATCH(J15,RandCheie,0))="C"),1,-1)*(N(F15)-N(G15))) -> 85000 | L15: =IF($B15="","",TRIM(IF(OR(H15="?",J15="?"),"Cont fără corespondență: adaugă-l în foaia Corespondențe. ","")&IF(COUNTIF($B$9:$B$308,$B15)>1,"Cont trecut de două ori. ","")&IF(AND(N(D15)>0,N(E15)>0),"Sold și debitor, și creditor: trece doar soldul net. ","")&IF(AND(LEFT($B15,3)="531",N(E15)>0),"Casa nu poate avea sold creditor. ","")&IF(AND(LEFT($B15,1)="3",LEFT($B15,2)<>"39",LEFT($B15,3)<>"378",LEFT($B15,3)<>"348",N(E15)>0),"Stoc cu sold creditor: verifică ieșirile. ","")&IF(AND(OR(LEFT($B15,3)="542",LEFT($B15,3)="473",LEFT($B15,3)="581"),N(D15)+N(E15)<>0),"La închiderea anului ar trebui să aibă sold zero. ","")&IF(AND(LEFT($B15,4)="4118",N(D15)>0,SUMPRODUCT((LEFT($B$9:$B$308,3)="491")*1)=0),"Clienți incerți fără ajustare pentru depreciere (491). ","")))
B16: 214 | C16: Mobilier, aparatură birotică | D16: 12000 | F16: 12000 | H16: =IF($B16="","",IF(N(D16)+N(E16)=0,"–",IFERROR(IF(N(D16)-N(E16)>=0,INDEX(MapD,MATCH(LEFT($B16,4),MapCont,0)),INDEX(MapC,MATCH(LEFT($B16,4),MapCont,0))),IFERROR(IF(N(D16)-N(E16)>=0,INDEX(MapD,MATCH(LEFT($B16,3),MapCont,0)),INDEX(MapC,MATCH(LEFT($B16,3),MapCont,0))),"?")))) -> A.II | I16: =IF(OR(H16="",H16="–",H16="?"),0,IF(OR(INDEX(RandTip,MATCH(H16,RandCheie,0))="A",INDEX(RandTip,MATCH(H16,RandCheie,0))="C"),1,-1)*(N(D16)-N(E16))) -> 12000 | J16: =IF($B16="","",IF(N(F16)+N(G16)=0,"–",IFERROR(IF(N(F16)-N(G16)>=0,INDEX(MapD,MATCH(LEFT($B16,4),MapCont,0)),INDEX(MapC,MATCH(LEFT($B16,4),MapCont,0))),IFERROR(IF(N(F16)-N(G16)>=0,INDEX(MapD,MATCH(LEFT($B16,3),MapCont,0)),INDEX(MapC,MATCH(LEFT($B16,3),MapCont,0))),"?")))) -> A.II | K16: =IF(OR(J16="",J16="–",J16="?"),0,IF(OR(INDEX(RandTip,MATCH(J16,RandCheie,0))="A",INDEX(RandTip,MATCH(J16,RandCheie,0))="C"),1,-1)*(N(F16)-N(G16))) -> 12000 | L16: =IF($B16="","",TRIM(IF(OR(H16="?",J16="?"),"Cont fără corespondență: adaugă-l în foaia Corespondențe. ","")&IF(COUNTIF($B$9:$B$308,$B16)>1,"Cont trecut de două ori. ","")&IF(AND(N(D16)>0,N(E16)>0),"Sold și debitor, și creditor: trece doar soldul net. ","")&IF(AND(LEFT($B16,3)="531",N(E16)>0),"Casa nu poate avea sold creditor. ","")&IF(AND(LEFT($B16,1)="3",LEFT($B16,2)<>"39",LEFT($B16,3)<>"378",LEFT($B16,3)<>"348",N(E16)>0),"Stoc cu sold creditor: verifică ieșirile. ","")&IF(AND(OR(LEFT($B16,3)="542",LEFT($B16,3)="473",LEFT($B16,3)="581"),N(D16)+N(E16)<>0),"La închiderea anului ar trebui să aibă sold zero. ","")&IF(AND(LEFT($B16,4)="4118",N(D16)>0,SUMPRODUCT((LEFT($B$9:$B$308,3)="491")*1)=0),"Clienți incerți fără ajustare pentru depreciere (491). ","")))
B17: 2808 | C17: Amortizarea altor imobilizări necorporale | E17: 6000 | G17: 3000 | H17: =IF($B17="","",IF(N(D17)+N(E17)=0,"–",IFERROR(IF(N(D17)-N(E17)>=0,INDEX(MapD,MATCH(LEFT($B17,4),MapCont,0)),INDEX(MapC,MATCH(LEFT($B17,4),MapCont,0))),IFERROR(IF(N(D17)-N(E17)>=0,INDEX(MapD,MATCH(LEFT($B17,3),MapCont,0)),INDEX(MapC,MATCH(LEFT($B17,3),MapCont,0))),"?")))) -> A.I | I17: =IF(OR(H17="",H17="–",H17="?"),0,IF(OR(INDEX(RandTip,MATCH(H17,RandCheie,0))="A",INDEX(RandTip,MATCH(H17,RandCheie,0))="C"),1,-1)*(N(D17)-N(E17))) -> -6000 | J17: =IF($B17="","",IF(N(F17)+N(G17)=0,"–",IFERROR(IF(N(F17)-N(G17)>=0,INDEX(MapD,MATCH(LEFT($B17,4),MapCont,0)),INDEX(MapC,MATCH(LEFT($B17,4),MapCont,0))),IFERROR(IF(N(F17)-N(G17)>=0,INDEX(MapD,MATCH(LEFT($B17,3),MapCont,0)),INDEX(MapC,MATCH(LEFT($B17,3),MapCont,0))),"?")))) -> A.I | K17: =IF(OR(J17="",J17="–",J17="?"),0,IF(OR(INDEX(RandTip,MATCH(J17,RandCheie,0))="A",INDEX(RandTip,MATCH(J17,RandCheie,0))="C"),1,-1)*(N(F17)-N(G17))) -> -3000 | L17: =IF($B17="","",TRIM(IF(OR(H17="?",J17="?"),"Cont fără corespondență: adaugă-l în foaia Corespondențe. ","")&IF(COUNTIF($B$9:$B$308,$B17)>1,"Cont trecut de două ori. ","")&IF(AND(N(D17)>0,N(E17)>0),"Sold și debitor, și creditor: trece doar soldul net. ","")&IF(AND(LEFT($B17,3)="531",N(E17)>0),"Casa nu poate avea sold creditor. ","")&IF(AND(LEFT($B17,1)="3",LEFT($B17,2)<>"39",LEFT($B17,3)<>"378",LEFT($B17,3)<>"348",N(E17)>0),"Stoc cu sold creditor: verifică ieșirile. ","")&IF(AND(OR(LEFT($B17,3)="542",LEFT($B17,3)="473",LEFT($B17,3)="581"),N(D17)+N(E17)<>0),"La închiderea anului ar trebui să aibă sold zero. ","")&IF(AND(LEFT($B17,4)="4118",N(D17)>0,SUMPRODUCT((LEFT($B$9:$B$308,3)="491")*1)=0),"Clienți incerți fără ajustare pentru depreciere (491). ","")))
B18: 2813 | C18: Amortizarea instalațiilor și mijloacelor de transport | E18: 54000 | G18: 30500 | H18: =IF($B18="","",IF(N(D18)+N(E18)=0,"–",IFERROR(IF(N(D18)-N(E18)>=0,INDEX(MapD,MATCH(LEFT($B18,4),MapCont,0)),INDEX(MapC,MATCH(LEFT($B18,4),MapCont,0))),IFERROR(IF(N(D18)-N(E18)>=0,INDEX(MapD,MATCH(LEFT($B18,3),MapCont,0)),INDEX(MapC,MATCH(LEFT($B18,3),MapCont,0))),"?")))) -> A.II | I18: =IF(OR(H18="",H18="–",H18="?"),0,IF(OR(INDEX(RandTip,MATCH(H18,RandCheie,0))="A",INDEX(RandTip,MATCH(H18,RandCheie,0))="C"),1,-1)*(N(D18)-N(E18))) -> -54000 | J18: =IF($B18="","",IF(N(F18)+N(G18)=0,"–",IFERROR(IF(N(F18)-N(G18)>=0,INDEX(MapD,MATCH(LEFT($B18,4),MapCont,0)),INDEX(MapC,MATCH(LEFT($B18,4),MapCont,0))),IFERROR(IF(N(F18)-N(G18)>=0,INDEX(MapD,MATCH(LEFT($B18,3),MapCont,0)),INDEX(MapC,MATCH(LEFT($B18,3),MapCont,0))),"?")))) -> A.II | K18: =IF(OR(J18="",J18="–",J18="?"),0,IF(OR(INDEX(RandTip,MATCH(J18,RandCheie,0))="A",INDEX(RandTip,MATCH(J18,RandCheie,0))="C"),1,-1)*(N(F18)-N(G18))) -> -30500 | L18: =IF($B18="","",TRIM(IF(OR(H18="?",J18="?"),"Cont fără corespondență: adaugă-l în foaia Corespondențe. ","")&IF(COUNTIF($B$9:$B$308,$B18)>1,"Cont trecut de două ori. ","")&IF(AND(N(D18)>0,N(E18)>0),"Sold și debitor, și creditor: trece doar soldul net. ","")&IF(AND(LEFT($B18,3)="531",N(E18)>0),"Casa nu poate avea sold creditor. ","")&IF(AND(LEFT($B18,1)="3",LEFT($B18,2)<>"39",LEFT($B18,3)<>"378",LEFT($B18,3)<>"348",N(E18)>0),"Stoc cu sold creditor: verifică ieșirile. ","")&IF(AND(OR(LEFT($B18,3)="542",LEFT($B18,3)="473",LEFT($B18,3)="581"),N(D18)+N(E18)<>0),"La închiderea anului ar trebui să aibă sold zero. ","")&IF(AND(LEFT($B18,4)="4118",N(D18)>0,SUMPRODUCT((LEFT($B$9:$B$308,3)="491")*1)=0),"Clienți incerți fără ajustare pentru depreciere (491). ","")))
B19: 302 | C19: Materiale consumabile | D19: 3500 | F19: 2800 | H19: =IF($B19="","",IF(N(D19)+N(E19)=0,"–",IFERROR(IF(N(D19)-N(E19)>=0,INDEX(MapD,MATCH(LEFT($B19,4),MapCont,0)),INDEX(MapC,MATCH(LEFT($B19,4),MapCont,0))),IFERROR(IF(N(D19)-N(E19)>=0,INDEX(MapD,MATCH(LEFT($B19,3),MapCont,0)),INDEX(MapC,MATCH(LEFT($B19,3),MapCont,0))),"?")))) -> B.I.1 | I19: =IF(OR(H19="",H19="–",H19="?"),0,IF(OR(INDEX(RandTip,MATCH(H19,RandCheie,0))="A",INDEX(RandTip,MATCH(H19,RandCheie,0))="C"),1,-1)*(N(D19)-N(E19))) -> 3500 | J19: =IF($B19="","",IF(N(F19)+N(G19)=0,"–",IFERROR(IF(N(F19)-N(G19)>=0,INDEX(MapD,MATCH(LEFT($B19,4),MapCont,0)),INDEX(MapC,MATCH(LEFT($B19,4),MapCont,0))),IFERROR(IF(N(F19)-N(G19)>=0,INDEX(MapD,MATCH(LEFT($B19,3),MapCont,0)),INDEX(MapC,MATCH(LEFT($B19,3),MapCont,0))),"?")))) -> B.I.1 | K19: =IF(OR(J19="",J19="–",J19="?"),0,IF(OR(INDEX(RandTip,MATCH(J19,RandCheie,0))="A",INDEX(RandTip,MATCH(J19,RandCheie,0))="C"),1,-1)*(N(F19)-N(G19))) -> 2800 | L19: =IF($B19="","",TRIM(IF(OR(H19="?",J19="?"),"Cont fără corespondență: adaugă-l în foaia Corespondențe. ","")&IF(COUNTIF($B$9:$B$308,$B19)>1,"Cont trecut de două ori. ","")&IF(AND(N(D19)>0,N(E19)>0),"Sold și debitor, și creditor: trece doar soldul net. ","")&IF(AND(LEFT($B19,3)="531",N(E19)>0),"Casa nu poate avea sold creditor. ","")&IF(AND(LEFT($B19,1)="3",LEFT($B19,2)<>"39",LEFT($B19,3)<>"378",LEFT($B19,3)<>"348",N(E19)>0),"Stoc cu sold creditor: verifică ieșirile. ","")&IF(AND(OR(LEFT($B19,3)="542",LEFT($B19,3)="473",LEFT($B19,3)="581"),N(D19)+N(E19)<>0),"La închiderea anului ar trebui să aibă sold zero. ","")&IF(AND(LEFT($B19,4)="4118",N(D19)>0,SUMPRODUCT((LEFT($B$9:$B$308,3)="491")*1)=0),"Clienți incerți fără ajustare pentru depreciere (491). ","")))
B20: 371 | C20: Mărfuri | D20: 48000 | F20: 41000 | H20: =IF($B20="","",IF(N(D20)+N(E20)=0,"–",IFERROR(IF(N(D20)-N(E20)>=0,INDEX(MapD,MATCH(LEFT($B20,4),MapCont,0)),INDEX(MapC,MATCH(LEFT($B20,4),MapCont,0))),IFERROR(IF(N(D20)-N(E20)>=0,INDEX(MapD,MATCH(LEFT($B20,3),MapCont,0)),INDEX(MapC,MATCH(LEFT($B20,3),MapCont,0))),"?")))) -> B.I.3 | I20: =IF(OR(H20="",H20="–",H20="?"),0,IF(OR(INDEX(RandTip,MATCH(H20,RandCheie,0))="A",INDEX(RandTip,MATCH(H20,RandCheie,0))="C"),1,-1)*(N(D20)-N(E20))) -> 48000 | J20: =IF($B20="","",IF(N(F20)+N(G20)=0,"–",IFERROR(IF(N(F20)-N(G20)>=0,INDEX(MapD,MATCH(LEFT($B20,4),MapCont,0)),INDEX(MapC,MATCH(LEFT($B20,4),MapCont,0))),IFERROR(IF(N(F20)-N(G20)>=0,INDEX(MapD,MATCH(LEFT($B20,3),MapCont,0)),INDEX(MapC,MATCH(LEFT($B20,3),MapCont,0))),"?")))) -> B.I.3 | K20: =IF(OR(J20="",J20="–",J20="?"),0,IF(OR(INDEX(RandTip,MATCH(J20,RandCheie,0))="A",INDEX(RandTip,MATCH(J20,RandCheie,0))="C"),1,-1)*(N(F20)-N(G20))) -> 41000 | L20: =IF($B20="","",TRIM(IF(OR(H20="?",J20="?"),"Cont fără corespondență: adaugă-l în foaia Corespondențe. ","")&IF(COUNTIF($B$9:$B$308,$B20)>1,"Cont trecut de două ori. ","")&IF(AND(N(D20)>0,N(E20)>0),"Sold și debitor, și creditor: trece doar soldul net. ","")&IF(AND(LEFT($B20,3)="531",N(E20)>0),"Casa nu poate avea sold creditor. ","")&IF(AND(LEFT($B20,1)="3",LEFT($B20,2)<>"39",LEFT($B20,3)<>"378",LEFT($B20,3)<>"348",N(E20)>0),"Stoc cu sold creditor: verifică ieșirile. ","")&IF(AND(OR(LEFT($B20,3)="542",LEFT($B20,3)="473",LEFT($B20,3)="581"),N(D20)+N(E20)<>0),"La închiderea anului ar trebui să aibă sold zero. ","")&IF(AND(LEFT($B20,4)="4118",N(D20)>0,SUMPRODUCT((LEFT($B$9:$B$308,3)="491")*1)=0),"Clienți incerți fără ajustare pentru depreciere (491). ","")))
B21: 401 | C21: Furnizori | E21: 58000 | G21: 51000 | H21: =IF($B21="","",IF(N(D21)+N(E21)=0,"–",IFERROR(IF(N(D21)-N(E21)>=0,INDEX(MapD,MATCH(LEFT($B21,4),MapCont,0)),INDEX(MapC,MATCH(LEFT($B21,4),MapCont,0))),IFERROR(IF(N(D21)-N(E21)>=0,INDEX(MapD,MATCH(LEFT($B21,3),MapCont,0)),INDEX(MapC,MATCH(LEFT($B21,3),MapCont,0))),"?")))) -> D.4 | I21: =IF(OR(H21="",H21="–",H21="?"),0,IF(OR(INDEX(RandTip,MATCH(H21,RandCheie,0))="A",INDEX(RandTip,MATCH(H21,RandCheie,0))="C"),1,-1)*(N(D21)-N(E21))) -> 58000 | J21: =IF($B21="","",IF(N(F21)+N(G21)=0,"–",IFERROR(IF(N(F21)-N(G21)>=0,INDEX(MapD,MATCH(LEFT($B21,4),MapCont,0)),INDEX(MapC,MATCH(LEFT($B21,4),MapCont,0))),IFERROR(IF(N(F21)-N(G21)>=0,INDEX(MapD,MATCH(LEFT($B21,3),MapCont,0)),INDEX(MapC,MATCH(LEFT($B21,3),MapCont,0))),"?")))) -> D.4 | K21: =IF(OR(J21="",J21="–",J21="?"),0,IF(OR(INDEX(RandTip,MATCH(J21,RandCheie,0))="A",INDEX(RandTip,MATCH(J21,RandCheie,0))="C"),1,-1)*(N(F21)-N(G21))) -> 51000 | L21: =IF($B21="","",TRIM(IF(OR(H21="?",J21="?"),"Cont fără corespondență: adaugă-l în foaia Corespondențe. ","")&IF(COUNTIF($B$9:$B$308,$B21)>1,"Cont trecut de două ori. ","")&IF(AND(N(D21)>0,N(E21)>0),"Sold și debitor, și creditor: trece doar soldul net. ","")&IF(AND(LEFT($B21,3)="531",N(E21)>0),"Casa nu poate avea sold creditor. ","")&IF(AND(LEFT($B21,1)="3",LEFT($B21,2)<>"39",LEFT($B21,3)<>"378",LEFT($B21,3)<>"348",N(E21)>0),"Stoc cu sold creditor: verifică ieșirile. ","")&IF(AND(OR(LEFT($B21,3)="542",LEFT($B21,3)="473",LEFT($B21,3)="581"),N(D21)+N(E21)<>0),"La închiderea anului ar trebui să aibă sold zero. ","")&IF(AND(LEFT($B21,4)="4118",N(D21)>0,SUMPRODUCT((LEFT($B$9:$B$308,3)="491")*1)=0),"Clienți incerți fără ajustare pentru depreciere (491). ","")))
B22: 408 | C22: Furnizori – facturi nesosite | E22: 2400 | G22: 1500 | H22: =IF($B22="","",IF(N(D22)+N(E22)=0,"–",IFERROR(IF(N(D22)-N(E22)>=0,INDEX(MapD,MATCH(LEFT($B22,4),MapCont,0)),INDEX(MapC,MATCH(LEFT($B22,4),MapCont,0))),IFERROR(IF(N(D22)-N(E22)>=0,INDEX(MapD,MATCH(LEFT($B22,3),MapCont,0)),INDEX(MapC,MATCH(LEFT($B22,3),MapCont,0))),"?")))) -> D.4 | I22: =IF(OR(H22="",H22="–",H22="?"),0,IF(OR(INDEX(RandTip,MATCH(H22,RandCheie,0))="A",INDEX(RandTip,MATCH(H22,RandCheie,0))="C"),1,-1)*(N(D22)-N(E22))) -> 2400 | J22: =IF($B22="","",IF(N(F22)+N(G22)=0,"–",IFERROR(IF(N(F22)-N(G22)>=0,INDEX(MapD,MATCH(LEFT($B22,4),MapCont,0)),INDEX(MapC,MATCH(LEFT($B22,4),MapCont,0))),IFERROR(IF(N(F22)-N(G22)>=0,INDEX(MapD,MATCH(LEFT($B22,3),MapCont,0)),INDEX(MapC,MATCH(LEFT($B22,3),MapCont,0))),"?")))) -> D.4 | K22: =IF(OR(J22="",J22="–",J22="?"),0,IF(OR(INDEX(RandTip,MATCH(J22,RandCheie,0))="A",INDEX(RandTip,MATCH(J22,RandCheie,0))="C"),1,-1)*(N(F22)-N(G22))) -> 1500 | L22: =IF($B22="","",TRIM(IF(OR(H22="?",J22="?"),"Cont fără corespondență: adaugă-l în foaia Corespondențe. ","")&IF(COUNTIF($B$9:$B$308,$B22)>1,"Cont trecut de două ori. ","")&IF(AND(N(D22)>0,N(E22)>0),"Sold și debitor, și creditor: trece doar soldul net. ","")&IF(AND(LEFT($B22,3)="531",N(E22)>0),"Casa nu poate avea sold creditor. ","")&IF(AND(LEFT($B22,1)="3",LEFT($B22,2)<>"39",LEFT($B22,3)<>"378",LEFT($B22,3)<>"348",N(E22)>0),"Stoc cu sold creditor: verifică ieșirile. ","")&IF(AND(OR(LEFT($B22,3)="542",LEFT($B22,3)="473",LEFT($B22,3)="581"),N(D22)+N(E22)<>0),"La închiderea anului ar trebui să aibă sold zero. ","")&IF(AND(LEFT($B22,4)="4118",N(D22)>0,SUMPRODUCT((LEFT($B$9:$B$308,3)="491")*1)=0),"Clienți incerți fără ajustare pentru depreciere (491). ","")))
B23: 4091 | C23: Furnizori – debitori pentru cumpărări de bunuri | D23: 2000 | H23: =IF($B23="","",IF(N(D23)+N(E23)=0,"–",IFERROR(IF(N(D23)-N(E23)>=0,INDEX(MapD,MATCH(LEFT($B23,4),MapCont,0)),INDEX(MapC,MATCH(LEFT($B23,4),MapCont,0))),IFERROR(IF(N(D23)-N(E23)>=0,INDEX(MapD,MATCH(LEFT($B23,3),MapCont,0)),INDEX(MapC,MATCH(LEFT($B23,3),MapCont,0))),"?")))) -> B.I.4 | I23: =IF(OR(H23="",H23="–",H23="?"),0,IF(OR(INDEX(RandTip,MATCH(H23,RandCheie,0))="A",INDEX(RandTip,MATCH(H23,RandCheie,0))="C"),1,-1)*(N(D23)-N(E23))) -> 2000 | J23: =IF($B23="","",IF(N(F23)+N(G23)=0,"–",IFERROR(IF(N(F23)-N(G23)>=0,INDEX(MapD,MATCH(LEFT($B23,4),MapCont,0)),INDEX(MapC,MATCH(LEFT($B23,4),MapCont,0))),IFERROR(IF(N(F23)-N(G23)>=0,INDEX(MapD,MATCH(LEFT($B23,3),MapCont,0)),INDEX(MapC,MATCH(LEFT($B23,3),MapCont,0))),"?")))) -> – | K23: =IF(OR(J23="",J23="–",J23="?"),0,IF(OR(INDEX(RandTip,MATCH(J23,RandCheie,0))="A",INDEX(RandTip,MATCH(J23,RandCheie,0))="C"),1,-1)*(N(F23)-N(G23))) -> 0 | L23: =IF($B23="","",TRIM(IF(OR(H23="?",J23="?"),"Cont fără corespondență: adaugă-l în foaia Corespondențe. ","")&IF(COUNTIF($B$9:$B$308,$B23)>1,"Cont trecut de două ori. ","")&IF(AND(N(D23)>0,N(E23)>0),"Sold și debitor, și creditor: trece doar soldul net. ","")&IF(AND(LEFT($B23,3)="531",N(E23)>0),"Casa nu poate avea sold creditor. ","")&IF(AND(LEFT($B23,1)="3",LEFT($B23,2)<>"39",LEFT($B23,3)<>"378",LEFT($B23,3)<>"348",N(E23)>0),"Stoc cu sold creditor: verifică ieșirile. ","")&IF(AND(OR(LEFT($B23,3)="542",LEFT($B23,3)="473",LEFT($B23,3)="581"),N(D23)+N(E23)<>0),"La închiderea anului ar trebui să aibă sold zero. ","")&IF(AND(LEFT($B23,4)="4118",N(D23)>0,SUMPRODUCT((LEFT($B$9:$B$308,3)="491")*1)=0),"Clienți incerți fără ajustare pentru depreciere (491). ","")))
B24: 4111 | C24: Clienți | D24: 96000 | F24: 81000 | H24: =IF($B24="","",IF(N(D24)+N(E24)=0,"–",IFERROR(IF(N(D24)-N(E24)>=0,INDEX(MapD,MATCH(LEFT($B24,4),MapCont,0)),INDEX(MapC,MATCH(LEFT($B24,4),MapCont,0))),IFERROR(IF(N(D24)-N(E24)>=0,INDEX(MapD,MATCH(LEFT($B24,3),MapCont,0)),INDEX(MapC,MATCH(LEFT($B24,3),MapCont,0))),"?")))) -> B.II.1 | I24: =IF(OR(H24="",H24="–",H24="?"),0,IF(OR(INDEX(RandTip,MATCH(H24,RandCheie,0))="A",INDEX(RandTip,MATCH(H24,RandCheie,0))="C"),1,-1)*(N(D24)-N(E24))) -> 96000 | J24: =IF($B24="","",IF(N(F24)+N(G24)=0,"–",IFERROR(IF(N(F24)-N(G24)>=0,INDEX(MapD,MATCH(LEFT($B24,4),MapCont,0)),INDEX(MapC,MATCH(LEFT($B24,4),MapCont,0))),IFERROR(IF(N(F24)-N(G24)>=0,INDEX(MapD,MATCH(LEFT($B24,3),MapCont,0)),INDEX(MapC,MATCH(LEFT($B24,3),MapCont,0))),"?")))) -> B.II.1 | K24: =IF(OR(J24="",J24="–",J24="?"),0,IF(OR(INDEX(RandTip,MATCH(J24,RandCheie,0))="A",INDEX(RandTip,MATCH(J24,RandCheie,0))="C"),1,-1)*(N(F24)-N(G24))) -> 81000 | L24: =IF($B24="","",TRIM(IF(OR(H24="?",J24="?"),"Cont fără corespondență: adaugă-l în foaia Corespondențe. ","")&IF(COUNTIF($B$9:$B$308,$B24)>1,"Cont trecut de două ori. ","")&IF(AND(N(D24)>0,N(E24)>0),"Sold și debitor, și creditor: trece doar soldul net. ","")&IF(AND(LEFT($B24,3)="531",N(E24)>0),"Casa nu poate avea sold creditor. ","")&IF(AND(LEFT($B24,1)="3",LEFT($B24,2)<>"39",LEFT($B24,3)<>"378",LEFT($B24,3)<>"348",N(E24)>0),"Stoc cu sold creditor: verifică ieșirile. ","")&IF(AND(OR(LEFT($B24,3)="542",LEFT($B24,3)="473",LEFT($B24,3)="581"),N(D24)+N(E24)<>0),"La închiderea anului ar trebui să aibă sold zero. ","")&IF(AND(LEFT($B24,4)="4118",N(D24)>0,SUMPRODUCT((LEFT($B$9:$B$308,3)="491")*1)=0),"Clienți incerți fără ajustare pentru depreciere (491). ","")))
B25: 4118 | C25: Clienți incerți sau în litigiu | D25: 8000 | H25: =IF($B25="","",IF(N(D25)+N(E25)=0,"–",IFERROR(IF(N(D25)-N(E25)>=0,INDEX(MapD,MATCH(LEFT($B25,4),MapCont,0)),INDEX(MapC,MATCH(LEFT($B25,4),MapCont,0))),IFERROR(IF(N(D25)-N(E25)>=0,INDEX(MapD,MATCH(LEFT($B25,3),MapCont,0)),INDEX(MapC,MATCH(LEFT($B25,3),MapCont,0))),"?")))) -> B.II.1 | I25: =IF(OR(H25="",H25="–",H25="?"),0,IF(OR(INDEX(RandTip,MATCH(H25,RandCheie,0))="A",INDEX(RandTip,MATCH(H25,RandCheie,0))="C"),1,-1)*(N(D25)-N(E25))) -> 8000 | J25: =IF($B25="","",IF(N(F25)+N(G25)=0,"–",IFERROR(IF(N(F25)-N(G25)>=0,INDEX(MapD,MATCH(LEFT($B25,4),MapCont,0)),INDEX(MapC,MATCH(LEFT($B25,4),MapCont,0))),IFERROR(IF(N(F25)-N(G25)>=0,INDEX(MapD,MATCH(LEFT($B25,3),MapCont,0)),INDEX(MapC,MATCH(LEFT($B25,3),MapCont,0))),"?")))) -> – | K25: =IF(OR(J25="",J25="–",J25="?"),0,IF(OR(INDEX(RandTip,MATCH(J25,RandCheie,0))="A",INDEX(RandTip,MATCH(J25,RandCheie,0))="C"),1,-1)*(N(F25)-N(G25))) -> 0 | L25: =IF($B25="","",TRIM(IF(OR(H25="?",J25="?"),"Cont fără corespondență: adaugă-l în foaia Corespondențe. ","")&IF(COUNTIF($B$9:$B$308,$B25)>1,"Cont trecut de două ori. ","")&IF(AND(N(D25)>0,N(E25)>0),"Sold și debitor, și creditor: trece doar soldul net. ","")&IF(AND(LEFT($B25,3)="531",N(E25)>0),"Casa nu poate avea sold creditor. ","")&IF(AND(LEFT($B25,1)="3",LEFT($B25,2)<>"39",LEFT($B25,3)<>"378",LEFT($B25,3)<>"348",N(E25)>0),"Stoc cu sold creditor: verifică ieșirile. ","")&IF(AND(OR(LEFT($B25,3)="542",LEFT($B25,3)="473",LEFT($B25,3)="581"),N(D25)+N(E25)<>0),"La închiderea anului ar trebui să aibă sold zero. ","")&IF(AND(LEFT($B25,4)="4118",N(D25)>0,SUMPRODUCT((LEFT($B$9:$B$308,3)="491")*1)=0),"Clienți incerți fără ajustare pentru depreciere (491). ","")))
B26: 419 | C26: Clienți – creditori | E26: 5000 | G26: 3000 | H26: =IF($B26="","",IF(N(D26)+N(E26)=0,"–",IFERROR(IF(N(D26)-N(E26)>=0,INDEX(MapD,MATCH(LEFT($B26,4),MapCont,0)),INDEX(MapC,MATCH(LEFT($B26,4),MapCont,0))),IFERROR(IF(N(D26)-N(E26)>=0,INDEX(MapD,MATCH(LEFT($B26,3),MapCont,0)),INDEX(MapC,MATCH(LEFT($B26,3),MapCont,0))),"?")))) -> D.3 | I26: =IF(OR(H26="",H26="–",H26="?"),0,IF(OR(INDEX(RandTip,MATCH(H26,RandCheie,0))="A",INDEX(RandTip,MATCH(H26,RandCheie,0))="C"),1,-1)*(N(D26)-N(E26))) -> 5000 | J26: =IF($B26="","",IF(N(F26)+N(G26)=0,"–",IFERROR(IF(N(F26)-N(G26)>=0,INDEX(MapD,MATCH(LEFT($B26,4),MapCont,0)),INDEX(MapC,MATCH(LEFT($B26,4),MapCont,0))),IFERROR(IF(N(F26)-N(G26)>=0,INDEX(MapD,MATCH(LEFT($B26,3),MapCont,0)),INDEX(MapC,MATCH(LEFT($B26,3),MapCont,0))),"?")))) -> D.3 | K26: =IF(OR(J26="",J26="–",J26="?"),0,IF(OR(INDEX(RandTip,MATCH(J26,RandCheie,0))="A",INDEX(RandTip,MATCH(J26,RandCheie,0))="C"),1,-1)*(N(F26)-N(G26))) -> 3000 | L26: =IF($B26="","",TRIM(IF(OR(H26="?",J26="?"),"Cont fără corespondență: adaugă-l în foaia Corespondențe. ","")&IF(COUNTIF($B$9:$B$308,$B26)>1,"Cont trecut de două ori. ","")&IF(AND(N(D26)>0,N(E26)>0),"Sold și debitor, și creditor: trece doar soldul net. ","")&IF(AND(LEFT($B26,3)="531",N(E26)>0),"Casa nu poate avea sold creditor. ","")&IF(AND(LEFT($B26,1)="3",LEFT($B26,2)<>"39",LEFT($B26,3)<>"378",LEFT($B26,3)<>"348",N(E26)>0),"Stoc cu sold creditor: verifică ieșirile. ","")&IF(AND(OR(LEFT($B26,3)="542",LEFT($B26,3)="473",LEFT($B26,3)="581"),N(D26)+N(E26)<>0),"La închiderea anului ar trebui să aibă sold zero. ","")&IF(AND(LEFT($B26,4)="4118",N(D26)>0,SUMPRODUCT((LEFT($B$9:$B$308,3)="491")*1)=0),"Clienți incerți fără ajustare pentru depreciere (491). ","")))
B27: 421 | C27: Personal – salarii datorate | E27: 21000 | G27: 19000 | H27: =IF($B27="","",IF(N(D27)+N(E27)=0,"–",IFERROR(IF(N(D27)-N(E27)>=0,INDEX(MapD,MATCH(LEFT($B27,4),MapCont,0)),INDEX(MapC,MATCH(LEFT($B27,4),MapCont,0))),IFERROR(IF(N(D27)-N(E27)>=0,INDEX(MapD,MATCH(LEFT($B27,3),MapCont,0)),INDEX(MapC,MATCH(LEFT($B27,3),MapCont,0))),"?")))) -> D.8 | I27: =IF(OR(H27="",H27="–",H27="?"),0,IF(OR(INDEX(RandTip,MATCH(H27,RandCheie,0))="A",INDEX(RandTip,MATCH(H27,RandCheie,0))="C"),1,-1)*(N(D27)-N(E27))) -> 21000 | J27: =IF($B27="","",IF(N(F27)+N(G27)=0,"–",IFERROR(IF(N(F27)-N(G27)>=0,INDEX(MapD,MATCH(LEFT($B27,4),MapCont,0)),INDEX(MapC,MATCH(LEFT($B27,4),MapCont,0))),IFERROR(IF(N(F27)-N(G27)>=0,INDEX(MapD,MATCH(LEFT($B27,3),MapCont,0)),INDEX(MapC,MATCH(LEFT($B27,3),MapCont,0))),"?")))) -> D.8 | K27: =IF(OR(J27="",J27="–",J27="?"),0,IF(OR(INDEX(RandTip,MATCH(J27,RandCheie,0))="A",INDEX(RandTip,MATCH(J27,RandCheie,0))="C"),1,-1)*(N(F27)-N(G27))) -> 19000 | L27: =IF($B27="","",TRIM(IF(OR(H27="?",J27="?"),"Cont fără corespondență: adaugă-l în foaia Corespondențe. ","")&IF(COUNTIF($B$9:$B$308,$B27)>1,"Cont trecut de două ori. ","")&IF(AND(N(D27)>0,N(E27)>0),"Sold și debitor, și creditor: trece doar soldul net. ","")&IF(AND(LEFT($B27,3)="531",N(E27)>0),"Casa nu poate avea sold creditor. ","")&IF(AND(LEFT($B27,1)="3",LEFT($B27,2)<>"39",LEFT($B27,3)<>"378",LEFT($B27,3)<>"348",N(E27)>0),"Stoc cu sold creditor: verifică ieșirile. ","")&IF(AND(OR(LEFT($B27,3)="542",LEFT($B27,3)="473",LEFT($B27,3)="581"),N(D27)+N(E27)<>0),"La închiderea anului ar trebui să aibă sold zero. ","")&IF(AND(LEFT($B27,4)="4118",N(D27)>0,SUMPRODUCT((LEFT($B$9:$B$308,3)="491")*1)=0),"Clienți incerți fără ajustare pentru depreciere (491). ","")))
B28: 4315 | C28: Contribuția de asigurări sociale | E28: 7800 | G28: 7000 | H28: =IF($B28="","",IF(N(D28)+N(E28)=0,"–",IFERROR(IF(N(D28)-N(E28)>=0,INDEX(MapD,MATCH(LEFT($B28,4),MapCont,0)),INDEX(MapC,MATCH(LEFT($B28,4),MapCont,0))),IFERROR(IF(N(D28)-N(E28)>=0,INDEX(MapD,MATCH(LEFT($B28,3),MapCont,0)),INDEX(MapC,MATCH(LEFT($B28,3),MapCont,0))),"?")))) -> D.8 | I28: =IF(OR(H28="",H28="–",H28="?"),0,IF(OR(INDEX(RandTip,MATCH(H28,RandCheie,0))="A",INDEX(RandTip,MATCH(H28,RandCheie,0))="C"),1,-1)*(N(D28)-N(E28))) -> 7800 | J28: =IF($B28="","",IF(N(F28)+N(G28)=0,"–",IFERROR(IF(N(F28)-N(G28)>=0,INDEX(MapD,MATCH(LEFT($B28,4),MapCont,0)),INDEX(MapC,MATCH(LEFT($B28,4),MapCont,0))),IFERROR(IF(N(F28)-N(G28)>=0,INDEX(MapD,MATCH(LEFT($B28,3),MapCont,0)),INDEX(MapC,MATCH(LEFT($B28,3),MapCont,0))),"?")))) -> D.8 | K28: =IF(OR(J28="",J28="–",J28="?"),0,IF(OR(INDEX(RandTip,MATCH(J28,RandCheie,0))="A",INDEX(RandTip,MATCH(J28,RandCheie,0))="C"),1,-1)*(N(F28)-N(G28))) -> 7000 | L28: =IF($B28="","",TRIM(IF(OR(H28="?",J28="?"),"Cont fără corespondență: adaugă-l în foaia Corespondențe. ","")&IF(COUNTIF($B$9:$B$308,$B28)>1,"Cont trecut de două ori. ","")&IF(AND(N(D28)>0,N(E28)>0),"Sold și debitor, și creditor: trece doar soldul net. ","")&IF(AND(LEFT($B28,3)="531",N(E28)>0),"Casa nu poate avea sold creditor. ","")&IF(AND(LEFT($B28,1)="3",LEFT($B28,2)<>"39",LEFT($B28,3)<>"378",LEFT($B28,3)<>"348",N(E28)>0),"Stoc cu sold creditor: verifică ieșirile. ","")&IF(AND(OR(LEFT($B28,3)="542",LEFT($B28,3)="473",LEFT($B28,3)="581"),N(D28)+N(E28)<>0),"La închiderea anului ar trebui să aibă sold zero. ","")&IF(AND(LEFT($B28,4)="4118",N(D28)>0,SUMPRODUCT((LEFT($B$9:$B$308,3)="491")*1)=0),"Clienți incerți fără ajustare pentru depreciere (491). ","")))
B29: 4316 | C29: Contribuția de asigurări sociale de sănătate | E29: 3100 | G29: 2700 | H29: =IF($B29="","",IF(N(D29)+N(E29)=0,"–",IFERROR(IF(N(D29)-N(E29)>=0,INDEX(MapD,MATCH(LEFT($B29,4),MapCont,0)),INDEX(MapC,MATCH(LEFT($B29,4),MapCont,0))),IFERROR(IF(N(D29)-N(E29)>=0,INDEX(MapD,MATCH(LEFT($B29,3),MapCont,0)),INDEX(MapC,MATCH(LEFT($B29,3),MapCont,0))),"?")))) -> D.8 | I29: =IF(OR(H29="",H29="–",H29="?"),0,IF(OR(INDEX(RandTip,MATCH(H29,RandCheie,0))="A",INDEX(RandTip,MATCH(H29,RandCheie,0))="C"),1,-1)*(N(D29)-N(E29))) -> 3100 | J29: =IF($B29="","",IF(N(F29)+N(G29)=0,"–",IFERROR(IF(N(F29)-N(G29)>=0,INDEX(MapD,MATCH(LEFT($B29,4),MapCont,0)),INDEX(MapC,MATCH(LEFT($B29,4),MapCont,0))),IFERROR(IF(N(F29)-N(G29)>=0,INDEX(MapD,MATCH(LEFT($B29,3),MapCont,0)),INDEX(MapC,MATCH(LEFT($B29,3),MapCont,0))),"?")))) -> D.8 | K29: =IF(OR(J29="",J29="–",J29="?"),0,IF(OR(INDEX(RandTip,MATCH(J29,RandCheie,0))="A",INDEX(RandTip,MATCH(J29,RandCheie,0))="C"),1,-1)*(N(F29)-N(G29))) -> 2700 | L29: =IF($B29="","",TRIM(IF(OR(H29="?",J29="?"),"Cont fără corespondență: adaugă-l în foaia Corespondențe. ","")&IF(COUNTIF($B$9:$B$308,$B29)>1,"Cont trecut de două ori. ","")&IF(AND(N(D29)>0,N(E29)>0),"Sold și debitor, și creditor: trece doar soldul net. ","")&IF(AND(LEFT($B29,3)="531",N(E29)>0),"Casa nu poate avea sold creditor. ","")&IF(AND(LEFT($B29,1)="3",LEFT($B29,2)<>"39",LEFT($B29,3)<>"378",LEFT($B29,3)<>"348",N(E29)>0),"Stoc cu sold creditor: verifică ieșirile. ","")&IF(AND(OR(LEFT($B29,3)="542",LEFT($B29,3)="473",LEFT($B29,3)="581"),N(D29)+N(E29)<>0),"La închiderea anului ar trebui să aibă sold zero. ","")&IF(AND(LEFT($B29,4)="4118",N(D29)>0,SUMPRODUCT((LEFT($B$9:$B$308,3)="491")*1)=0),"Clienți incerți fără ajustare pentru depreciere (491). ","")))
B30: 436 | C30: Contribuția asiguratorie pentru muncă | E30: 700 | G30: 600 | H30: =IF($B30="","",IF(N(D30)+N(E30)=0,"–",IFERROR(IF(N(D30)-N(E30)>=0,INDEX(MapD,MATCH(LEFT($B30,4),MapCont,0)),INDEX(MapC,MATCH(LEFT($B30,4),MapCont,0))),IFERROR(IF(N(D30)-N(E30)>=0,INDEX(MapD,MATCH(LEFT($B30,3),MapCont,0)),INDEX(MapC,MATCH(LEFT($B30,3),MapCont,0))),"?")))) -> D.8 | I30: =IF(OR(H30="",H30="–",H30="?"),0,IF(OR(INDEX(RandTip,MATCH(H30,RandCheie,0))="A",INDEX(RandTip,MATCH(H30,RandCheie,0))="C"),1,-1)*(N(D30)-N(E30))) -> 700 | J30: =IF($B30="","",IF(N(F30)+N(G30)=0,"–",IFERROR(IF(N(F30)-N(G30)>=0,INDEX(MapD,MATCH(LEFT($B30,4),MapCont,0)),INDEX(MapC,MATCH(LEFT($B30,4),MapCont,0))),IFERROR(IF(N(F30)-N(G30)>=0,INDEX(MapD,MATCH(LEFT($B30,3),MapCont,0)),INDEX(MapC,MATCH(LEFT($B30,3),MapCont,0))),"?")))) -> D.8 | K30: =IF(OR(J30="",J30="–",J30="?"),0,IF(OR(INDEX(RandTip,MATCH(J30,RandCheie,0))="A",INDEX(RandTip,MATCH(J30,RandCheie,0))="C"),1,-1)*(N(F30)-N(G30))) -> 600 | L30: =IF($B30="","",TRIM(IF(OR(H30="?",J30="?"),"Cont fără corespondență: adaugă-l în foaia Corespondențe. ","")&IF(COUNTIF($B$9:$B$308,$B30)>1,"Cont trecut de două ori. ","")&IF(AND(N(D30)>0,N(E30)>0),"Sold și debitor, și creditor: trece doar soldul net. ","")&IF(AND(LEFT($B30,3)="531",N(E30)>0),"Casa nu poate avea sold creditor. ","")&IF(AND(LEFT($B30,1)="3",LEFT($B30,2)<>"39",LEFT($B30,3)<>"378",LEFT($B30,3)<>"348",N(E30)>0),"Stoc cu sold creditor: verifică ieșirile. ","")&IF(AND(OR(LEFT($B30,3)="542",LEFT($B30,3)="473",LEFT($B30,3)="581"),N(D30)+N(E30)<>0),"La închiderea anului ar trebui să aibă sold zero. ","")&IF(AND(LEFT($B30,4)="4118",N(D30)>0,SUMPRODUCT((LEFT($B$9:$B$308,3)="491")*1)=0),"Clienți incerți fără ajustare pentru depreciere (491). ","")))
B31: 4411 | C31: Impozitul pe profit | E31: 2900 | G31: 2400 | H31: =IF($B31="","",IF(N(D31)+N(E31)=0,"–",IFERROR(IF(N(D31)-N(E31)>=0,INDEX(MapD,MATCH(LEFT($B31,4),MapCont,0)),INDEX(MapC,MATCH(LEFT($B31,4),MapCont,0))),IFERROR(IF(N(D31)-N(E31)>=0,INDEX(MapD,MATCH(LEFT($B31,3),MapCont,0)),INDEX(MapC,MATCH(LEFT($B31,3),MapCont,0))),"?")))) -> D.8 | I31: =IF(OR(H31="",H31="–",H31="?"),0,IF(OR(INDEX(RandTip,MATCH(H31,RandCheie,0))="A",INDEX(RandTip,MATCH(H31,RandCheie,0))="C"),1,-1)*(N(D31)-N(E31))) -> 2900 | J31: =IF($B31="","",IF(N(F31)+N(G31)=0,"–",IFERROR(IF(N(F31)-N(G31)>=0,INDEX(MapD,MATCH(LEFT($B31,4),MapCont,0)),INDEX(MapC,MATCH(LEFT($B31,4),MapCont,0))),IFERROR(IF(N(F31)-N(G31)>=0,INDEX(MapD,MATCH(LEFT($B31,3),MapCont,0)),INDEX(MapC,MATCH(LEFT($B31,3),MapCont,0))),"?")))) -> D.8 | K31: =IF(OR(J31="",J31="–",J31="?"),0,IF(OR(INDEX(RandTip,MATCH(J31,RandCheie,0))="A",INDEX(RandTip,MATCH(J31,RandCheie,0))="C"),1,-1)*(N(F31)-N(G31))) -> 2400 | L31: =IF($B31="","",TRIM(IF(OR(H31="?",J31="?"),"Cont fără corespondență: adaugă-l în foaia Corespondențe. ","")&IF(COUNTIF($B$9:$B$308,$B31)>1,"Cont trecut de două ori. ","")&IF(AND(N(D31)>0,N(E31)>0),"Sold și debitor, și creditor: trece doar soldul net. ","")&IF(AND(LEFT($B31,3)="531",N(E31)>0),"Casa nu poate avea sold creditor. ","")&IF(AND(LEFT($B31,1)="3",LEFT($B31,2)<>"39",LEFT($B31,3)<>"378",LEFT($B31,3)<>"348",N(E31)>0),"Stoc cu sold creditor: verifică ieșirile. ","")&IF(AND(OR(LEFT($B31,3)="542",LEFT($B31,3)="473",LEFT($B31,3)="581"),N(D31)+N(E31)<>0),"La închiderea anului ar trebui să aibă sold zero. ","")&IF(AND(LEFT($B31,4)="4118",N(D31)>0,SUMPRODUCT((LEFT($B$9:$B$308,3)="491")*1)=0),"Clienți incerți fără ajustare pentru depreciere (491). ","")))
B32: 4423 | C32: TVA de plată | E32: 11500 | G32: 9800 | H32: =IF($B32="","",IF(N(D32)+N(E32)=0,"–",IFERROR(IF(N(D32)-N(E32)>=0,INDEX(MapD,MATCH(LEFT($B32,4),MapCont,0)),INDEX(MapC,MATCH(LEFT($B32,4),MapCont,0))),IFERROR(IF(N(D32)-N(E32)>=0,INDEX(MapD,MATCH(LEFT($B32,3),MapCont,0)),INDEX(MapC,MATCH(LEFT($B32,3),MapCont,0))),"?")))) -> D.8 | I32: =IF(OR(H32="",H32="–",H32="?"),0,IF(OR(INDEX(RandTip,MATCH(H32,RandCheie,0))="A",INDEX(RandTip,MATCH(H32,RandCheie,0))="C"),1,-1)*(N(D32)-N(E32))) -> 11500 | J32: =IF($B32="","",IF(N(F32)+N(G32)=0,"–",IFERROR(IF(N(F32)-N(G32)>=0,INDEX(MapD,MATCH(LEFT($B32,4),MapCont,0)),INDEX(MapC,MATCH(LEFT($B32,4),MapCont,0))),IFERROR(IF(N(F32)-N(G32)>=0,INDEX(MapD,MATCH(LEFT($B32,3),MapCont,0)),INDEX(MapC,MATCH(LEFT($B32,3),MapCont,0))),"?")))) -> D.8 | K32: =IF(OR(J32="",J32="–",J32="?"),0,IF(OR(INDEX(RandTip,MATCH(J32,RandCheie,0))="A",INDEX(RandTip,MATCH(J32,RandCheie,0))="C"),1,-1)*(N(F32)-N(G32))) -> 9800 | L32: =IF($B32="","",TRIM(IF(OR(H32="?",J32="?"),"Cont fără corespondență: adaugă-l în foaia Corespondențe. ","")&IF(COUNTIF($B$9:$B$308,$B32)>1,"Cont trecut de două ori. ","")&IF(AND(N(D32)>0,N(E32)>0),"Sold și debitor, și creditor: trece doar soldul net. ","")&IF(AND(LEFT($B32,3)="531",N(E32)>0),"Casa nu poate avea sold creditor. ","")&IF(AND(LEFT($B32,1)="3",LEFT($B32,2)<>"39",LEFT($B32,3)<>"378",LEFT($B32,3)<>"348",N(E32)>0),"Stoc cu sold creditor: verifică ieșirile. ","")&IF(AND(OR(LEFT($B32,3)="542",LEFT($B32,3)="473",LEFT($B32,3)="581"),N(D32)+N(E32)<>0),"La închiderea anului ar trebui să aibă sold zero. ","")&IF(AND(LEFT($B32,4)="4118",N(D32)>0,SUMPRODUCT((LEFT($B$9:$B$308,3)="491")*1)=0),"Clienți incerți fără ajustare pentru depreciere (491). ","")))
B33: 444 | C33: Impozitul pe venituri de natura salariilor | E33: 2300 | G33: 2100 | H33: =IF($B33="","",IF(N(D33)+N(E33)=0,"–",IFERROR(IF(N(D33)-N(E33)>=0,INDEX(MapD,MATCH(LEFT($B33,4),MapCont,0)),INDEX(MapC,MATCH(LEFT($B33,4),MapCont,0))),IFERROR(IF(N(D33)-N(E33)>=0,INDEX(MapD,MATCH(LEFT($B33,3),MapCont,0)),INDEX(MapC,MATCH(LEFT($B33,3),MapCont,0))),"?")))) -> D.8 | I33: =IF(OR(H33="",H33="–",H33="?"),0,IF(OR(INDEX(RandTip,MATCH(H33,RandCheie,0))="A",INDEX(RandTip,MATCH(H33,RandCheie,0))="C"),1,-1)*(N(D33)-N(E33))) -> 2300 | J33: =IF($B33="","",IF(N(F33)+N(G33)=0,"–",IFERROR(IF(N(F33)-N(G33)>=0,INDEX(MapD,MATCH(LEFT($B33,4),MapCont,0)),INDEX(MapC,MATCH(LEFT($B33,4),MapCont,0))),IFERROR(IF(N(F33)-N(G33)>=0,INDEX(MapD,MATCH(LEFT($B33,3),MapCont,0)),INDEX(MapC,MATCH(LEFT($B33,3),MapCont,0))),"?")))) -> D.8 | K33: =IF(OR(J33="",J33="–",J33="?"),0,IF(OR(INDEX(RandTip,MATCH(J33,RandCheie,0))="A",INDEX(RandTip,MATCH(J33,RandCheie,0))="C"),1,-1)*(N(F33)-N(G33))) -> 2100 | L33: =IF($B33="","",TRIM(IF(OR(H33="?",J33="?"),"Cont fără corespondență: adaugă-l în foaia Corespondențe. ","")&IF(COUNTIF($B$9:$B$308,$B33)>1,"Cont trecut de două ori. ","")&IF(AND(N(D33)>0,N(E33)>0),"Sold și debitor, și creditor: trece doar soldul net. ","")&IF(AND(LEFT($B33,3)="531",N(E33)>0),"Casa nu poate avea sold creditor. ","")&IF(AND(LEFT($B33,1)="3",LEFT($B33,2)<>"39",LEFT($B33,3)<>"378",LEFT($B33,3)<>"348",N(E33)>0),"Stoc cu sold creditor: verifică ieșirile. ","")&IF(AND(OR(LEFT($B33,3)="542",LEFT($B33,3)="473",LEFT($B33,3)="581"),N(D33)+N(E33)<>0),"La închiderea anului ar trebui să aibă sold zero. ","")&IF(AND(LEFT($B33,4)="4118",N(D33)>0,SUMPRODUCT((LEFT($B$9:$B$308,3)="491")*1)=0),"Clienți incerți fără ajustare pentru depreciere (491). ","")))
B34: 455 | C34: Sume datorate acționarilor / asociaților | E34: 20000 | G34: 20000 | H34: =IF($B34="","",IF(N(D34)+N(E34)=0,"–",IFERROR(IF(N(D34)-N(E34)>=0,INDEX(MapD,MATCH(LEFT($B34,4),MapCont,0)),INDEX(MapC,MATCH(LEFT($B34,4),MapCont,0))),IFERROR(IF(N(D34)-N(E34)>=0,INDEX(MapD,MATCH(LEFT($B34,3),MapCont,0)),INDEX(MapC,MATCH(LEFT($B34,3),MapCont,0))),"?")))) -> D.8 | I34: =IF(OR(H34="",H34="–",H34="?"),0,IF(OR(INDEX(RandTip,MATCH(H34,RandCheie,0))="A",INDEX(RandTip,MATCH(H34,RandCheie,0))="C"),1,-1)*(N(D34)-N(E34))) -> 20000 | J34: =IF($B34="","",IF(N(F34)+N(G34)=0,"–",IFERROR(IF(N(F34)-N(G34)>=0,INDEX(MapD,MATCH(LEFT($B34,4),MapCont,0)),INDEX(MapC,MATCH(LEFT($B34,4),MapCont,0))),IFERROR(IF(N(F34)-N(G34)>=0,INDEX(MapD,MATCH(LEFT($B34,3),MapCont,0)),INDEX(MapC,MATCH(LEFT($B34,3),MapCont,0))),"?")))) -> D.8 | K34: =IF(OR(J34="",J34="–",J34="?"),0,IF(OR(INDEX(RandTip,MATCH(J34,RandCheie,0))="A",INDEX(RandTip,MATCH(J34,RandCheie,0))="C"),1,-1)*(N(F34)-N(G34))) -> 20000 | L34: =IF($B34="","",TRIM(IF(OR(H34="?",J34="?"),"Cont fără corespondență: adaugă-l în foaia Corespondențe. ","")&IF(COUNTIF($B$9:$B$308,$B34)>1,"Cont trecut de două ori. ","")&IF(AND(N(D34)>0,N(E34)>0),"Sold și debitor, și creditor: trece doar soldul net. ","")&IF(AND(LEFT($B34,3)="531",N(E34)>0),"Casa nu poate avea sold creditor. ","")&IF(AND(LEFT($B34,1)="3",LEFT($B34,2)<>"39",LEFT($B34,3)<>"378",LEFT($B34,3)<>"348",N(E34)>0),"Stoc cu sold creditor: verifică ieșirile. ","")&IF(AND(OR(LEFT($B34,3)="542",LEFT($B34,3)="473",LEFT($B34,3)="581"),N(D34)+N(E34)<>0),"La închiderea anului ar trebui să aibă sold zero. ","")&IF(AND(LEFT($B34,4)="4118",N(D34)>0,SUMPRODUCT((LEFT($B$9:$B$308,3)="491")*1)=0),"Clienți incerți fără ajustare pentru depreciere (491). ","")))
B35: 461 | C35: Debitori diverși | D35: 1200 | F35: 900 | H35: =IF($B35="","",IF(N(D35)+N(E35)=0,"–",IFERROR(IF(N(D35)-N(E35)>=0,INDEX(MapD,MATCH(LEFT($B35,4),MapCont,0)),INDEX(MapC,MATCH(LEFT($B35,4),MapCont,0))),IFERROR(IF(N(D35)-N(E35)>=0,INDEX(MapD,MATCH(LEFT($B35,3),MapCont,0)),INDEX(MapC,MATCH(LEFT($B35,3),MapCont,0))),"?")))) -> B.II.4 | I35: =IF(OR(H35="",H35="–",H35="?"),0,IF(OR(INDEX(RandTip,MATCH(H35,RandCheie,0))="A",INDEX(RandTip,MATCH(H35,RandCheie,0))="C"),1,-1)*(N(D35)-N(E35))) -> 1200 | J35: =IF($B35="","",IF(N(F35)+N(G35)=0,"–",IFERROR(IF(N(F35)-N(G35)>=0,INDEX(MapD,MATCH(LEFT($B35,4),MapCont,0)),INDEX(MapC,MATCH(LEFT($B35,4),MapCont,0))),IFERROR(IF(N(F35)-N(G35)>=0,INDEX(MapD,MATCH(LEFT($B35,3),MapCont,0)),INDEX(MapC,MATCH(LEFT($B35,3),MapCont,0))),"?")))) -> B.II.4 | K35: =IF(OR(J35="",J35="–",J35="?"),0,IF(OR(INDEX(RandTip,MATCH(J35,RandCheie,0))="A",INDEX(RandTip,MATCH(J35,RandCheie,0))="C"),1,-1)*(N(F35)-N(G35))) -> 900 | L35: =IF($B35="","",TRIM(IF(OR(H35="?",J35="?"),"Cont fără corespondență: adaugă-l în foaia Corespondențe. ","")&IF(COUNTIF($B$9:$B$308,$B35)>1,"Cont trecut de două ori. ","")&IF(AND(N(D35)>0,N(E35)>0),"Sold și debitor, și creditor: trece doar soldul net. ","")&IF(AND(LEFT($B35,3)="531",N(E35)>0),"Casa nu poate avea sold creditor. ","")&IF(AND(LEFT($B35,1)="3",LEFT($B35,2)<>"39",LEFT($B35,3)<>"378",LEFT($B35,3)<>"348",N(E35)>0),"Stoc cu sold creditor: verifică ieșirile. ","")&IF(AND(OR(LEFT($B35,3)="542",LEFT($B35,3)="473",LEFT($B35,3)="581"),N(D35)+N(E35)<>0),"La închiderea anului ar trebui să aibă sold zero. ","")&IF(AND(LEFT($B35,4)="4118",N(D35)>0,SUMPRODUCT((LEFT($B$9:$B$308,3)="491")*1)=0),"Clienți incerți fără ajustare pentru depreciere (491). ","")))
B36: 462 | C36: Creditori diverși | E36: 800 | H36: =IF($B36="","",IF(N(D36)+N(E36)=0,"–",IFERROR(IF(N(D36)-N(E36)>=0,INDEX(MapD,MATCH(LEFT($B36,4),MapCont,0)),INDEX(MapC,MATCH(LEFT($B36,4),MapCont,0))),IFERROR(IF(N(D36)-N(E36)>=0,INDEX(MapD,MATCH(LEFT($B36,3),MapCont,0)),INDEX(MapC,MATCH(LEFT($B36,3),MapCont,0))),"?")))) -> D.8 | I36: =IF(OR(H36="",H36="–",H36="?"),0,IF(OR(INDEX(RandTip,MATCH(H36,RandCheie,0))="A",INDEX(RandTip,MATCH(H36,RandCheie,0))="C"),1,-1)*(N(D36)-N(E36))) -> 800 | J36: =IF($B36="","",IF(N(F36)+N(G36)=0,"–",IFERROR(IF(N(F36)-N(G36)>=0,INDEX(MapD,MATCH(LEFT($B36,4),MapCont,0)),INDEX(MapC,MATCH(LEFT($B36,4),MapCont,0))),IFERROR(IF(N(F36)-N(G36)>=0,INDEX(MapD,MATCH(LEFT($B36,3),MapCont,0)),INDEX(MapC,MATCH(LEFT($B36,3),MapCont,0))),"?")))) -> – | K36: =IF(OR(J36="",J36="–",J36="?"),0,IF(OR(INDEX(RandTip,MATCH(J36,RandCheie,0))="A",INDEX(RandTip,MATCH(J36,RandCheie,0))="C"),1,-1)*(N(F36)-N(G36))) -> 0 | L36: =IF($B36="","",TRIM(IF(OR(H36="?",J36="?"),"Cont fără corespondență: adaugă-l în foaia Corespondențe. ","")&IF(COUNTIF($B$9:$B$308,$B36)>1,"Cont trecut de două ori. ","")&IF(AND(N(D36)>0,N(E36)>0),"Sold și debitor, și creditor: trece doar soldul net. ","")&IF(AND(LEFT($B36,3)="531",N(E36)>0),"Casa nu poate avea sold creditor. ","")&IF(AND(LEFT($B36,1)="3",LEFT($B36,2)<>"39",LEFT($B36,3)<>"378",LEFT($B36,3)<>"348",N(E36)>0),"Stoc cu sold creditor: verifică ieșirile. ","")&IF(AND(OR(LEFT($B36,3)="542",LEFT($B36,3)="473",LEFT($B36,3)="581"),N(D36)+N(E36)<>0),"La închiderea anului ar trebui să aibă sold zero. ","")&IF(AND(LEFT($B36,4)="4118",N(D36)>0,SUMPRODUCT((LEFT($B$9:$B$308,3)="491")*1)=0),"Clienți incerți fără ajustare pentru depreciere (491). ","")))
B37: 471 | C37: Cheltuieli înregistrate în avans | D37: 3600 | F37: 3200 | H37: =IF($B37="","",IF(N(D37)+N(E37)=0,"–",IFERROR(IF(N(D37)-N(E37)>=0,INDEX(MapD,MATCH(LEFT($B37,4),MapCont,0)),INDEX(MapC,MATCH(LEFT($B37,4),MapCont,0))),IFERROR(IF(N(D37)-N(E37)>=0,INDEX(MapD,MATCH(LEFT($B37,3),MapCont,0)),INDEX(MapC,MATCH(LEFT($B37,3),MapCont,0))),"?")))) -> C | I37: =IF(OR(H37="",H37="–",H37="?"),0,IF(OR(INDEX(RandTip,MATCH(H37,RandCheie,0))="A",INDEX(RandTip,MATCH(H37,RandCheie,0))="C"),1,-1)*(N(D37)-N(E37))) -> 3600 | J37: =IF($B37="","",IF(N(F37)+N(G37)=0,"–",IFERROR(IF(N(F37)-N(G37)>=0,INDEX(MapD,MATCH(LEFT($B37,4),MapCont,0)),INDEX(MapC,MATCH(LEFT($B37,4),MapCont,0))),IFERROR(IF(N(F37)-N(G37)>=0,INDEX(MapD,MATCH(LEFT($B37,3),MapCont,0)),INDEX(MapC,MATCH(LEFT($B37,3),MapCont,0))),"?")))) -> C | K37: =IF(OR(J37="",J37="–",J37="?"),0,IF(OR(INDEX(RandTip,MATCH(J37,RandCheie,0))="A",INDEX(RandTip,MATCH(J37,RandCheie,0))="C"),1,-1)*(N(F37)-N(G37))) -> 3200 | L37: =IF($B37="","",TRIM(IF(OR(H37="?",J37="?"),"Cont fără corespondență: adaugă-l în foaia Corespondențe. ","")&IF(COUNTIF($B$9:$B$308,$B37)>1,"Cont trecut de două ori. ","")&IF(AND(N(D37)>0,N(E37)>0),"Sold și debitor, și creditor: trece doar soldul net. ","")&IF(AND(LEFT($B37,3)="531",N(E37)>0),"Casa nu poate avea sold creditor. ","")&IF(AND(LEFT($B37,1)="3",LEFT($B37,2)<>"39",LEFT($B37,3)<>"378",LEFT($B37,3)<>"348",N(E37)>0),"Stoc cu sold creditor: verifică ieșirile. ","")&IF(AND(OR(LEFT($B37,3)="542",LEFT($B37,3)="473",LEFT($B37,3)="581"),N(D37)+N(E37)<>0),"La închiderea anului ar trebui să aibă sold zero. ","")&IF(AND(LEFT($B37,4)="4118",N(D37)>0,SUMPRODUCT((LEFT($B$9:$B$308,3)="491")*1)=0),"Clienți incerți fără ajustare pentru depreciere (491). ","")))
B38: 491 | C38: Ajustări pentru deprecierea creanțelor – clienți | E38: 4000 | H38: =IF($B38="","",IF(N(D38)+N(E38)=0,"–",IFERROR(IF(N(D38)-N(E38)>=0,INDEX(MapD,MATCH(LEFT($B38,4),MapCont,0)),INDEX(MapC,MATCH(LEFT($B38,4),MapCont,0))),IFERROR(IF(N(D38)-N(E38)>=0,INDEX(MapD,MATCH(LEFT($B38,3),MapCont,0)),INDEX(MapC,MATCH(LEFT($B38,3),MapCont,0))),"?")))) -> B.II.1 | I38: =IF(OR(H38="",H38="–",H38="?"),0,IF(OR(INDEX(RandTip,MATCH(H38,RandCheie,0))="A",INDEX(RandTip,MATCH(H38,RandCheie,0))="C"),1,-1)*(N(D38)-N(E38))) -> -4000 | J38: =IF($B38="","",IF(N(F38)+N(G38)=0,"–",IFERROR(IF(N(F38)-N(G38)>=0,INDEX(MapD,MATCH(LEFT($B38,4),MapCont,0)),INDEX(MapC,MATCH(LEFT($B38,4),MapCont,0))),IFERROR(IF(N(F38)-N(G38)>=0,INDEX(MapD,MATCH(LEFT($B38,3),MapCont,0)),INDEX(MapC,MATCH(LEFT($B38,3),MapCont,0))),"?")))) -> – | K38: =IF(OR(J38="",J38="–",J38="?"),0,IF(OR(INDEX(RandTip,MATCH(J38,RandCheie,0))="A",INDEX(RandTip,MATCH(J38,RandCheie,0))="C"),1,-1)*(N(F38)-N(G38))) -> 0 | L38: =IF($B38="","",TRIM(IF(OR(H38="?",J38="?"),"Cont fără corespondență: adaugă-l în foaia Corespondențe. ","")&IF(COUNTIF($B$9:$B$308,$B38)>1,"Cont trecut de două ori. ","")&IF(AND(N(D38)>0,N(E38)>0),"Sold și debitor, și creditor: trece doar soldul net. ","")&IF(AND(LEFT($B38,3)="531",N(E38)>0),"Casa nu poate avea sold creditor. ","")&IF(AND(LEFT($B38,1)="3",LEFT($B38,2)<>"39",LEFT($B38,3)<>"378",LEFT($B38,3)<>"348",N(E38)>0),"Stoc cu sold creditor: verifică ieșirile. ","")&IF(AND(OR(LEFT($B38,3)="542",LEFT($B38,3)="473",LEFT($B38,3)="581"),N(D38)+N(E38)<>0),"La închiderea anului ar trebui să aibă sold zero. ","")&IF(AND(LEFT($B38,4)="4118",N(D38)>0,SUMPRODUCT((LEFT($B$9:$B$308,3)="491")*1)=0),"Clienți incerți fără ajustare pentru depreciere (491). ","")))
B39: 5121 | C39: Conturi la bănci în lei | D39: 40050 | F39: 8500 | H39: =IF($B39="","",IF(N(D39)+N(E39)=0,"–",IFERROR(IF(N(D39)-N(E39)>=0,INDEX(MapD,MATCH(LEFT($B39,4),MapCont,0)),INDEX(MapC,MATCH(LEFT($B39,4),MapCont,0))),IFERROR(IF(N(D39)-N(E39)>=0,INDEX(MapD,MATCH(LEFT($B39,3),MapCont,0)),INDEX(MapC,MATCH(LEFT($B39,3),MapCont,0))),"?")))) -> B.IV | I39: =IF(OR(H39="",H39="–",H39="?"),0,IF(OR(INDEX(RandTip,MATCH(H39,RandCheie,0))="A",INDEX(RandTip,MATCH(H39,RandCheie,0))="C"),1,-1)*(N(D39)-N(E39))) -> 40050 | J39: =IF($B39="","",IF(N(F39)+N(G39)=0,"–",IFERROR(IF(N(F39)-N(G39)>=0,INDEX(MapD,MATCH(LEFT($B39,4),MapCont,0)),INDEX(MapC,MATCH(LEFT($B39,4),MapCont,0))),IFERROR(IF(N(F39)-N(G39)>=0,INDEX(MapD,MATCH(LEFT($B39,3),MapCont,0)),INDEX(MapC,MATCH(LEFT($B39,3),MapCont,0))),"?")))) -> B.IV | K39: =IF(OR(J39="",J39="–",J39="?"),0,IF(OR(INDEX(RandTip,MATCH(J39,RandCheie,0))="A",INDEX(RandTip,MATCH(J39,RandCheie,0))="C"),1,-1)*(N(F39)-N(G39))) -> 8500 | L39: =IF($B39="","",TRIM(IF(OR(H39="?",J39="?"),"Cont fără corespondență: adaugă-l în foaia Corespondențe. ","")&IF(COUNTIF($B$9:$B$308,$B39)>1,"Cont trecut de două ori. ","")&IF(AND(N(D39)>0,N(E39)>0),"Sold și debitor, și creditor: trece doar soldul net. ","")&IF(AND(LEFT($B39,3)="531",N(E39)>0),"Casa nu poate avea sold creditor. ","")&IF(AND(LEFT($B39,1)="3",LEFT($B39,2)<>"39",LEFT($B39,3)<>"378",LEFT($B39,3)<>"348",N(E39)>0),"Stoc cu sold creditor: verifică ieșirile. ","")&IF(AND(OR(LEFT($B39,3)="542",LEFT($B39,3)="473",LEFT($B39,3)="581"),N(D39)+N(E39)<>0),"La închiderea anului ar trebui să aibă sold zero. ","")&IF(AND(LEFT($B39,4)="4118",N(D39)>0,SUMPRODUCT((LEFT($B$9:$B$308,3)="491")*1)=0),"Clienți incerți fără ajustare pentru depreciere (491). ","")))
B40: 519 | C40: Credite bancare pe termen scurt | E40: 15000 | H40: =IF($B40="","",IF(N(D40)+N(E40)=0,"–",IFERROR(IF(N(D40)-N(E40)>=0,INDEX(MapD,MATCH(LEFT($B40,4),MapCont,0)),INDEX(MapC,MATCH(LEFT($B40,4),MapCont,0))),IFERROR(IF(N(D40)-N(E40)>=0,INDEX(MapD,MATCH(LEFT($B40,3),MapCont,0)),INDEX(MapC,MATCH(LEFT($B40,3),MapCont,0))),"?")))) -> D.2 | I40: =IF(OR(H40="",H40="–",H40="?"),0,IF(OR(INDEX(RandTip,MATCH(H40,RandCheie,0))="A",INDEX(RandTip,MATCH(H40,RandCheie,0))="C"),1,-1)*(N(D40)-N(E40))) -> 15000 | J40: =IF($B40="","",IF(N(F40)+N(G40)=0,"–",IFERROR(IF(N(F40)-N(G40)>=0,INDEX(MapD,MATCH(LEFT($B40,4),MapCont,0)),INDEX(MapC,MATCH(LEFT($B40,4),MapCont,0))),IFERROR(IF(N(F40)-N(G40)>=0,INDEX(MapD,MATCH(LEFT($B40,3),MapCont,0)),INDEX(MapC,MATCH(LEFT($B40,3),MapCont,0))),"?")))) -> – | K40: =IF(OR(J40="",J40="–",J40="?"),0,IF(OR(INDEX(RandTip,MATCH(J40,RandCheie,0))="A",INDEX(RandTip,MATCH(J40,RandCheie,0))="C"),1,-1)*(N(F40)-N(G40))) -> 0 | L40: =IF($B40="","",TRIM(IF(OR(H40="?",J40="?"),"Cont fără corespondență: adaugă-l în foaia Corespondențe. ","")&IF(COUNTIF($B$9:$B$308,$B40)>1,"Cont trecut de două ori. ","")&IF(AND(N(D40)>0,N(E40)>0),"Sold și debitor, și creditor: trece doar soldul net. ","")&IF(AND(LEFT($B40,3)="531",N(E40)>0),"Casa nu poate avea sold creditor. ","")&IF(AND(LEFT($B40,1)="3",LEFT($B40,2)<>"39",LEFT($B40,3)<>"378",LEFT($B40,3)<>"348",N(E40)>0),"Stoc cu sold creditor: verifică ieșirile. ","")&IF(AND(OR(LEFT($B40,3)="542",LEFT($B40,3)="473",LEFT($B40,3)="581"),N(D40)+N(E40)<>0),"La închiderea anului ar trebui să aibă sold zero. ","")&IF(AND(LEFT($B40,4)="4118",N(D40)>0,SUMPRODUCT((LEFT($B$9:$B$308,3)="491")*1)=0),"Clienți incerți fără ajustare pentru depreciere (491). ","")))
B41: 5311 | C41: Casa în lei | D41: 2150 | F41: 1800 | H41: =IF($B41="","",IF(N(D41)+N(E41)=0,"–",IFERROR(IF(N(D41)-N(E41)>=0,INDEX(MapD,MATCH(LEFT($B41,4),MapCont,0)),INDEX(MapC,MATCH(LEFT($B41,4),MapCont,0))),IFERROR(IF(N(D41)-N(E41)>=0,INDEX(MapD,MATCH(LEFT($B41,3),MapCont,0)),INDEX(MapC,MATCH(LEFT($B41,3),MapCont,0))),"?")))) -> B.IV | I41: =IF(OR(H41="",H41="–",H41="?"),0,IF(OR(INDEX(RandTip,MATCH(H41,RandCheie,0))="A",INDEX(RandTip,MATCH(H41,RandCheie,0))="C"),1,-1)*(N(D41)-N(E41))) -> 2150 | J41: =IF($B41="","",IF(N(F41)+N(G41)=0,"–",IFERROR(IF(N(F41)-N(G41)>=0,INDEX(MapD,MATCH(LEFT($B41,4),MapCont,0)),INDEX(MapC,MATCH(LEFT($B41,4),MapCont,0))),IFERROR(IF(N(F41)-N(G41)>=0,INDEX(MapD,MATCH(LEFT($B41,3),MapCont,0)),INDEX(MapC,MATCH(LEFT($B41,3),MapCont,0))),"?")))) -> B.IV | K41: =IF(OR(J41="",J41="–",J41="?"),0,IF(OR(INDEX(RandTip,MATCH(J41,RandCheie,0))="A",INDEX(RandTip,MATCH(J41,RandCheie,0))="C"),1,-1)*(N(F41)-N(G41))) -> 1800 | L41: =IF($B41="","",TRIM(IF(OR(H41="?",J41="?"),"Cont fără corespondență: adaugă-l în foaia Corespondențe. ","")&IF(COUNTIF($B$9:$B$308,$B41)>1,"Cont trecut de două ori. ","")&IF(AND(N(D41)>0,N(E41)>0),"Sold și debitor, și creditor: trece doar soldul net. ","")&IF(AND(LEFT($B41,3)="531",N(E41)>0),"Casa nu poate avea sold creditor. ","")&IF(AND(LEFT($B41,1)="3",LEFT($B41,2)<>"39",LEFT($B41,3)<>"378",LEFT($B41,3)<>"348",N(E41)>0),"Stoc cu sold creditor: verifică ieșirile. ","")&IF(AND(OR(LEFT($B41,3)="542",LEFT($B41,3)="473",LEFT($B41,3)="581"),N(D41)+N(E41)<>0),"La închiderea anului ar trebui să aibă sold zero. ","")&IF(AND(LEFT($B41,4)="4118",N(D41)>0,SUMPRODUCT((LEFT($B$9:$B$308,3)="491")*1)=0),"Clienți incerți fără ajustare pentru depreciere (491). ","")))
B42: 542 | C42: Avansuri de trezorerie | D42: 600 | H42: =IF($B42="","",IF(N(D42)+N(E42)=0,"–",IFERROR(IF(N(D42)-N(E42)>=0,INDEX(MapD,MATCH(LEFT($B42,4),MapCont,0)),INDEX(MapC,MATCH(LEFT($B42,4),MapCont,0))),IFERROR(IF(N(D42)-N(E42)>=0,INDEX(MapD,MATCH(LEFT($B42,3),MapCont,0)),INDEX(MapC,MATCH(LEFT($B42,3),MapCont,0))),"?")))) -> B.IV | I42: =IF(OR(H42="",H42="–",H42="?"),0,IF(OR(INDEX(RandTip,MATCH(H42,RandCheie,0))="A",INDEX(RandTip,MATCH(H42,RandCheie,0))="C"),1,-1)*(N(D42)-N(E42))) -> 600 | J42: =IF($B42="","",IF(N(F42)+N(G42)=0,"–",IFERROR(IF(N(F42)-N(G42)>=0,INDEX(MapD,MATCH(LEFT($B42,4),MapCont,0)),INDEX(MapC,MATCH(LEFT($B42,4),MapCont,0))),IFERROR(IF(N(F42)-N(G42)>=0,INDEX(MapD,MATCH(LEFT($B42,3),MapCont,0)),INDEX(MapC,MATCH(LEFT($B42,3),MapCont,0))),"?")))) -> – | K42: =IF(OR(J42="",J42="–",J42="?"),0,IF(OR(INDEX(RandTip,MATCH(J42,RandCheie,0))="A",INDEX(RandTip,MATCH(J42,RandCheie,0))="C"),1,-1)*(N(F42)-N(G42))) -> 0 | L42: =IF($B42="","",TRIM(IF(OR(H42="?",J42="?"),"Cont fără corespondență: adaugă-l în foaia Corespondențe. ","")&IF(COUNTIF($B$9:$B$308,$B42)>1,"Cont trecut de două ori. ","")&IF(AND(N(D42)>0,N(E42)>0),"Sold și debitor, și creditor: trece doar soldul net. ","")&IF(AND(LEFT($B42,3)="531",N(E42)>0),"Casa nu poate avea sold creditor. ","")&IF(AND(LEFT($B42,1)="3",LEFT($B42,2)<>"39",LEFT($B42,3)<>"378",LEFT($B42,3)<>"348",N(E42)>0),"Stoc cu sold creditor: verifică ieșirile. ","")&IF(AND(OR(LEFT($B42,3)="542",LEFT($B42,3)="473",LEFT($B42,3)="581"),N(D42)+N(E42)<>0),"La închiderea anului ar trebui să aibă sold zero. ","")&IF(AND(LEFT($B42,4)="4118",N(D42)>0,SUMPRODUCT((LEFT($B$9:$B$308,3)="491")*1)=0),"Clienți incerți fără ajustare pentru depreciere (491). ",""))) -> La închiderea anului ar trebui să aibă sold zero.
B43: 602 | C43: Cheltuieli cu materialele consumabile | D43: 12400 | F43: 11000 | H43: =IF($B43="","",IF(N(D43)+N(E43)=0,"–",IFERROR(IF(N(D43)-N(E43)>=0,INDEX(MapD,MATCH(LEFT($B43,4),MapCont,0)),INDEX(MapC,MATCH(LEFT($B43,4),MapCont,0))),IFERROR(IF(N(D43)-N(E43)>=0,INDEX(MapD,MATCH(LEFT($B43,3),MapCont,0)),INDEX(MapC,MATCH(LEFT($B43,3),MapCont,0))),"?")))) -> P5a | I43: =IF(OR(H43="",H43="–",H43="?"),0,IF(OR(INDEX(RandTip,MATCH(H43,RandCheie,0))="A",INDEX(RandTip,MATCH(H43,RandCheie,0))="C"),1,-1)*(N(D43)-N(E43))) -> 12400 | J43: =IF($B43="","",IF(N(F43)+N(G43)=0,"–",IFERROR(IF(N(F43)-N(G43)>=0,INDEX(MapD,MATCH(LEFT($B43,4),MapCont,0)),INDEX(MapC,MATCH(LEFT($B43,4),MapCont,0))),IFERROR(IF(N(F43)-N(G43)>=0,INDEX(MapD,MATCH(LEFT($B43,3),MapCont,0)),INDEX(MapC,MATCH(LEFT($B43,3),MapCont,0))),"?")))) -> P5a | K43: =IF(OR(J43="",J43="–",J43="?"),0,IF(OR(INDEX(RandTip,MATCH(J43,RandCheie,0))="A",INDEX(RandTip,MATCH(J43,RandCheie,0))="C"),1,-1)*(N(F43)-N(G43))) -> 11000 | L43: =IF($B43="","",TRIM(IF(OR(H43="?",J43="?"),"Cont fără corespondență: adaugă-l în foaia Corespondențe. ","")&IF(COUNTIF($B$9:$B$308,$B43)>1,"Cont trecut de două ori. ","")&IF(AND(N(D43)>0,N(E43)>0),"Sold și debitor, și creditor: trece doar soldul net. ","")&IF(AND(LEFT($B43,3)="531",N(E43)>0),"Casa nu poate avea sold creditor. ","")&IF(AND(LEFT($B43,1)="3",LEFT($B43,2)<>"39",LEFT($B43,3)<>"378",LEFT($B43,3)<>"348",N(E43)>0),"Stoc cu sold creditor: verifică ieșirile. ","")&IF(AND(OR(LEFT($B43,3)="542",LEFT($B43,3)="473",LEFT($B43,3)="581"),N(D43)+N(E43)<>0),"La închiderea anului ar trebui să aibă sold zero. ","")&IF(AND(LEFT($B43,4)="4118",N(D43)>0,SUMPRODUCT((LEFT($B$9:$B$308,3)="491")*1)=0),"Clienți incerți fără ajustare pentru depreciere (491). ","")))
B44: 605 | C44: Cheltuieli privind energia și apa | D44: 9800 | F44: 9100 | H44: =IF($B44="","",IF(N(D44)+N(E44)=0,"–",IFERROR(IF(N(D44)-N(E44)>=0,INDEX(MapD,MATCH(LEFT($B44,4),MapCont,0)),INDEX(MapC,MATCH(LEFT($B44,4),MapCont,0))),IFERROR(IF(N(D44)-N(E44)>=0,INDEX(MapD,MATCH(LEFT($B44,3),MapCont,0)),INDEX(MapC,MATCH(LEFT($B44,3),MapCont,0))),"?")))) -> P5b | I44: =IF(OR(H44="",H44="–",H44="?"),0,IF(OR(INDEX(RandTip,MATCH(H44,RandCheie,0))="A",INDEX(RandTip,MATCH(H44,RandCheie,0))="C"),1,-1)*(N(D44)-N(E44))) -> 9800 | J44: =IF($B44="","",IF(N(F44)+N(G44)=0,"–",IFERROR(IF(N(F44)-N(G44)>=0,INDEX(MapD,MATCH(LEFT($B44,4),MapCont,0)),INDEX(MapC,MATCH(LEFT($B44,4),MapCont,0))),IFERROR(IF(N(F44)-N(G44)>=0,INDEX(MapD,MATCH(LEFT($B44,3),MapCont,0)),INDEX(MapC,MATCH(LEFT($B44,3),MapCont,0))),"?")))) -> P5b | K44: =IF(OR(J44="",J44="–",J44="?"),0,IF(OR(INDEX(RandTip,MATCH(J44,RandCheie,0))="A",INDEX(RandTip,MATCH(J44,RandCheie,0))="C"),1,-1)*(N(F44)-N(G44))) -> 9100 | L44: =IF($B44="","",TRIM(IF(OR(H44="?",J44="?"),"Cont fără corespondență: adaugă-l în foaia Corespondențe. ","")&IF(COUNTIF($B$9:$B$308,$B44)>1,"Cont trecut de două ori. ","")&IF(AND(N(D44)>0,N(E44)>0),"Sold și debitor, și creditor: trece doar soldul net. ","")&IF(AND(LEFT($B44,3)="531",N(E44)>0),"Casa nu poate avea sold creditor. ","")&IF(AND(LEFT($B44,1)="3",LEFT($B44,2)<>"39",LEFT($B44,3)<>"378",LEFT($B44,3)<>"348",N(E44)>0),"Stoc cu sold creditor: verifică ieșirile. ","")&IF(AND(OR(LEFT($B44,3)="542",LEFT($B44,3)="473",LEFT($B44,3)="581"),N(D44)+N(E44)<>0),"La închiderea anului ar trebui să aibă sold zero. ","")&IF(AND(LEFT($B44,4)="4118",N(D44)>0,SUMPRODUCT((LEFT($B$9:$B$308,3)="491")*1)=0),"Clienți incerți fără ajustare pentru depreciere (491). ","")))
B45: 607 | C45: Cheltuieli privind mărfurile | D45: 560000 | F45: 512000 | H45: =IF($B45="","",IF(N(D45)+N(E45)=0,"–",IFERROR(IF(N(D45)-N(E45)>=0,INDEX(MapD,MATCH(LEFT($B45,4),MapCont,0)),INDEX(MapC,MATCH(LEFT($B45,4),MapCont,0))),IFERROR(IF(N(D45)-N(E45)>=0,INDEX(MapD,MATCH(LEFT($B45,3),MapCont,0)),INDEX(MapC,MATCH(LEFT($B45,3),MapCont,0))),"?")))) -> P5a | I45: =IF(OR(H45="",H45="–",H45="?"),0,IF(OR(INDEX(RandTip,MATCH(H45,RandCheie,0))="A",INDEX(RandTip,MATCH(H45,RandCheie,0))="C"),1,-1)*(N(D45)-N(E45))) -> 560000 | J45: =IF($B45="","",IF(N(F45)+N(G45)=0,"–",IFERROR(IF(N(F45)-N(G45)>=0,INDEX(MapD,MATCH(LEFT($B45,4),MapCont,0)),INDEX(MapC,MATCH(LEFT($B45,4),MapCont,0))),IFERROR(IF(N(F45)-N(G45)>=0,INDEX(MapD,MATCH(LEFT($B45,3),MapCont,0)),INDEX(MapC,MATCH(LEFT($B45,3),MapCont,0))),"?")))) -> P5a | K45: =IF(OR(J45="",J45="–",J45="?"),0,IF(OR(INDEX(RandTip,MATCH(J45,RandCheie,0))="A",INDEX(RandTip,MATCH(J45,RandCheie,0))="C"),1,-1)*(N(F45)-N(G45))) -> 512000 | L45: =IF($B45="","",TRIM(IF(OR(H45="?",J45="?"),"Cont fără corespondență: adaugă-l în foaia Corespondențe. ","")&IF(COUNTIF($B$9:$B$308,$B45)>1,"Cont trecut de două ori. ","")&IF(AND(N(D45)>0,N(E45)>0),"Sold și debitor, și creditor: trece doar soldul net. ","")&IF(AND(LEFT($B45,3)="531",N(E45)>0),"Casa nu poate avea sold creditor. ","")&IF(AND(LEFT($B45,1)="3",LEFT($B45,2)<>"39",LEFT($B45,3)<>"378",LEFT($B45,3)<>"348",N(E45)>0),"Stoc cu sold creditor: verifică ieșirile. ","")&IF(AND(OR(LEFT($B45,3)="542",LEFT($B45,3)="473",LEFT($B45,3)="581"),N(D45)+N(E45)<>0),"La închiderea anului ar trebui să aibă sold zero. ","")&IF(AND(LEFT($B45,4)="4118",N(D45)>0,SUMPRODUCT((LEFT($B$9:$B$308,3)="491")*1)=0),"Clienți incerți fără ajustare pentru depreciere (491). ","")))
B46: 611 | C46: Cheltuieli cu întreținerea și reparațiile | D46: 7200 | F46: 6300 | H46: =IF($B46="","",IF(N(D46)+N(E46)=0,"–",IFERROR(IF(N(D46)-N(E46)>=0,INDEX(MapD,MATCH(LEFT($B46,4),MapCont,0)),INDEX(MapC,MATCH(LEFT($B46,4),MapCont,0))),IFERROR(IF(N(D46)-N(E46)>=0,INDEX(MapD,MATCH(LEFT($B46,3),MapCont,0)),INDEX(MapC,MATCH(LEFT($B46,3),MapCont,0))),"?")))) -> P5b | I46: =IF(OR(H46="",H46="–",H46="?"),0,IF(OR(INDEX(RandTip,MATCH(H46,RandCheie,0))="A",INDEX(RandTip,MATCH(H46,RandCheie,0))="C"),1,-1)*(N(D46)-N(E46))) -> 7200 | J46: =IF($B46="","",IF(N(F46)+N(G46)=0,"–",IFERROR(IF(N(F46)-N(G46)>=0,INDEX(MapD,MATCH(LEFT($B46,4),MapCont,0)),INDEX(MapC,MATCH(LEFT($B46,4),MapCont,0))),IFERROR(IF(N(F46)-N(G46)>=0,INDEX(MapD,MATCH(LEFT($B46,3),MapCont,0)),INDEX(MapC,MATCH(LEFT($B46,3),MapCont,0))),"?")))) -> P5b | K46: =IF(OR(J46="",J46="–",J46="?"),0,IF(OR(INDEX(RandTip,MATCH(J46,RandCheie,0))="A",INDEX(RandTip,MATCH(J46,RandCheie,0))="C"),1,-1)*(N(F46)-N(G46))) -> 6300 | L46: =IF($B46="","",TRIM(IF(OR(H46="?",J46="?"),"Cont fără corespondență: adaugă-l în foaia Corespondențe. ","")&IF(COUNTIF($B$9:$B$308,$B46)>1,"Cont trecut de două ori. ","")&IF(AND(N(D46)>0,N(E46)>0),"Sold și debitor, și creditor: trece doar soldul net. ","")&IF(AND(LEFT($B46,3)="531",N(E46)>0),"Casa nu poate avea sold creditor. ","")&IF(AND(LEFT($B46,1)="3",LEFT($B46,2)<>"39",LEFT($B46,3)<>"378",LEFT($B46,3)<>"348",N(E46)>0),"Stoc cu sold creditor: verifică ieșirile. ","")&IF(AND(OR(LEFT($B46,3)="542",LEFT($B46,3)="473",LEFT($B46,3)="581"),N(D46)+N(E46)<>0),"La închiderea anului ar trebui să aibă sold zero. ","")&IF(AND(LEFT($B46,4)="4118",N(D46)>0,SUMPRODUCT((LEFT($B$9:$B$308,3)="491")*1)=0),"Clienți incerți fără ajustare pentru depreciere (491). ","")))
B47: 612 | C47: Cheltuieli cu redevențele, locațiile de gestiune și chiriile | D47: 36000 | F47: 36000 | H47: =IF($B47="","",IF(N(D47)+N(E47)=0,"–",IFERROR(IF(N(D47)-N(E47)>=0,INDEX(MapD,MATCH(LEFT($B47,4),MapCont,0)),INDEX(MapC,MATCH(LEFT($B47,4),MapCont,0))),IFERROR(IF(N(D47)-N(E47)>=0,INDEX(MapD,MATCH(LEFT($B47,3),MapCont,0)),INDEX(MapC,MATCH(LEFT($B47,3),MapCont,0))),"?")))) -> P5b | I47: =IF(OR(H47="",H47="–",H47="?"),0,IF(OR(INDEX(RandTip,MATCH(H47,RandCheie,0))="A",INDEX(RandTip,MATCH(H47,RandCheie,0))="C"),1,-1)*(N(D47)-N(E47))) -> 36000 | J47: =IF($B47="","",IF(N(F47)+N(G47)=0,"–",IFERROR(IF(N(F47)-N(G47)>=0,INDEX(MapD,MATCH(LEFT($B47,4),MapCont,0)),INDEX(MapC,MATCH(LEFT($B47,4),MapCont,0))),IFERROR(IF(N(F47)-N(G47)>=0,INDEX(MapD,MATCH(LEFT($B47,3),MapCont,0)),INDEX(MapC,MATCH(LEFT($B47,3),MapCont,0))),"?")))) -> P5b | K47: =IF(OR(J47="",J47="–",J47="?"),0,IF(OR(INDEX(RandTip,MATCH(J47,RandCheie,0))="A",INDEX(RandTip,MATCH(J47,RandCheie,0))="C"),1,-1)*(N(F47)-N(G47))) -> 36000 | L47: =IF($B47="","",TRIM(IF(OR(H47="?",J47="?"),"Cont fără corespondență: adaugă-l în foaia Corespondențe. ","")&IF(COUNTIF($B$9:$B$308,$B47)>1,"Cont trecut de două ori. ","")&IF(AND(N(D47)>0,N(E47)>0),"Sold și debitor, și creditor: trece doar soldul net. ","")&IF(AND(LEFT($B47,3)="531",N(E47)>0),"Casa nu poate avea sold creditor. ","")&IF(AND(LEFT($B47,1)="3",LEFT($B47,2)<>"39",LEFT($B47,3)<>"378",LEFT($B47,3)<>"348",N(E47)>0),"Stoc cu sold creditor: verifică ieșirile. ","")&IF(AND(OR(LEFT($B47,3)="542",LEFT($B47,3)="473",LEFT($B47,3)="581"),N(D47)+N(E47)<>0),"La închiderea anului ar trebui să aibă sold zero. ","")&IF(AND(LEFT($B47,4)="4118",N(D47)>0,SUMPRODUCT((LEFT($B$9:$B$308,3)="491")*1)=0),"Clienți incerți fără ajustare pentru depreciere (491). ","")))
B48: 613 | C48: Cheltuieli cu primele de asigurare | D48: 4800 | F48: 4600 | H48: =IF($B48="","",IF(N(D48)+N(E48)=0,"–",IFERROR(IF(N(D48)-N(E48)>=0,INDEX(MapD,MATCH(LEFT($B48,4),MapCont,0)),INDEX(MapC,MATCH(LEFT($B48,4),MapCont,0))),IFERROR(IF(N(D48)-N(E48)>=0,INDEX(MapD,MATCH(LEFT($B48,3),MapCont,0)),INDEX(MapC,MATCH(LEFT($B48,3),MapCont,0))),"?")))) -> P5b | I48: =IF(OR(H48="",H48="–",H48="?"),0,IF(OR(INDEX(RandTip,MATCH(H48,RandCheie,0))="A",INDEX(RandTip,MATCH(H48,RandCheie,0))="C"),1,-1)*(N(D48)-N(E48))) -> 4800 | J48: =IF($B48="","",IF(N(F48)+N(G48)=0,"–",IFERROR(IF(N(F48)-N(G48)>=0,INDEX(MapD,MATCH(LEFT($B48,4),MapCont,0)),INDEX(MapC,MATCH(LEFT($B48,4),MapCont,0))),IFERROR(IF(N(F48)-N(G48)>=0,INDEX(MapD,MATCH(LEFT($B48,3),MapCont,0)),INDEX(MapC,MATCH(LEFT($B48,3),MapCont,0))),"?")))) -> P5b | K48: =IF(OR(J48="",J48="–",J48="?"),0,IF(OR(INDEX(RandTip,MATCH(J48,RandCheie,0))="A",INDEX(RandTip,MATCH(J48,RandCheie,0))="C"),1,-1)*(N(F48)-N(G48))) -> 4600 | L48: =IF($B48="","",TRIM(IF(OR(H48="?",J48="?"),"Cont fără corespondență: adaugă-l în foaia Corespondențe. ","")&IF(COUNTIF($B$9:$B$308,$B48)>1,"Cont trecut de două ori. ","")&IF(AND(N(D48)>0,N(E48)>0),"Sold și debitor, și creditor: trece doar soldul net. ","")&IF(AND(LEFT($B48,3)="531",N(E48)>0),"Casa nu poate avea sold creditor. ","")&IF(AND(LEFT($B48,1)="3",LEFT($B48,2)<>"39",LEFT($B48,3)<>"378",LEFT($B48,3)<>"348",N(E48)>0),"Stoc cu sold creditor: verifică ieșirile. ","")&IF(AND(OR(LEFT($B48,3)="542",LEFT($B48,3)="473",LEFT($B48,3)="581"),N(D48)+N(E48)<>0),"La închiderea anului ar trebui să aibă sold zero. ","")&IF(AND(LEFT($B48,4)="4118",N(D48)>0,SUMPRODUCT((LEFT($B$9:$B$308,3)="491")*1)=0),"Clienți incerți fără ajustare pentru depreciere (491). ","")))
B49: 623 | C49: Cheltuieli de protocol, reclamă și publicitate | D49: 9500 | F49: 7800 | H49: =IF($B49="","",IF(N(D49)+N(E49)=0,"–",IFERROR(IF(N(D49)-N(E49)>=0,INDEX(MapD,MATCH(LEFT($B49,4),MapCont,0)),INDEX(MapC,MATCH(LEFT($B49,4),MapCont,0))),IFERROR(IF(N(D49)-N(E49)>=0,INDEX(MapD,MATCH(LEFT($B49,3),MapCont,0)),INDEX(MapC,MATCH(LEFT($B49,3),MapCont,0))),"?")))) -> P5b | I49: =IF(OR(H49="",H49="–",H49="?"),0,IF(OR(INDEX(RandTip,MATCH(H49,RandCheie,0))="A",INDEX(RandTip,MATCH(H49,RandCheie,0))="C"),1,-1)*(N(D49)-N(E49))) -> 9500 | J49: =IF($B49="","",IF(N(F49)+N(G49)=0,"–",IFERROR(IF(N(F49)-N(G49)>=0,INDEX(MapD,MATCH(LEFT($B49,4),MapCont,0)),INDEX(MapC,MATCH(LEFT($B49,4),MapCont,0))),IFERROR(IF(N(F49)-N(G49)>=0,INDEX(MapD,MATCH(LEFT($B49,3),MapCont,0)),INDEX(MapC,MATCH(LEFT($B49,3),MapCont,0))),"?")))) -> P5b | K49: =IF(OR(J49="",J49="–",J49="?"),0,IF(OR(INDEX(RandTip,MATCH(J49,RandCheie,0))="A",INDEX(RandTip,MATCH(J49,RandCheie,0))="C"),1,-1)*(N(F49)-N(G49))) -> 7800 | L49: =IF($B49="","",TRIM(IF(OR(H49="?",J49="?"),"Cont fără corespondență: adaugă-l în foaia Corespondențe. ","")&IF(COUNTIF($B$9:$B$308,$B49)>1,"Cont trecut de două ori. ","")&IF(AND(N(D49)>0,N(E49)>0),"Sold și debitor, și creditor: trece doar soldul net. ","")&IF(AND(LEFT($B49,3)="531",N(E49)>0),"Casa nu poate avea sold creditor. ","")&IF(AND(LEFT($B49,1)="3",LEFT($B49,2)<>"39",LEFT($B49,3)<>"378",LEFT($B49,3)<>"348",N(E49)>0),"Stoc cu sold creditor: verifică ieșirile. ","")&IF(AND(OR(LEFT($B49,3)="542",LEFT($B49,3)="473",LEFT($B49,3)="581"),N(D49)+N(E49)<>0),"La închiderea anului ar trebui să aibă sold zero. ","")&IF(AND(LEFT($B49,4)="4118",N(D49)>0,SUMPRODUCT((LEFT($B$9:$B$308,3)="491")*1)=0),"Clienți incerți fără ajustare pentru depreciere (491). ","")))
B50: 624 | C50: Cheltuieli cu transportul de bunuri și personal | D50: 14600 | F50: 12900 | H50: =IF($B50="","",IF(N(D50)+N(E50)=0,"–",IFERROR(IF(N(D50)-N(E50)>=0,INDEX(MapD,MATCH(LEFT($B50,4),MapCont,0)),INDEX(MapC,MATCH(LEFT($B50,4),MapCont,0))),IFERROR(IF(N(D50)-N(E50)>=0,INDEX(MapD,MATCH(LEFT($B50,3),MapCont,0)),INDEX(MapC,MATCH(LEFT($B50,3),MapCont,0))),"?")))) -> P5b | I50: =IF(OR(H50="",H50="–",H50="?"),0,IF(OR(INDEX(RandTip,MATCH(H50,RandCheie,0))="A",INDEX(RandTip,MATCH(H50,RandCheie,0))="C"),1,-1)*(N(D50)-N(E50))) -> 14600 | J50: =IF($B50="","",IF(N(F50)+N(G50)=0,"–",IFERROR(IF(N(F50)-N(G50)>=0,INDEX(MapD,MATCH(LEFT($B50,4),MapCont,0)),INDEX(MapC,MATCH(LEFT($B50,4),MapCont,0))),IFERROR(IF(N(F50)-N(G50)>=0,INDEX(MapD,MATCH(LEFT($B50,3),MapCont,0)),INDEX(MapC,MATCH(LEFT($B50,3),MapCont,0))),"?")))) -> P5b | K50: =IF(OR(J50="",J50="–",J50="?"),0,IF(OR(INDEX(RandTip,MATCH(J50,RandCheie,0))="A",INDEX(RandTip,MATCH(J50,RandCheie,0))="C"),1,-1)*(N(F50)-N(G50))) -> 12900 | L50: =IF($B50="","",TRIM(IF(OR(H50="?",J50="?"),"Cont fără corespondență: adaugă-l în foaia Corespondențe. ","")&IF(COUNTIF($B$9:$B$308,$B50)>1,"Cont trecut de două ori. ","")&IF(AND(N(D50)>0,N(E50)>0),"Sold și debitor, și creditor: trece doar soldul net. ","")&IF(AND(LEFT($B50,3)="531",N(E50)>0),"Casa nu poate avea sold creditor. ","")&IF(AND(LEFT($B50,1)="3",LEFT($B50,2)<>"39",LEFT($B50,3)<>"378",LEFT($B50,3)<>"348",N(E50)>0),"Stoc cu sold creditor: verifică ieșirile. ","")&IF(AND(OR(LEFT($B50,3)="542",LEFT($B50,3)="473",LEFT($B50,3)="581"),N(D50)+N(E50)<>0),"La închiderea anului ar trebui să aibă sold zero. ","")&IF(AND(LEFT($B50,4)="4118",N(D50)>0,SUMPRODUCT((LEFT($B$9:$B$308,3)="491")*1)=0),"Clienți incerți fără ajustare pentru depreciere (491). ","")))
B51: 626 | C51: Cheltuieli poștale și taxe de telecomunicații | D51: 3900 | F51: 3700 | H51: =IF($B51="","",IF(N(D51)+N(E51)=0,"–",IFERROR(IF(N(D51)-N(E51)>=0,INDEX(MapD,MATCH(LEFT($B51,4),MapCont,0)),INDEX(MapC,MATCH(LEFT($B51,4),MapCont,0))),IFERROR(IF(N(D51)-N(E51)>=0,INDEX(MapD,MATCH(LEFT($B51,3),MapCont,0)),INDEX(MapC,MATCH(LEFT($B51,3),MapCont,0))),"?")))) -> P5b | I51: =IF(OR(H51="",H51="–",H51="?"),0,IF(OR(INDEX(RandTip,MATCH(H51,RandCheie,0))="A",INDEX(RandTip,MATCH(H51,RandCheie,0))="C"),1,-1)*(N(D51)-N(E51))) -> 3900 | J51: =IF($B51="","",IF(N(F51)+N(G51)=0,"–",IFERROR(IF(N(F51)-N(G51)>=0,INDEX(MapD,MATCH(LEFT($B51,4),MapCont,0)),INDEX(MapC,MATCH(LEFT($B51,4),MapCont,0))),IFERROR(IF(N(F51)-N(G51)>=0,INDEX(MapD,MATCH(LEFT($B51,3),MapCont,0)),INDEX(MapC,MATCH(LEFT($B51,3),MapCont,0))),"?")))) -> P5b | K51: =IF(OR(J51="",J51="–",J51="?"),0,IF(OR(INDEX(RandTip,MATCH(J51,RandCheie,0))="A",INDEX(RandTip,MATCH(J51,RandCheie,0))="C"),1,-1)*(N(F51)-N(G51))) -> 3700 | L51: =IF($B51="","",TRIM(IF(OR(H51="?",J51="?"),"Cont fără corespondență: adaugă-l în foaia Corespondențe. ","")&IF(COUNTIF($B$9:$B$308,$B51)>1,"Cont trecut de două ori. ","")&IF(AND(N(D51)>0,N(E51)>0),"Sold și debitor, și creditor: trece doar soldul net. ","")&IF(AND(LEFT($B51,3)="531",N(E51)>0),"Casa nu poate avea sold creditor. ","")&IF(AND(LEFT($B51,1)="3",LEFT($B51,2)<>"39",LEFT($B51,3)<>"378",LEFT($B51,3)<>"348",N(E51)>0),"Stoc cu sold creditor: verifică ieșirile. ","")&IF(AND(OR(LEFT($B51,3)="542",LEFT($B51,3)="473",LEFT($B51,3)="581"),N(D51)+N(E51)<>0),"La închiderea anului ar trebui să aibă sold zero. ","")&IF(AND(LEFT($B51,4)="4118",N(D51)>0,SUMPRODUCT((LEFT($B$9:$B$308,3)="491")*1)=0),"Clienți incerți fără ajustare pentru depreciere (491). ","")))
B52: 628 | C52: Alte cheltuieli cu serviciile executate de terți | D52: 11200 | F52: 10100 | H52: =IF($B52="","",IF(N(D52)+N(E52)=0,"–",IFERROR(IF(N(D52)-N(E52)>=0,INDEX(MapD,MATCH(LEFT($B52,4),MapCont,0)),INDEX(MapC,MATCH(LEFT($B52,4),MapCont,0))),IFERROR(IF(N(D52)-N(E52)>=0,INDEX(MapD,MATCH(LEFT($B52,3),MapCont,0)),INDEX(MapC,MATCH(LEFT($B52,3),MapCont,0))),"?")))) -> P5b | I52: =IF(OR(H52="",H52="–",H52="?"),0,IF(OR(INDEX(RandTip,MATCH(H52,RandCheie,0))="A",INDEX(RandTip,MATCH(H52,RandCheie,0))="C"),1,-1)*(N(D52)-N(E52))) -> 11200 | J52: =IF($B52="","",IF(N(F52)+N(G52)=0,"–",IFERROR(IF(N(F52)-N(G52)>=0,INDEX(MapD,MATCH(LEFT($B52,4),MapCont,0)),INDEX(MapC,MATCH(LEFT($B52,4),MapCont,0))),IFERROR(IF(N(F52)-N(G52)>=0,INDEX(MapD,MATCH(LEFT($B52,3),MapCont,0)),INDEX(MapC,MATCH(LEFT($B52,3),MapCont,0))),"?")))) -> P5b | K52: =IF(OR(J52="",J52="–",J52="?"),0,IF(OR(INDEX(RandTip,MATCH(J52,RandCheie,0))="A",INDEX(RandTip,MATCH(J52,RandCheie,0))="C"),1,-1)*(N(F52)-N(G52))) -> 10100 | L52: =IF($B52="","",TRIM(IF(OR(H52="?",J52="?"),"Cont fără corespondență: adaugă-l în foaia Corespondențe. ","")&IF(COUNTIF($B$9:$B$308,$B52)>1,"Cont trecut de două ori. ","")&IF(AND(N(D52)>0,N(E52)>0),"Sold și debitor, și creditor: trece doar soldul net. ","")&IF(AND(LEFT($B52,3)="531",N(E52)>0),"Casa nu poate avea sold creditor. ","")&IF(AND(LEFT($B52,1)="3",LEFT($B52,2)<>"39",LEFT($B52,3)<>"378",LEFT($B52,3)<>"348",N(E52)>0),"Stoc cu sold creditor: verifică ieșirile. ","")&IF(AND(OR(LEFT($B52,3)="542",LEFT($B52,3)="473",LEFT($B52,3)="581"),N(D52)+N(E52)<>0),"La închiderea anului ar trebui să aibă sold zero. ","")&IF(AND(LEFT($B52,4)="4118",N(D52)>0,SUMPRODUCT((LEFT($B$9:$B$308,3)="491")*1)=0),"Clienți incerți fără ajustare pentru depreciere (491). ","")))
B53: 635 | C53: Cheltuieli cu alte impozite, taxe și vărsăminte asimilate | D53: 3100 | F53: 2900 | H53: =IF($B53="","",IF(N(D53)+N(E53)=0,"–",IFERROR(IF(N(D53)-N(E53)>=0,INDEX(MapD,MATCH(LEFT($B53,4),MapCont,0)),INDEX(MapC,MATCH(LEFT($B53,4),MapCont,0))),IFERROR(IF(N(D53)-N(E53)>=0,INDEX(MapD,MATCH(LEFT($B53,3),MapCont,0)),INDEX(MapC,MATCH(LEFT($B53,3),MapCont,0))),"?")))) -> P8 | I53: =IF(OR(H53="",H53="–",H53="?"),0,IF(OR(INDEX(RandTip,MATCH(H53,RandCheie,0))="A",INDEX(RandTip,MATCH(H53,RandCheie,0))="C"),1,-1)*(N(D53)-N(E53))) -> 3100 | J53: =IF($B53="","",IF(N(F53)+N(G53)=0,"–",IFERROR(IF(N(F53)-N(G53)>=0,INDEX(MapD,MATCH(LEFT($B53,4),MapCont,0)),INDEX(MapC,MATCH(LEFT($B53,4),MapCont,0))),IFERROR(IF(N(F53)-N(G53)>=0,INDEX(MapD,MATCH(LEFT($B53,3),MapCont,0)),INDEX(MapC,MATCH(LEFT($B53,3),MapCont,0))),"?")))) -> P8 | K53: =IF(OR(J53="",J53="–",J53="?"),0,IF(OR(INDEX(RandTip,MATCH(J53,RandCheie,0))="A",INDEX(RandTip,MATCH(J53,RandCheie,0))="C"),1,-1)*(N(F53)-N(G53))) -> 2900 | L53: =IF($B53="","",TRIM(IF(OR(H53="?",J53="?"),"Cont fără corespondență: adaugă-l în foaia Corespondențe. ","")&IF(COUNTIF($B$9:$B$308,$B53)>1,"Cont trecut de două ori. ","")&IF(AND(N(D53)>0,N(E53)>0),"Sold și debitor, și creditor: trece doar soldul net. ","")&IF(AND(LEFT($B53,3)="531",N(E53)>0),"Casa nu poate avea sold creditor. ","")&IF(AND(LEFT($B53,1)="3",LEFT($B53,2)<>"39",LEFT($B53,3)<>"378",LEFT($B53,3)<>"348",N(E53)>0),"Stoc cu sold creditor: verifică ieșirile. ","")&IF(AND(OR(LEFT($B53,3)="542",LEFT($B53,3)="473",LEFT($B53,3)="581"),N(D53)+N(E53)<>0),"La închiderea anului ar trebui să aibă sold zero. ","")&IF(AND(LEFT($B53,4)="4118",N(D53)>0,SUMPRODUCT((LEFT($B$9:$B$308,3)="491")*1)=0),"Clienți incerți fără ajustare pentru depreciere (491). ","")))
B54: 641 | C54: Cheltuieli cu salariile personalului | D54: 142000 | F54: 128000 | H54: =IF($B54="","",IF(N(D54)+N(E54)=0,"–",IFERROR(IF(N(D54)-N(E54)>=0,INDEX(MapD,MATCH(LEFT($B54,4),MapCont,0)),INDEX(MapC,MATCH(LEFT($B54,4),MapCont,0))),IFERROR(IF(N(D54)-N(E54)>=0,INDEX(MapD,MATCH(LEFT($B54,3),MapCont,0)),INDEX(MapC,MATCH(LEFT($B54,3),MapCont,0))),"?")))) -> P6 | I54: =IF(OR(H54="",H54="–",H54="?"),0,IF(OR(INDEX(RandTip,MATCH(H54,RandCheie,0))="A",INDEX(RandTip,MATCH(H54,RandCheie,0))="C"),1,-1)*(N(D54)-N(E54))) -> 142000 | J54: =IF($B54="","",IF(N(F54)+N(G54)=0,"–",IFERROR(IF(N(F54)-N(G54)>=0,INDEX(MapD,MATCH(LEFT($B54,4),MapCont,0)),INDEX(MapC,MATCH(LEFT($B54,4),MapCont,0))),IFERROR(IF(N(F54)-N(G54)>=0,INDEX(MapD,MATCH(LEFT($B54,3),MapCont,0)),INDEX(MapC,MATCH(LEFT($B54,3),MapCont,0))),"?")))) -> P6 | K54: =IF(OR(J54="",J54="–",J54="?"),0,IF(OR(INDEX(RandTip,MATCH(J54,RandCheie,0))="A",INDEX(RandTip,MATCH(J54,RandCheie,0))="C"),1,-1)*(N(F54)-N(G54))) -> 128000 | L54: =IF($B54="","",TRIM(IF(OR(H54="?",J54="?"),"Cont fără corespondență: adaugă-l în foaia Corespondențe. ","")&IF(COUNTIF($B$9:$B$308,$B54)>1,"Cont trecut de două ori. ","")&IF(AND(N(D54)>0,N(E54)>0),"Sold și debitor, și creditor: trece doar soldul net. ","")&IF(AND(LEFT($B54,3)="531",N(E54)>0),"Casa nu poate avea sold creditor. ","")&IF(AND(LEFT($B54,1)="3",LEFT($B54,2)<>"39",LEFT($B54,3)<>"378",LEFT($B54,3)<>"348",N(E54)>0),"Stoc cu sold creditor: verifică ieșirile. ","")&IF(AND(OR(LEFT($B54,3)="542",LEFT($B54,3)="473",LEFT($B54,3)="581"),N(D54)+N(E54)<>0),"La închiderea anului ar trebui să aibă sold zero. ","")&IF(AND(LEFT($B54,4)="4118",N(D54)>0,SUMPRODUCT((LEFT($B$9:$B$308,3)="491")*1)=0),"Clienți incerți fără ajustare pentru depreciere (491). ","")))
... B58: 6811 | C58: Cheltuieli de exploatare privind amortizarea imobilizărilor | D58: 26500 | F58: 23500 | H58: =IF($B58="","",IF(N(D58)+N(E58)=0,"–",IFERROR(IF(N(D58)-N(E58)>=0,INDEX(MapD,MATCH(LEFT($B58,4),MapCont,0)),INDEX(MapC,MATCH(LEFT($B58,4),MapCont,0))),IFERROR(IF(N(D58)-N(E58)>=0,INDEX(MapD,MATCH(LEFT($B58,3),MapCont,0)),INDEX(MapC,MATCH(LEFT($B58,3),MapCont,0))),"?")))) -> P7a | I58: =IF(OR(H58="",H58="–",H58="?"),0,IF(OR(INDEX(RandTip,MATCH(H58,RandCheie,0))="A",INDEX(RandTip,MATCH(H58,RandCheie,0))="C"),1,-1)*(N(D58)-N(E58))) -> 26500 | J58: =IF($B58="","",IF(N(F58)+N(G58)=0,"–",IFERROR(IF(N(F58)-N(G58)>=0,INDEX(MapD,MATCH(LEFT($B58,4),MapCont,0)),INDEX(MapC,MATCH(LEFT($B58,4),MapCont,0))),IFERROR(IF(N(F58)-N(G58)>=0,INDEX(MapD,MATCH(LEFT($B58,3),MapCont,0)),INDEX(MapC,MATCH(LEFT($B58,3),MapCont,0))),"?")))) -> P7a | K58: =IF(OR(J58="",J58="–",J58="?"),0,IF(OR(INDEX(RandTip,MATCH(J58,RandCheie,0))="A",INDEX(RandTip,MATCH(J58,RandCheie,0))="C"),1,-1)*(N(F58)-N(G58))) -> 23500 | L58: =IF($B58="","",TRIM(IF(OR(H58="?",J58="?"),"Cont fără corespondență: adaugă-l în foaia Corespondențe. ","")&IF(COUNTIF($B$9:$B$308,$B58)>1,"Cont trecut de două ori. ","")&IF(AND(N(D58)>0,N(E58)>0),"Sold și debitor, și creditor: trece doar soldul net. ","")&IF(AND(LEFT($B58,3)="531",N(E58)>0),"Casa nu poate avea sold creditor. ","")&IF(AND(LEFT($B58,1)="3",LEFT($B58,2)<>"39",LEFT($B58,3)<>"378",LEFT($B58,3)<>"348",N(E58)>0),"Stoc cu sold creditor: verifică ieșirile. ","")&IF(AND(OR(LEFT($B58,3)="542",LEFT($B58,3)="473",LEFT($B58,3)="581"),N(D58)+N(E58)<>0),"La închiderea anului ar trebui să aibă sold zero. ","")&IF(AND(LEFT($B58,4)="4118",N(D58)>0,SUMPRODUCT((LEFT($B$9:$B$308,3)="491")*1)=0),"Clienți incerți fără ajustare pentru depreciere (491). ","")))
B59: 6814 | C59: Cheltuieli de exploatare privind ajustările pentru deprecierea activelor circulante | D59: 4000 | H59: =IF($B59="","",IF(N(D59)+N(E59)=0,"–",IFERROR(IF(N(D59)-N(E59)>=0,INDEX(MapD,MATCH(LEFT($B59,4),MapCont,0)),INDEX(MapC,MATCH(LEFT($B59,4),MapCont,0))),IFERROR(IF(N(D59)-N(E59)>=0,INDEX(MapD,MATCH(LEFT($B59,3),MapCont,0)),INDEX(MapC,MATCH(LEFT($B59,3),MapCont,0))),"?")))) -> P8 | I59: =IF(OR(H59="",H59="–",H59="?"),0,IF(OR(INDEX(RandTip,MATCH(H59,RandCheie,0))="A",INDEX(RandTip,MATCH(H59,RandCheie,0))="C"),1,-1)*(N(D59)-N(E59))) -> 4000 | J59: =IF($B59="","",IF(N(F59)+N(G59)=0,"–",IFERROR(IF(N(F59)-N(G59)>=0,INDEX(MapD,MATCH(LEFT($B59,4),MapCont,0)),INDEX(MapC,MATCH(LEFT($B59,4),MapCont,0))),IFERROR(IF(N(F59)-N(G59)>=0,INDEX(MapD,MATCH(LEFT($B59,3),MapCont,0)),INDEX(MapC,MATCH(LEFT($B59,3),MapCont,0))),"?")))) -> – | K59: =IF(OR(J59="",J59="–",J59="?"),0,IF(OR(INDEX(RandTip,MATCH(J59,RandCheie,0))="A",INDEX(RandTip,MATCH(J59,RandCheie,0))="C"),1,-1)*(N(F59)-N(G59))) -> 0 | L59: =IF($B59="","",TRIM(IF(OR(H59="?",J59="?"),"Cont fără corespondență: adaugă-l în foaia Corespondențe. ","")&IF(COUNTIF($B$9:$B$308,$B59)>1,"Cont trecut de două ori. ","")&IF(AND(N(D59)>0,N(E59)>0),"Sold și debitor, și creditor: trece doar soldul net. ","")&IF(AND(LEFT($B59,3)="531",N(E59)>0),"Casa nu poate avea sold creditor. ","")&IF(AND(LEFT($B59,1)="3",LEFT($B59,2)<>"39",LEFT($B59,3)<>"378",LEFT($B59,3)<>"348",N(E59)>0),"Stoc cu sold creditor: verifică ieșirile. ","")&IF(AND(OR(LEFT($B59,3)="542",LEFT($B59,3)="473",LEFT($B59,3)="581"),N(D59)+N(E59)<>0),"La închiderea anului ar trebui să aibă sold zero. ","")&IF(AND(LEFT($B59,4)="4118",N(D59)>0,SUMPRODUCT((LEFT($B$9:$B$308,3)="491")*1)=0),"Clienți incerți fără ajustare pentru depreciere (491). ","")))
B60: 691 | C60: Cheltuieli cu impozitul pe profit | D60: 9600 | F60: 8200 | H60: =IF($B60="","",IF(N(D60)+N(E60)=0,"–",IFERROR(IF(N(D60)-N(E60)>=0,INDEX(MapD,MATCH(LEFT($B60,4),MapCont,0)),INDEX(MapC,MATCH(LEFT($B60,4),MapCont,0))),IFERROR(IF(N(D60)-N(E60)>=0,INDEX(MapD,MATCH(LEFT($B60,3),MapCont,0)),INDEX(MapC,MATCH(LEFT($B60,3),MapCont,0))),"?")))) -> P14 | I60: =IF(OR(H60="",H60="–",H60="?"),0,IF(OR(INDEX(RandTip,MATCH(H60,RandCheie,0))="A",INDEX(RandTip,MATCH(H60,RandCheie,0))="C"),1,-1)*(N(D60)-N(E60))) -> 9600 | J60: =IF($B60="","",IF(N(F60)+N(G60)=0,"–",IFERROR(IF(N(F60)-N(G60)>=0,INDEX(MapD,MATCH(LEFT($B60,4),MapCont,0)),INDEX(MapC,MATCH(LEFT($B60,4),MapCont,0))),IFERROR(IF(N(F60)-N(G60)>=0,INDEX(MapD,MATCH(LEFT($B60,3),MapCont,0)),INDEX(MapC,MATCH(LEFT($B60,3),MapCont,0))),"?")))) -> P14 | K60: =IF(OR(J60="",J60="–",J60="?"),0,IF(OR(INDEX(RandTip,MATCH(J60,RandCheie,0))="A",INDEX(RandTip,MATCH(J60,RandCheie,0))="C"),1,-1)*(N(F60)-N(G60))) -> 8200 | L60: =IF($B60="","",TRIM(IF(OR(H60="?",J60="?"),"Cont fără corespondență: adaugă-l în foaia Corespondențe. ","")&IF(COUNTIF($B$9:$B$308,$B60)>1,"Cont trecut de două ori. ","")&IF(AND(N(D60)>0,N(E60)>0),"Sold și debitor, și creditor: trece doar soldul net. ","")&IF(AND(LEFT($B60,3)="531",N(E60)>0),"Casa nu poate avea sold creditor. ","")&IF(AND(LEFT($B60,1)="3",LEFT($B60,2)<>"39",LEFT($B60,3)<>"378",LEFT($B60,3)<>"348",N(E60)>0),"Stoc cu sold creditor: verifică ieșirile. ","")&IF(AND(OR(LEFT($B60,3)="542",LEFT($B60,3)="473",LEFT($B60,3)="581"),N(D60)+N(E60)<>0),"La închiderea anului ar trebui să aibă sold zero. ","")&IF(AND(LEFT($B60,4)="4118",N(D60)>0,SUMPRODUCT((LEFT($B$9:$B$308,3)="491")*1)=0),"Clienți incerți fără ajustare pentru depreciere (491). ","")))
B61: 704 | C61: Venituri din servicii prestate | E61: 96000 | G61: 81000 | H61: =IF($B61="","",IF(N(D61)+N(E61)=0,"–",IFERROR(IF(N(D61)-N(E61)>=0,INDEX(MapD,MATCH(LEFT($B61,4),MapCont,0)),INDEX(MapC,MATCH(LEFT($B61,4),MapCont,0))),IFERROR(IF(N(D61)-N(E61)>=0,INDEX(MapD,MATCH(LEFT($B61,3),MapCont,0)),INDEX(MapC,MATCH(LEFT($B61,3),MapCont,0))),"?")))) -> P1 | I61: =IF(OR(H61="",H61="–",H61="?"),0,IF(OR(INDEX(RandTip,MATCH(H61,RandCheie,0))="A",INDEX(RandTip,MATCH(H61,RandCheie,0))="C"),1,-1)*(N(D61)-N(E61))) -> 96000 | J61: =IF($B61="","",IF(N(F61)+N(G61)=0,"–",IFERROR(IF(N(F61)-N(G61)>=0,INDEX(MapD,MATCH(LEFT($B61,4),MapCont,0)),INDEX(MapC,MATCH(LEFT($B61,4),MapCont,0))),IFERROR(IF(N(F61)-N(G61)>=0,INDEX(MapD,MATCH(LEFT($B61,3),MapCont,0)),INDEX(MapC,MATCH(LEFT($B61,3),MapCont,0))),"?")))) -> P1 | K61: =IF(OR(J61="",J61="–",J61="?"),0,IF(OR(INDEX(RandTip,MATCH(J61,RandCheie,0))="A",INDEX(RandTip,MATCH(J61,RandCheie,0))="C"),1,-1)*(N(F61)-N(G61))) -> 81000 | L61: =IF($B61="","",TRIM(IF(OR(H61="?",J61="?"),"Cont fără corespondență: adaugă-l în foaia Corespondențe. ","")&IF(COUNTIF($B$9:$B$308,$B61)>1,"Cont trecut de două ori. ","")&IF(AND(N(D61)>0,N(E61)>0),"Sold și debitor, și creditor: trece doar soldul net. ","")&IF(AND(LEFT($B61,3)="531",N(E61)>0),"Casa nu poate avea sold creditor. ","")&IF(AND(LEFT($B61,1)="3",LEFT($B61,2)<>"39",LEFT($B61,3)<>"378",LEFT($B61,3)<>"348",N(E61)>0),"Stoc cu sold creditor: verifică ieșirile. ","")&IF(AND(OR(LEFT($B61,3)="542",LEFT($B61,3)="473",LEFT($B61,3)="581"),N(D61)+N(E61)<>0),"La închiderea anului ar trebui să aibă sold zero. ","")&IF(AND(LEFT($B61,4)="4118",N(D61)>0,SUMPRODUCT((LEFT($B$9:$B$308,3)="491")*1)=0),"Clienți incerți fără ajustare pentru depreciere (491). ","")))
B62: 707 | C62: Venituri din vânzarea mărfurilor | E62: 820000 | G62: 742000 | H62: =IF($B62="","",IF(N(D62)+N(E62)=0,"–",IFERROR(IF(N(D62)-N(E62)>=0,INDEX(MapD,MATCH(LEFT($B62,4),MapCont,0)),INDEX(MapC,MATCH(LEFT($B62,4),MapCont,0))),IFERROR(IF(N(D62)-N(E62)>=0,INDEX(MapD,MATCH(LEFT($B62,3),MapCont,0)),INDEX(MapC,MATCH(LEFT($B62,3),MapCont,0))),"?")))) -> P1 | I62: =IF(OR(H62="",H62="–",H62="?"),0,IF(OR(INDEX(RandTip,MATCH(H62,RandCheie,0))="A",INDEX(RandTip,MATCH(H62,RandCheie,0))="C"),1,-1)*(N(D62)-N(E62))) -> 820000 | J62: =IF($B62="","",IF(N(F62)+N(G62)=0,"–",IFERROR(IF(N(F62)-N(G62)>=0,INDEX(MapD,MATCH(LEFT($B62,4),MapCont,0)),INDEX(MapC,MATCH(LEFT($B62,4),MapCont,0))),IFERROR(IF(N(F62)-N(G62)>=0,INDEX(MapD,MATCH(LEFT($B62,3),MapCont,0)),INDEX(MapC,MATCH(LEFT($B62,3),MapCont,0))),"?")))) -> P1 | K62: =IF(OR(J62="",J62="–",J62="?"),0,IF(OR(INDEX(RandTip,MATCH(J62,RandCheie,0))="A",INDEX(RandTip,MATCH(J62,RandCheie,0))="C"),1,-1)*(N(F62)-N(G62))) -> 742000 | L62: =IF($B62="","",TRIM(IF(OR(H62="?",J62="?"),"Cont fără corespondență: adaugă-l în foaia Corespondențe. ","")&IF(COUNTIF($B$9:$B$308,$B62)>1,"Cont trecut de două ori. ","")&IF(AND(N(D62)>0,N(E62)>0),"Sold și debitor, și creditor: trece doar soldul net. ","")&IF(AND(LEFT($B62,3)="531",N(E62)>0),"Casa nu poate avea sold creditor. ","")&IF(AND(LEFT($B62,1)="3",LEFT($B62,2)<>"39",LEFT($B62,3)<>"378",LEFT($B62,3)<>"348",N(E62)>0),"Stoc cu sold creditor: verifică ieșirile. ","")&IF(AND(OR(LEFT($B62,3)="542",LEFT($B62,3)="473",LEFT($B62,3)="581"),N(D62)+N(E62)<>0),"La închiderea anului ar trebui să aibă sold zero. ","")&IF(AND(LEFT($B62,4)="4118",N(D62)>0,SUMPRODUCT((LEFT($B$9:$B$308,3)="491")*1)=0),"Clienți incerți fără ajustare pentru depreciere (491). ","")))
B63: 709 | C63: Reduceri comerciale acordate | D63: 6000 | F63: 4500 | H63: =IF($B63="","",IF(N(D63)+N(E63)=0,"–",IFERROR(IF(N(D63)-N(E63)>=0,INDEX(MapD,MATCH(LEFT($B63,4),MapCont,0)),INDEX(MapC,MATCH(LEFT($B63,4),MapCont,0))),IFERROR(IF(N(D63)-N(E63)>=0,INDEX(MapD,MATCH(LEFT($B63,3),MapCont,0)),INDEX(MapC,MATCH(LEFT($B63,3),MapCont,0))),"?")))) -> P1 | I63: =IF(OR(H63="",H63="–",H63="?"),0,IF(OR(INDEX(RandTip,MATCH(H63,RandCheie,0))="A",INDEX(RandTip,MATCH(H63,RandCheie,0))="C"),1,-1)*(N(D63)-N(E63))) -> -6000 | J63: =IF($B63="","",IF(N(F63)+N(G63)=0,"–",IFERROR(IF(N(F63)-N(G63)>=0,INDEX(MapD,MATCH(LEFT($B63,4),MapCont,0)),INDEX(MapC,MATCH(LEFT($B63,4),MapCont,0))),IFERROR(IF(N(F63)-N(G63)>=0,INDEX(MapD,MATCH(LEFT($B63,3),MapCont,0)),INDEX(MapC,MATCH(LEFT($B63,3),MapCont,0))),"?")))) -> P1 | K63: =IF(OR(J63="",J63="–",J63="?"),0,IF(OR(INDEX(RandTip,MATCH(J63,RandCheie,0))="A",INDEX(RandTip,MATCH(J63,RandCheie,0))="C"),1,-1)*(N(F63)-N(G63))) -> -4500 | L63: =IF($B63="","",TRIM(IF(OR(H63="?",J63="?"),"Cont fără corespondență: adaugă-l în foaia Corespondențe. ","")&IF(COUNTIF($B$9:$B$308,$B63)>1,"Cont trecut de două ori. ","")&IF(AND(N(D63)>0,N(E63)>0),"Sold și debitor, și creditor: trece doar soldul net. ","")&IF(AND(LEFT($B63,3)="531",N(E63)>0),"Casa nu poate avea sold creditor. ","")&IF(AND(LEFT($B63,1)="3",LEFT($B63,2)<>"39",LEFT($B63,3)<>"378",LEFT($B63,3)<>"348",N(E63)>0),"Stoc cu sold creditor: verifică ieșirile. ","")&IF(AND(OR(LEFT($B63,3)="542",LEFT($B63,3)="473",LEFT($B63,3)="581"),N(D63)+N(E63)<>0),"La închiderea anului ar trebui să aibă sold zero. ","")&IF(AND(LEFT($B63,4)="4118",N(D63)>0,SUMPRODUCT((LEFT($B$9:$B$308,3)="491")*1)=0),"Clienți incerți fără ajustare pentru depreciere (491). ","")))
B64: 758 | C64: Alte venituri din exploatare | E64: 1500 | G64: 900 | H64: =IF($B64="","",IF(N(D64)+N(E64)=0,"–",IFERROR(IF(N(D64)-N(E64)>=0,INDEX(MapD,MATCH(LEFT($B64,4),MapCont,0)),INDEX(MapC,MATCH(LEFT($B64,4),MapCont,0))),IFERROR(IF(N(D64)-N(E64)>=0,INDEX(MapD,MATCH(LEFT($B64,3),MapCont,0)),INDEX(MapC,MATCH(LEFT($B64,3),MapCont,0))),"?")))) -> P4 | I64: =IF(OR(H64="",H64="–",H64="?"),0,IF(OR(INDEX(RandTip,MATCH(H64,RandCheie,0))="A",INDEX(RandTip,MATCH(H64,RandCheie,0))="C"),1,-1)*(N(D64)-N(E64))) -> 1500 | J64: =IF($B64="","",IF(N(F64)+N(G64)=0,"–",IFERROR(IF(N(F64)-N(G64)>=0,INDEX(MapD,MATCH(LEFT($B64,4),MapCont,0)),INDEX(MapC,MATCH(LEFT($B64,4),MapCont,0))),IFERROR(IF(N(F64)-N(G64)>=0,INDEX(MapD,MATCH(LEFT($B64,3),MapCont,0)),INDEX(MapC,MATCH(LEFT($B64,3),MapCont,0))),"?")))) -> P4 | K64: =IF(OR(J64="",J64="–",J64="?"),0,IF(OR(INDEX(RandTip,MATCH(J64,RandCheie,0))="A",INDEX(RandTip,MATCH(J64,RandCheie,0))="C"),1,-1)*(N(F64)-N(G64))) -> 900 | L64: =IF($B64="","",TRIM(IF(OR(H64="?",J64="?"),"Cont fără corespondență: adaugă-l în foaia Corespondențe. ","")&IF(COUNTIF($B$9:$B$308,$B64)>1,"Cont trecut de două ori. ","")&IF(AND(N(D64)>0,N(E64)>0),"Sold și debitor, și creditor: trece doar soldul net. ","")&IF(AND(LEFT($B64,3)="531",N(E64)>0),"Casa nu poate avea sold creditor. ","")&IF(AND(LEFT($B64,1)="3",LEFT($B64,2)<>"39",LEFT($B64,3)<>"378",LEFT($B64,3)<>"348",N(E64)>0),"Stoc cu sold creditor: verifică ieșirile. ","")&IF(AND(OR(LEFT($B64,3)="542",LEFT($B64,3)="473",LEFT($B64,3)="581"),N(D64)+N(E64)<>0),"La închiderea anului ar trebui să aibă sold zero. ","")&IF(AND(LEFT($B64,4)="4118",N(D64)>0,SUMPRODUCT((LEFT($B$9:$B$308,3)="491")*1)=0),"Clienți incerți fără ajustare pentru depreciere (491). ","")))
B65: 766 | C65: Venituri din dobânzi | E65: 300 | G65: 200 | H65: =IF($B65="","",IF(N(D65)+N(E65)=0,"–",IFERROR(IF(N(D65)-N(E65)>=0,INDEX(MapD,MATCH(LEFT($B65,4),MapCont,0)),INDEX(MapC,MATCH(LEFT($B65,4),MapCont,0))),IFERROR(IF(N(D65)-N(E65)>=0,INDEX(MapD,MATCH(LEFT($B65,3),MapCont,0)),INDEX(MapC,MATCH(LEFT($B65,3),MapCont,0))),"?")))) -> P11 | I65: =IF(OR(H65="",H65="–",H65="?"),0,IF(OR(INDEX(RandTip,MATCH(H65,RandCheie,0))="A",INDEX(RandTip,MATCH(H65,RandCheie,0))="C"),1,-1)*(N(D65)-N(E65))) -> 300 | J65: =IF($B65="","",IF(N(F65)+N(G65)=0,"–",IFERROR(IF(N(F65)-N(G65)>=0,INDEX(MapD,MATCH(LEFT($B65,4),MapCont,0)),INDEX(MapC,MATCH(LEFT($B65,4),MapCont,0))),IFERROR(IF(N(F65)-N(G65)>=0,INDEX(MapD,MATCH(LEFT($B65,3),MapCont,0)),INDEX(MapC,MATCH(LEFT($B65,3),MapCont,0))),"?")))) -> P11 | K65: =IF(OR(J65="",J65="–",J65="?"),0,IF(OR(INDEX(RandTip,MATCH(J65,RandCheie,0))="A",INDEX(RandTip,MATCH(J65,RandCheie,0))="C"),1,-1)*(N(F65)-N(G65))) -> 200 | L65: =IF($B65="","",TRIM(IF(OR(H65="?",J65="?"),"Cont fără corespondență: adaugă-l în foaia Corespondențe. ","")&IF(COUNTIF($B$9:$B$308,$B65)>1,"Cont trecut de două ori. ","")&IF(AND(N(D65)>0,N(E65)>0),"Sold și debitor, și creditor: trece doar soldul net. ","")&IF(AND(LEFT($B65,3)="531",N(E65)>0),"Casa nu poate avea sold creditor. ","")&IF(AND(LEFT($B65,1)="3",LEFT($B65,2)<>"39",LEFT($B65,3)<>"378",LEFT($B65,3)<>"348",N(E65)>0),"Stoc cu sold creditor: verifică ieșirile. ","")&IF(AND(OR(LEFT($B65,3)="542",LEFT($B65,3)="473",LEFT($B65,3)="581"),N(D65)+N(E65)<>0),"La închiderea anului ar trebui să aibă sold zero. ","")&IF(AND(LEFT($B65,4)="4118",N(D65)>0,SUMPRODUCT((LEFT($B$9:$B$308,3)="491")*1)=0),"Clienți incerți fără ajustare pentru depreciere (491). ","")))
H66: =IF($B66="","",IF(N(D66)+N(E66)=0,"–",IFERROR(IF(N(D66)-N(E66)>=0,INDEX(MapD,MATCH(LEFT($B66,4),MapCont,0)),INDEX(MapC,MATCH(LEFT($B66,4),MapCont,0))),IFERROR(IF(N(D66)-N(E66)>=0,INDEX(MapD,MATCH(LEFT($B66,3),MapCont,0)),INDEX(MapC,MATCH(LEFT($B66,3),MapCont,0))),"?")))) | I66: =IF(OR(H66="",H66="–",H66="?"),0,IF(OR(INDEX(RandTip,MATCH(H66,RandCheie,0))="A",INDEX(RandTip,MATCH(H66,RandCheie,0))="C"),1,-1)*(N(D66)-N(E66))) -> 0 | J66: =IF($B66="","",IF(N(F66)+N(G66)=0,"–",IFERROR(IF(N(F66)-N(G66)>=0,INDEX(MapD,MATCH(LEFT($B66,4),MapCont,0)),INDEX(MapC,MATCH(LEFT($B66,4),MapCont,0))),IFERROR(IF(N(F66)-N(G66)>=0,INDEX(MapD,MATCH(LEFT($B66,3),MapCont,0)),INDEX(MapC,MATCH(LEFT($B66,3),MapCont,0))),"?")))) | K66: =IF(OR(J66="",J66="–",J66="?"),0,IF(OR(INDEX(RandTip,MATCH(J66,RandCheie,0))="A",INDEX(RandTip,MATCH(J66,RandCheie,0))="C"),1,-1)*(N(F66)-N(G66))) -> 0 | L66: =IF($B66="","",TRIM(IF(OR(H66="?",J66="?"),"Cont fără corespondență: adaugă-l în foaia Corespondențe. ","")&IF(COUNTIF($B$9:$B$308,$B66)>1,"Cont trecut de două ori. ","")&IF(AND(N(D66)>0,N(E66)>0),"Sold și debitor, și creditor: trece doar soldul net. ","")&IF(AND(LEFT($B66,3)="531",N(E66)>0),"Casa nu poate avea sold creditor. ","")&IF(AND(LEFT($B66,1)="3",LEFT($B66,2)<>"39",LEFT($B66,3)<>"378",LEFT($B66,3)<>"348",N(E66)>0),"Stoc cu sold creditor: verifică ieșirile. ","")&IF(AND(OR(LEFT($B66,3)="542",LEFT($B66,3)="473",LEFT($B66,3)="581"),N(D66)+N(E66)<>0),"La închiderea anului ar trebui să aibă sold zero. ","")&IF(AND(LEFT($B66,4)="4118",N(D66)>0,SUMPRODUCT((LEFT($B$9:$B$308,3)="491")*1)=0),"Clienți incerți fără ajustare pentru depreciere (491). ","")))
H67: =IF($B67="","",IF(N(D67)+N(E67)=0,"–",IFERROR(IF(N(D67)-N(E67)>=0,INDEX(MapD,MATCH(LEFT($B67,4),MapCont,0)),INDEX(MapC,MATCH(LEFT($B67,4),MapCont,0))),IFERROR(IF(N(D67)-N(E67)>=0,INDEX(MapD,MATCH(LEFT($B67,3),MapCont,0)),INDEX(MapC,MATCH(LEFT($B67,3),MapCont,0))),"?")))) | I67: =IF(OR(H67="",H67="–",H67="?"),0,IF(OR(INDEX(RandTip,MATCH(H67,RandCheie,0))="A",INDEX(RandTip,MATCH(H67,RandCheie,0))="C"),1,-1)*(N(D67)-N(E67))) -> 0 | J67: =IF($B67="","",IF(N(F67)+N(G67)=0,"–",IFERROR(IF(N(F67)-N(G67)>=0,INDEX(MapD,MATCH(LEFT($B67,4),MapCont,0)),INDEX(MapC,MATCH(LEFT($B67,4),MapCont,0))),IFERROR(IF(N(F67)-N(G67)>=0,INDEX(MapD,MATCH(LEFT($B67,3),MapCont,0)),INDEX(MapC,MATCH(LEFT($B67,3),MapCont,0))),"?")))) | K67: =IF(OR(J67="",J67="–",J67="?"),0,IF(OR(INDEX(RandTip,MATCH(J67,RandCheie,0))="A",INDEX(RandTip,MATCH(J67,RandCheie,0))="C"),1,-1)*(N(F67)-N(G67))) -> 0 | L67: =IF($B67="","",TRIM(IF(OR(H67="?",J67="?"),"Cont fără corespondență: adaugă-l în foaia Corespondențe. ","")&IF(COUNTIF($B$9:$B$308,$B67)>1,"Cont trecut de două ori. ","")&IF(AND(N(D67)>0,N(E67)>0),"Sold și debitor, și creditor: trece doar soldul net. ","")&IF(AND(LEFT($B67,3)="531",N(E67)>0),"Casa nu poate avea sold creditor. ","")&IF(AND(LEFT($B67,1)="3",LEFT($B67,2)<>"39",LEFT($B67,3)<>"378",LEFT($B67,3)<>"348",N(E67)>0),"Stoc cu sold creditor: verifică ieșirile. ","")&IF(AND(OR(LEFT($B67,3)="542",LEFT($B67,3)="473",LEFT($B67,3)="581"),N(D67)+N(E67)<>0),"La închiderea anului ar trebui să aibă sold zero. ","")&IF(AND(LEFT($B67,4)="4118",N(D67)>0,SUMPRODUCT((LEFT($B$9:$B$308,3)="491")*1)=0),"Clienți incerți fără ajustare pentru depreciere (491). ","")))
H68: =IF($B68="","",IF(N(D68)+N(E68)=0,"–",IFERROR(IF(N(D68)-N(E68)>=0,INDEX(MapD,MATCH(LEFT($B68,4),MapCont,0)),INDEX(MapC,MATCH(LEFT($B68,4),MapCont,0))),IFERROR(IF(N(D68)-N(E68)>=0,INDEX(MapD,MATCH(LEFT($B68,3),MapCont,0)),INDEX(MapC,MATCH(LEFT($B68,3),MapCont,0))),"?")))) | I68: =IF(OR(H68="",H68="–",H68="?"),0,IF(OR(INDEX(RandTip,MATCH(H68,RandCheie,0))="A",INDEX(RandTip,MATCH(H68,RandCheie,0))="C"),1,-1)*(N(D68)-N(E68))) -> 0 | J68: =IF($B68="","",IF(N(F68)+N(G68)=0,"–",IFERROR(IF(N(F68)-N(G68)>=0,INDEX(MapD,MATCH(LEFT($B68,4),MapCont,0)),INDEX(MapC,MATCH(LEFT($B68,4),MapCont,0))),IFERROR(IF(N(F68)-N(G68)>=0,INDEX(MapD,MATCH(LEFT($B68,3),MapCont,0)),INDEX(MapC,MATCH(LEFT($B68,3),MapCont,0))),"?")))) | K68: =IF(OR(J68="",J68="–",J68="?"),0,IF(OR(INDEX(RandTip,MATCH(J68,RandCheie,0))="A",INDEX(RandTip,MATCH(J68,RandCheie,0))="C"),1,-1)*(N(F68)-N(G68))) -> 0 | L68: =IF($B68="","",TRIM(IF(OR(H68="?",J68="?"),"Cont fără corespondență: adaugă-l în foaia Corespondențe. ","")&IF(COUNTIF($B$9:$B$308,$B68)>1,"Cont trecut de două ori. ","")&IF(AND(N(D68)>0,N(E68)>0),"Sold și debitor, și creditor: trece doar soldul net. ","")&IF(AND(LEFT($B68,3)="531",N(E68)>0),"Casa nu poate avea sold creditor. ","")&IF(AND(LEFT($B68,1)="3",LEFT($B68,2)<>"39",LEFT($B68,3)<>"378",LEFT($B68,3)<>"348",N(E68)>0),"Stoc cu sold creditor: verifică ieșirile. ","")&IF(AND(OR(LEFT($B68,3)="542",LEFT($B68,3)="473",LEFT($B68,3)="581"),N(D68)+N(E68)<>0),"La închiderea anului ar trebui să aibă sold zero. ","")&IF(AND(LEFT($B68,4)="4118",N(D68)>0,SUMPRODUCT((LEFT($B$9:$B$308,3)="491")*1)=0),"Clienți incerți fără ajustare pentru depreciere (491). ","")))
H69: =IF($B69="","",IF(N(D69)+N(E69)=0,"–",IFERROR(IF(N(D69)-N(E69)>=0,INDEX(MapD,MATCH(LEFT($B69,4),MapCont,0)),INDEX(MapC,MATCH(LEFT($B69,4),MapCont,0))),IFERROR(IF(N(D69)-N(E69)>=0,INDEX(MapD,MATCH(LEFT($B69,3),MapCont,0)),INDEX(MapC,MATCH(LEFT($B69,3),MapCont,0))),"?")))) | I69: =IF(OR(H69="",H69="–",H69="?"),0,IF(OR(INDEX(RandTip,MATCH(H69,RandCheie,0))="A",INDEX(RandTip,MATCH(H69,RandCheie,0))="C"),1,-1)*(N(D69)-N(E69))) -> 0 | J69: =IF($B69="","",IF(N(F69)+N(G69)=0,"–",IFERROR(IF(N(F69)-N(G69)>=0,INDEX(MapD,MATCH(LEFT($B69,4),MapCont,0)),INDEX(MapC,MATCH(LEFT($B69,4),MapCont,0))),IFERROR(IF(N(F69)-N(G69)>=0,INDEX(MapD,MATCH(LEFT($B69,3),MapCont,0)),INDEX(MapC,MATCH(LEFT($B69,3),MapCont,0))),"?")))) | K69: =IF(OR(J69="",J69="–",J69="?"),0,IF(OR(INDEX(RandTip,MATCH(J69,RandCheie,0))="A",INDEX(RandTip,MATCH(J69,RandCheie,0))="C"),1,-1)*(N(F69)-N(G69))) -> 0 | L69: =IF($B69="","",TRIM(IF(OR(H69="?",J69="?"),"Cont fără corespondență: adaugă-l în foaia Corespondențe. ","")&IF(COUNTIF($B$9:$B$308,$B69)>1,"Cont trecut de două ori. ","")&IF(AND(N(D69)>0,N(E69)>0),"Sold și debitor, și creditor: trece doar soldul net. ","")&IF(AND(LEFT($B69,3)="531",N(E69)>0),"Casa nu poate avea sold creditor. ","")&IF(AND(LEFT($B69,1)="3",LEFT($B69,2)<>"39",LEFT($B69,3)<>"378",LEFT($B69,3)<>"348",N(E69)>0),"Stoc cu sold creditor: verifică ieșirile. ","")&IF(AND(OR(LEFT($B69,3)="542",LEFT($B69,3)="473",LEFT($B69,3)="581"),N(D69)+N(E69)<>0),"La închiderea anului ar trebui să aibă sold zero. ","")&IF(AND(LEFT($B69,4)="4118",N(D69)>0,SUMPRODUCT((LEFT($B$9:$B$308,3)="491")*1)=0),"Clienți incerți fără ajustare pentru depreciere (491). ","")))
H70: =IF($B70="","",IF(N(D70)+N(E70)=0,"–",IFERROR(IF(N(D70)-N(E70)>=0,INDEX(MapD,MATCH(LEFT($B70,4),MapCont,0)),INDEX(MapC,MATCH(LEFT($B70,4),MapCont,0))),IFERROR(IF(N(D70)-N(E70)>=0,INDEX(MapD,MATCH(LEFT($B70,3),MapCont,0)),INDEX(MapC,MATCH(LEFT($B70,3),MapCont,0))),"?")))) | I70: =IF(OR(H70="",H70="–",H70="?"),0,IF(OR(INDEX(RandTip,MATCH(H70,RandCheie,0))="A",INDEX(RandTip,MATCH(H70,RandCheie,0))="C"),1,-1)*(N(D70)-N(E70))) -> 0 | J70: =IF($B70="","",IF(N(F70)+N(G70)=0,"–",IFERROR(IF(N(F70)-N(G70)>=0,INDEX(MapD,MATCH(LEFT($B70,4),MapCont,0)),INDEX(MapC,MATCH(LEFT($B70,4),MapCont,0))),IFERROR(IF(N(F70)-N(G70)>=0,INDEX(MapD,MATCH(LEFT($B70,3),MapCont,0)),INDEX(MapC,MATCH(LEFT($B70,3),MapCont,0))),"?")))) | K70: =IF(OR(J70="",J70="–",J70="?"),0,IF(OR(INDEX(RandTip,MATCH(J70,RandCheie,0))="A",INDEX(RandTip,MATCH(J70,RandCheie,0))="C"),1,-1)*(N(F70)-N(G70))) -> 0 | L70: =IF($B70="","",TRIM(IF(OR(H70="?",J70="?"),"Cont fără corespondență: adaugă-l în foaia Corespondențe. ","")&IF(COUNTIF($B$9:$B$308,$B70)>1,"Cont trecut de două ori. ","")&IF(AND(N(D70)>0,N(E70)>0),"Sold și debitor, și creditor: trece doar soldul net. ","")&IF(AND(LEFT($B70,3)="531",N(E70)>0),"Casa nu poate avea sold creditor. ","")&IF(AND(LEFT($B70,1)="3",LEFT($B70,2)<>"39",LEFT($B70,3)<>"378",LEFT($B70,3)<>"348",N(E70)>0),"Stoc cu sold creditor: verifică ieșirile. ","")&IF(AND(OR(LEFT($B70,3)="542",LEFT($B70,3)="473",LEFT($B70,3)="581"),N(D70)+N(E70)<>0),"La închiderea anului ar trebui să aibă sold zero. ","")&IF(AND(LEFT($B70,4)="4118",N(D70)>0,SUMPRODUCT((LEFT($B$9:$B$308,3)="491")*1)=0),"Clienți incerți fără ajustare pentru depreciere (491). ","")))
H71: =IF($B71="","",IF(N(D71)+N(E71)=0,"–",IFERROR(IF(N(D71)-N(E71)>=0,INDEX(MapD,MATCH(LEFT($B71,4),MapCont,0)),INDEX(MapC,MATCH(LEFT($B71,4),MapCont,0))),IFERROR(IF(N(D71)-N(E71)>=0,INDEX(MapD,MATCH(LEFT($B71,3),MapCont,0)),INDEX(MapC,MATCH(LEFT($B71,3),MapCont,0))),"?")))) | I71: =IF(OR(H71="",H71="–",H71="?"),0,IF(OR(INDEX(RandTip,MATCH(H71,RandCheie,0))="A",INDEX(RandTip,MATCH(H71,RandCheie,0))="C"),1,-1)*(N(D71)-N(E71))) -> 0 | J71: =IF($B71="","",IF(N(F71)+N(G71)=0,"–",IFERROR(IF(N(F71)-N(G71)>=0,INDEX(MapD,MATCH(LEFT($B71,4),MapCont,0)),INDEX(MapC,MATCH(LEFT($B71,4),MapCont,0))),IFERROR(IF(N(F71)-N(G71)>=0,INDEX(MapD,MATCH(LEFT($B71,3),MapCont,0)),INDEX(MapC,MATCH(LEFT($B71,3),MapCont,0))),"?")))) | K71: =IF(OR(J71="",J71="–",J71="?"),0,IF(OR(INDEX(RandTip,MATCH(J71,RandCheie,0))="A",INDEX(RandTip,MATCH(J71,RandCheie,0))="C"),1,-1)*(N(F71)-N(G71))) -> 0 | L71: =IF($B71="","",TRIM(IF(OR(H71="?",J71="?"),"Cont fără corespondență: adaugă-l în foaia Corespondențe. ","")&IF(COUNTIF($B$9:$B$308,$B71)>1,"Cont trecut de două ori. ","")&IF(AND(N(D71)>0,N(E71)>0),"Sold și debitor, și creditor: trece doar soldul net. ","")&IF(AND(LEFT($B71,3)="531",N(E71)>0),"Casa nu poate avea sold creditor. ","")&IF(AND(LEFT($B71,1)="3",LEFT($B71,2)<>"39",LEFT($B71,3)<>"378",LEFT($B71,3)<>"348",N(E71)>0),"Stoc cu sold creditor: verifică ieșirile. ","")&IF(AND(OR(LEFT($B71,3)="542",LEFT($B71,3)="473",LEFT($B71,3)="581"),N(D71)+N(E71)<>0),"La închiderea anului ar trebui să aibă sold zero. ","")&IF(AND(LEFT($B71,4)="4118",N(D71)>0,SUMPRODUCT((LEFT($B$9:$B$308,3)="491")*1)=0),"Clienți incerți fără ajustare pentru depreciere (491). ","")))
H72: =IF($B72="","",IF(N(D72)+N(E72)=0,"–",IFERROR(IF(N(D72)-N(E72)>=0,INDEX(MapD,MATCH(LEFT($B72,4),MapCont,0)),INDEX(MapC,MATCH(LEFT($B72,4),MapCont,0))),IFERROR(IF(N(D72)-N(E72)>=0,INDEX(MapD,MATCH(LEFT($B72,3),MapCont,0)),INDEX(MapC,MATCH(LEFT($B72,3),MapCont,0))),"?")))) | I72: =IF(OR(H72="",H72="–",H72="?"),0,IF(OR(INDEX(RandTip,MATCH(H72,RandCheie,0))="A",INDEX(RandTip,MATCH(H72,RandCheie,0))="C"),1,-1)*(N(D72)-N(E72))) -> 0 | J72: =IF($B72="","",IF(N(F72)+N(G72)=0,"–",IFERROR(IF(N(F72)-N(G72)>=0,INDEX(MapD,MATCH(LEFT($B72,4),MapCont,0)),INDEX(MapC,MATCH(LEFT($B72,4),MapCont,0))),IFERROR(IF(N(F72)-N(G72)>=0,INDEX(MapD,MATCH(LEFT($B72,3),MapCont,0)),INDEX(MapC,MATCH(LEFT($B72,3),MapCont,0))),"?")))) | K72: =IF(OR(J72="",J72="–",J72="?"),0,IF(OR(INDEX(RandTip,MATCH(J72,RandCheie,0))="A",INDEX(RandTip,MATCH(J72,RandCheie,0))="C"),1,-1)*(N(F72)-N(G72))) -> 0 | L72: =IF($B72="","",TRIM(IF(OR(H72="?",J72="?"),"Cont fără corespondență: adaugă-l în foaia Corespondențe. ","")&IF(COUNTIF($B$9:$B$308,$B72)>1,"Cont trecut de două ori. ","")&IF(AND(N(D72)>0,N(E72)>0),"Sold și debitor, și creditor: trece doar soldul net. ","")&IF(AND(LEFT($B72,3)="531",N(E72)>0),"Casa nu poate avea sold creditor. ","")&IF(AND(LEFT($B72,1)="3",LEFT($B72,2)<>"39",LEFT($B72,3)<>"378",LEFT($B72,3)<>"348",N(E72)>0),"Stoc cu sold creditor: verifică ieșirile. ","")&IF(AND(OR(LEFT($B72,3)="542",LEFT($B72,3)="473",LEFT($B72,3)="581"),N(D72)+N(E72)<>0),"La închiderea anului ar trebui să aibă sold zero. ","")&IF(AND(LEFT($B72,4)="4118",N(D72)>0,SUMPRODUCT((LEFT($B$9:$B$308,3)="491")*1)=0),"Clienți incerți fără ajustare pentru depreciere (491). ","")))
H73: =IF($B73="","",IF(N(D73)+N(E73)=0,"–",IFERROR(IF(N(D73)-N(E73)>=0,INDEX(MapD,MATCH(LEFT($B73,4),MapCont,0)),INDEX(MapC,MATCH(LEFT($B73,4),MapCont,0))),IFERROR(IF(N(D73)-N(E73)>=0,INDEX(MapD,MATCH(LEFT($B73,3),MapCont,0)),INDEX(MapC,MATCH(LEFT($B73,3),MapCont,0))),"?")))) | I73: =IF(OR(H73="",H73="–",H73="?"),0,IF(OR(INDEX(RandTip,MATCH(H73,RandCheie,0))="A",INDEX(RandTip,MATCH(H73,RandCheie,0))="C"),1,-1)*(N(D73)-N(E73))) -> 0 | J73: =IF($B73="","",IF(N(F73)+N(G73)=0,"–",IFERROR(IF(N(F73)-N(G73)>=0,INDEX(MapD,MATCH(LEFT($B73,4),MapCont,0)),INDEX(MapC,MATCH(LEFT($B73,4),MapCont,0))),IFERROR(IF(N(F73)-N(G73)>=0,INDEX(MapD,MATCH(LEFT($B73,3),MapCont,0)),INDEX(MapC,MATCH(LEFT($B73,3),MapCont,0))),"?")))) | K73: =IF(OR(J73="",J73="–",J73="?"),0,IF(OR(INDEX(RandTip,MATCH(J73,RandCheie,0))="A",INDEX(RandTip,MATCH(J73,RandCheie,0))="C"),1,-1)*(N(F73)-N(G73))) -> 0 | L73: =IF($B73="","",TRIM(IF(OR(H73="?",J73="?"),"Cont fără corespondență: adaugă-l în foaia Corespondențe. ","")&IF(COUNTIF($B$9:$B$308,$B73)>1,"Cont trecut de două ori. ","")&IF(AND(N(D73)>0,N(E73)>0),"Sold și debitor, și creditor: trece doar soldul net. ","")&IF(AND(LEFT($B73,3)="531",N(E73)>0),"Casa nu poate avea sold creditor. ","")&IF(AND(LEFT($B73,1)="3",LEFT($B73,2)<>"39",LEFT($B73,3)<>"378",LEFT($B73,3)<>"348",N(E73)>0),"Stoc cu sold creditor: verifică ieșirile. ","")&IF(AND(OR(LEFT($B73,3)="542",LEFT($B73,3)="473",LEFT($B73,3)="581"),N(D73)+N(E73)<>0),"La închiderea anului ar trebui să aibă sold zero. ","")&IF(AND(LEFT($B73,4)="4118",N(D73)>0,SUMPRODUCT((LEFT($B$9:$B$308,3)="491")*1)=0),"Clienți incerți fără ajustare pentru depreciere (491). ","")))
H74: =IF($B74="","",IF(N(D74)+N(E74)=0,"–",IFERROR(IF(N(D74)-N(E74)>=0,INDEX(MapD,MATCH(LEFT($B74,4),MapCont,0)),INDEX(MapC,MATCH(LEFT($B74,4),MapCont,0))),IFERROR(IF(N(D74)-N(E74)>=0,INDEX(MapD,MATCH(LEFT($B74,3),MapCont,0)),INDEX(MapC,MATCH(LEFT($B74,3),MapCont,0))),"?")))) | I74: =IF(OR(H74="",H74="–",H74="?"),0,IF(OR(INDEX(RandTip,MATCH(H74,RandCheie,0))="A",INDEX(RandTip,MATCH(H74,RandCheie,0))="C"),1,-1)*(N(D74)-N(E74))) -> 0 | J74: =IF($B74="","",IF(N(F74)+N(G74)=0,"–",IFERROR(IF(N(F74)-N(G74)>=0,INDEX(MapD,MATCH(LEFT($B74,4),MapCont,0)),INDEX(MapC,MATCH(LEFT($B74,4),MapCont,0))),IFERROR(IF(N(F74)-N(G74)>=0,INDEX(MapD,MATCH(LEFT($B74,3),MapCont,0)),INDEX(MapC,MATCH(LEFT($B74,3),MapCont,0))),"?")))) | K74: =IF(OR(J74="",J74="–",J74="?"),0,IF(OR(INDEX(RandTip,MATCH(J74,RandCheie,0))="A",INDEX(RandTip,MATCH(J74,RandCheie,0))="C"),1,-1)*(N(F74)-N(G74))) -> 0 | L74: =IF($B74="","",TRIM(IF(OR(H74="?",J74="?"),"Cont fără corespondență: adaugă-l în foaia Corespondențe. ","")&IF(COUNTIF($B$9:$B$308,$B74)>1,"Cont trecut de două ori. ","")&IF(AND(N(D74)>0,N(E74)>0),"Sold și debitor, și creditor: trece doar soldul net. ","")&IF(AND(LEFT($B74,3)="531",N(E74)>0),"Casa nu poate avea sold creditor. ","")&IF(AND(LEFT($B74,1)="3",LEFT($B74,2)<>"39",LEFT($B74,3)<>"378",LEFT($B74,3)<>"348",N(E74)>0),"Stoc cu sold creditor: verifică ieșirile. ","")&IF(AND(OR(LEFT($B74,3)="542",LEFT($B74,3)="473",LEFT($B74,3)="581"),N(D74)+N(E74)<>0),"La închiderea anului ar trebui să aibă sold zero. ","")&IF(AND(LEFT($B74,4)="4118",N(D74)>0,SUMPRODUCT((LEFT($B$9:$B$308,3)="491")*1)=0),"Clienți incerți fără ajustare pentru depreciere (491). ","")))
H75: =IF($B75="","",IF(N(D75)+N(E75)=0,"–",IFERROR(IF(N(D75)-N(E75)>=0,INDEX(MapD,MATCH(LEFT($B75,4),MapCont,0)),INDEX(MapC,MATCH(LEFT($B75,4),MapCont,0))),IFERROR(IF(N(D75)-N(E75)>=0,INDEX(MapD,MATCH(LEFT($B75,3),MapCont,0)),INDEX(MapC,MATCH(LEFT($B75,3),MapCont,0))),"?")))) | I75: =IF(OR(H75="",H75="–",H75="?"),0,IF(OR(INDEX(RandTip,MATCH(H75,RandCheie,0))="A",INDEX(RandTip,MATCH(H75,RandCheie,0))="C"),1,-1)*(N(D75)-N(E75))) -> 0 | J75: =IF($B75="","",IF(N(F75)+N(G75)=0,"–",IFERROR(IF(N(F75)-N(G75)>=0,INDEX(MapD,MATCH(LEFT($B75,4),MapCont,0)),INDEX(MapC,MATCH(LEFT($B75,4),MapCont,0))),IFERROR(IF(N(F75)-N(G75)>=0,INDEX(MapD,MATCH(LEFT($B75,3),MapCont,0)),INDEX(MapC,MATCH(LEFT($B75,3),MapCont,0))),"?")))) | K75: =IF(OR(J75="",J75="–",J75="?"),0,IF(OR(INDEX(RandTip,MATCH(J75,RandCheie,0))="A",INDEX(RandTip,MATCH(J75,RandCheie,0))="C"),1,-1)*(N(F75)-N(G75))) -> 0 | L75: =IF($B75="","",TRIM(IF(OR(H75="?",J75="?"),"Cont fără corespondență: adaugă-l în foaia Corespondențe. ","")&IF(COUNTIF($B$9:$B$308,$B75)>1,"Cont trecut de două ori. ","")&IF(AND(N(D75)>0,N(E75)>0),"Sold și debitor, și creditor: trece doar soldul net. ","")&IF(AND(LEFT($B75,3)="531",N(E75)>0),"Casa nu poate avea sold creditor. ","")&IF(AND(LEFT($B75,1)="3",LEFT($B75,2)<>"39",LEFT($B75,3)<>"378",LEFT($B75,3)<>"348",N(E75)>0),"Stoc cu sold creditor: verifică ieșirile. ","")&IF(AND(OR(LEFT($B75,3)="542",LEFT($B75,3)="473",LEFT($B75,3)="581"),N(D75)+N(E75)<>0),"La închiderea anului ar trebui să aibă sold zero. ","")&IF(AND(LEFT($B75,4)="4118",N(D75)>0,SUMPRODUCT((LEFT($B$9:$B$308,3)="491")*1)=0),"Clienți incerți fără ajustare pentru depreciere (491). ","")))
H76: =IF($B76="","",IF(N(D76)+N(E76)=0,"–",IFERROR(IF(N(D76)-N(E76)>=0,INDEX(MapD,MATCH(LEFT($B76,4),MapCont,0)),INDEX(MapC,MATCH(LEFT($B76,4),MapCont,0))),IFERROR(IF(N(D76)-N(E76)>=0,INDEX(MapD,MATCH(LEFT($B76,3),MapCont,0)),INDEX(MapC,MATCH(LEFT($B76,3),MapCont,0))),"?")))) | I76: =IF(OR(H76="",H76="–",H76="?"),0,IF(OR(INDEX(RandTip,MATCH(H76,RandCheie,0))="A",INDEX(RandTip,MATCH(H76,RandCheie,0))="C"),1,-1)*(N(D76)-N(E76))) -> 0 | J76: =IF($B76="","",IF(N(F76)+N(G76)=0,"–",IFERROR(IF(N(F76)-N(G76)>=0,INDEX(MapD,MATCH(LEFT($B76,4),MapCont,0)),INDEX(MapC,MATCH(LEFT($B76,4),MapCont,0))),IFERROR(IF(N(F76)-N(G76)>=0,INDEX(MapD,MATCH(LEFT($B76,3),MapCont,0)),INDEX(MapC,MATCH(LEFT($B76,3),MapCont,0))),"?")))) | K76: =IF(OR(J76="",J76="–",J76="?"),0,IF(OR(INDEX(RandTip,MATCH(J76,RandCheie,0))="A",INDEX(RandTip,MATCH(J76,RandCheie,0))="C"),1,-1)*(N(F76)-N(G76))) -> 0 | L76: =IF($B76="","",TRIM(IF(OR(H76="?",J76="?"),"Cont fără corespondență: adaugă-l în foaia Corespondențe. ","")&IF(COUNTIF($B$9:$B$308,$B76)>1,"Cont trecut de două ori. ","")&IF(AND(N(D76)>0,N(E76)>0),"Sold și debitor, și creditor: trece doar soldul net. ","")&IF(AND(LEFT($B76,3)="531",N(E76)>0),"Casa nu poate avea sold creditor. ","")&IF(AND(LEFT($B76,1)="3",LEFT($B76,2)<>"39",LEFT($B76,3)<>"378",LEFT($B76,3)<>"348",N(E76)>0),"Stoc cu sold creditor: verifică ieșirile. ","")&IF(AND(OR(LEFT($B76,3)="542",LEFT($B76,3)="473",LEFT($B76,3)="581"),N(D76)+N(E76)<>0),"La închiderea anului ar trebui să aibă sold zero. ","")&IF(AND(LEFT($B76,4)="4118",N(D76)>0,SUMPRODUCT((LEFT($B$9:$B$308,3)="491")*1)=0),"Clienți incerți fără ajustare pentru depreciere (491). ","")))
H77: =IF($B77="","",IF(N(D77)+N(E77)=0,"–",IFERROR(IF(N(D77)-N(E77)>=0,INDEX(MapD,MATCH(LEFT($B77,4),MapCont,0)),INDEX(MapC,MATCH(LEFT($B77,4),MapCont,0))),IFERROR(IF(N(D77)-N(E77)>=0,INDEX(MapD,MATCH(LEFT($B77,3),MapCont,0)),INDEX(MapC,MATCH(LEFT($B77,3),MapCont,0))),"?")))) | I77: =IF(OR(H77="",H77="–",H77="?"),0,IF(OR(INDEX(RandTip,MATCH(H77,RandCheie,0))="A",INDEX(RandTip,MATCH(H77,RandCheie,0))="C"),1,-1)*(N(D77)-N(E77))) -> 0 | J77: =IF($B77="","",IF(N(F77)+N(G77)=0,"–",IFERROR(IF(N(F77)-N(G77)>=0,INDEX(MapD,MATCH(LEFT($B77,4),MapCont,0)),INDEX(MapC,MATCH(LEFT($B77,4),MapCont,0))),IFERROR(IF(N(F77)-N(G77)>=0,INDEX(MapD,MATCH(LEFT($B77,3),MapCont,0)),INDEX(MapC,MATCH(LEFT($B77,3),MapCont,0))),"?")))) | K77: =IF(OR(J77="",J77="–",J77="?"),0,IF(OR(INDEX(RandTip,MATCH(J77,RandCheie,0))="A",INDEX(RandTip,MATCH(J77,RandCheie,0))="C"),1,-1)*(N(F77)-N(G77))) -> 0 | L77: =IF($B77="","",TRIM(IF(OR(H77="?",J77="?"),"Cont fără corespondență: adaugă-l în foaia Corespondențe. ","")&IF(COUNTIF($B$9:$B$308,$B77)>1,"Cont trecut de două ori. ","")&IF(AND(N(D77)>0,N(E77)>0),"Sold și debitor, și creditor: trece doar soldul net. ","")&IF(AND(LEFT($B77,3)="531",N(E77)>0),"Casa nu poate avea sold creditor. ","")&IF(AND(LEFT($B77,1)="3",LEFT($B77,2)<>"39",LEFT($B77,3)<>"378",LEFT($B77,3)<>"348",N(E77)>0),"Stoc cu sold creditor: verifică ieșirile. ","")&IF(AND(OR(LEFT($B77,3)="542",LEFT($B77,3)="473",LEFT($B77,3)="581"),N(D77)+N(E77)<>0),"La închiderea anului ar trebui să aibă sold zero. ","")&IF(AND(LEFT($B77,4)="4118",N(D77)>0,SUMPRODUCT((LEFT($B$9:$B$308,3)="491")*1)=0),"Clienți incerți fără ajustare pentru depreciere (491). ","")))
... H308: =IF($B308="","",IF(N(D308)+N(E308)=0,"–",IFERROR(IF(N(D308)-N(E308)>=0,INDEX(MapD,MATCH(LEFT($B308,4),MapCont,0)),INDEX(MapC,MATCH(LEFT($B308,4),MapCont,0))),IFERROR(IF(N(D308)-N(E308)>=0,INDEX(MapD,MATCH(LEFT($B308,3),MapCont,0)),INDEX(MapC,MATCH(LEFT($B308,3),MapCont,0))),"?")))) | I308: =IF(OR(H308="",H308="–",H308="?"),0,IF(OR(INDEX(RandTip,MATCH(H308,RandCheie,0))="A",INDEX(RandTip,MATCH(H308,RandCheie,0))="C"),1,-1)*(N(D308)-N(E308))) -> 0 | J308: =IF($B308="","",IF(N(F308)+N(G308)=0,"–",IFERROR(IF(N(F308)-N(G308)>=0,INDEX(MapD,MATCH(LEFT($B308,4),MapCont,0)),INDEX(MapC,MATCH(LEFT($B308,4),MapCont,0))),IFERROR(IF(N(F308)-N(G308)>=0,INDEX(MapD,MATCH(LEFT($B308,3),MapCont,0)),INDEX(MapC,MATCH(LEFT($B308,3),MapCont,0))),"?")))) | K308: =IF(OR(J308="",J308="–",J308="?"),0,IF(OR(INDEX(RandTip,MATCH(J308,RandCheie,0))="A",INDEX(RandTip,MATCH(J308,RandCheie,0))="C"),1,-1)*(N(F308)-N(G308))) -> 0 | L308: =IF($B308="","",TRIM(IF(OR(H308="?",J308="?"),"Cont fără corespondență: adaugă-l în foaia Corespondențe. ","")&IF(COUNTIF($B$9:$B$308,$B308)>1,"Cont trecut de două ori. ","")&IF(AND(N(D308)>0,N(E308)>0),"Sold și debitor, și creditor: trece doar soldul net. ","")&IF(AND(LEFT($B308,3)="531",N(E308)>0),"Casa nu poate avea sold creditor. ","")&IF(AND(LEFT($B308,1)="3",LEFT($B308,2)<>"39",LEFT($B308,3)<>"378",LEFT($B308,3)<>"348",N(E308)>0),"Stoc cu sold creditor: verifică ieșirile. ","")&IF(AND(OR(LEFT($B308,3)="542",LEFT($B308,3)="473",LEFT($B308,3)="581"),N(D308)+N(E308)<>0),"La închiderea anului ar trebui să aibă sold zero. ","")&IF(AND(LEFT($B308,4)="4118",N(D308)>0,SUMPRODUCT((LEFT($B$9:$B$308,3)="491")*1)=0),"Clienți incerți fără ajustare pentru depreciere (491). ","")))

Sheet Corespondențe
B1: Corespondența conturilor cu rândurile din bilanț și din contul de profit și pierdere
B2: Pentru fiecare cont sintetic (3 cifre) sau analitic (4 cifre): rândul pe care merge soldul debitor și rândul pe care merge soldul creditor (conturile bifuncționale, de exemplu 401, 411, 512, merg pe rânduri diferite).
B4: Cont (prefix) | C4: Denumire | D4: Rând dacă sold debitor | E4: Rând dacă sold creditor | G4: Rând | H4: Denumire | I4: Tip
B5: 1011 | C5: Capital subscris nevărsat | D5: J.I | E5: J.I | G5: A.I | H5: I. Imobilizări necorporale | I5: A
B6: 1012 | C6: Capital subscris vărsat | D6: J.I | E6: J.I | G6: A.II | H6: II. Imobilizări corporale | I6: A
B7: 104 | C7: Prime de capital | D7: J.II | E7: J.II | G7: A.III | H7: III. Imobilizări financiare | I7: A
B8: 105 | C8: Rezerve din reevaluare | D8: J.III | E8: J.III | G8: B.I.1 | H8: 1. Materii prime și materiale consumabile | I8: A
B9: 106 | C9: Rezerve | D9: J.IV | E9: J.IV | G9: B.I.2 | H9: 2. Producția în curs de execuție | I9: A
B10: 117 | C10: Rezultatul reportat | D10: J.V | E10: J.V | G10: B.I.3 | H10: 3. Produse finite și mărfuri | I10: A
B11: 121 | C11: Profit sau pierdere | D11: J.VI | E11: J.VI | G11: B.I.4 | H11: 4. Avansuri | I11: A
B12: 129 | C12: Repartizarea profitului | D12: J.VII | E12: J.VII | G12: B.II.1 | H12: 1. Creanțe comerciale | I12: A
B13: 151 | C13: Provizioane | D13: H | E13: H | G13: B.II.2 | H13: 2. Sume de încasat de la entitățile afiliate | I13: A
B14: 161 | C14: Împrumuturi din emisiuni de obligațiuni | D14: G | E14: G | G14: B.II.3 | H14: 3. Sume de încasat de la entitățile asociate | I14: A
B15: 162 | C15: Credite bancare pe termen lung | D15: G | E15: G | G15: B.II.4 | H15: 4. Alte creanțe | I15: A
... B52: 301 | C52: Materii prime | D52: B.I.1 | E52: B.I.1 | G52: P16 | H52: 16. Alte impozite (inclusiv impozitul pe veniturile microîntreprinderilor) | I52: C
B53: 302 | C53: Materiale consumabile | D53: B.I.1 | E53: B.I.1
B54: 303 | C54: Materiale de natura obiectelor de inventar | D54: B.I.1 | E54: B.I.1 | G54: Tip: A = activ, P = datorii și capitaluri, V = venit, C = cheltuială.
B55: 321 | C55: Materii prime în curs de aprovizionare | D55: B.I.1 | E55: B.I.1
B56: 322 | C56: Materiale consumabile în curs de aprovizionare | D56: B.I.1 | E56: B.I.1
B57: 323 | C57: Obiecte de inventar în curs de aprovizionare | D57: B.I.1 | E57: B.I.1
B58: 328 | C58: Alte stocuri în curs de aprovizionare | D58: B.I.1 | E58: B.I.1
B59: 351 | C59: Materii și materiale aflate la terți | D59: B.I.1 | E59: B.I.1
B60: 381 | C60: Ambalaje | D60: B.I.1 | E60: B.I.1
B61: 391 | C61: Ajustări materii prime | D61: B.I.1 | E61: B.I.1
B62: 392 | C62: Ajustări materiale | D62: B.I.1 | E62: B.I.1
B63: 331 | C63: Produse în curs de execuție | D63: B.I.2 | E63: B.I.2
B64: 332 | C64: Servicii în curs de execuție | D64: B.I.2 | E64: B.I.2
B65: 393 | C65: Ajustări producția în curs | D65: B.I.2 | E65: B.I.2
B66: 341 | C66: Semifabricate | D66: B.I.3 | E66: B.I.3
... B225: 786 | C225: Reluări de ajustări financiare | D225: P12 | E225: P12

Sheet Despre model
B1: Model bilanț contabil Excel
B3: © 2026 Ray Moreno – modelexcel.ro
B4: Model gratuit: îl poți folosi și adapta în activitatea ta. Nu este permisă revânzarea lui sau publicarea pe alte site-uri.
B5: Instrucțiuni și alte modele: modelexcel.ro/model-bilant-contabil-excel/
